Workbook

Sheet Índice
A3: ¿Incentivos para quién?
A4: Renuncias recaudatorias que subsidian a los más ricos
A5: Índice de cuadros y datos
A7: Núm. | B7: Hoja o pestaña | C7: Contenido | D7: Periodo | E7: Selección disponible
A8: Cuadros de consulta
A9: 1 | B9: Consulta por Herramienta | C9: Renuncias recaudatorias por herramienta fiscal, tratamiento y concepto de renuncia recaudatoria. | D9: Informes 2002-2026 | E9: Variable: monto nominal, a precios de 2026, a precios de 2018 o porcentaje del PIB
A10: 2 | B10: Consulta por Sector | C10: Renuncias recaudatorias por sector de actividad económica, tratamiento y concepto de renuncia recaudatoria. | D10: Informes 2012-2027 | E10: Variable: monto nominal, a precios de 2026, a precios de 2018 o porcentaje del PIB
A11: 3 | B11: Consulta por Decil | C11: Renuncias recaudatorias por decil de ingreso, según Herramienta fiscal, tratamiento y concepto de renuncia recaudatoria. | D11: Informes 2011-2026 | E11: Impuesto, tratamiento, concepto e indicador
A12: 4 | B12: Consulta como múltiplo del SM | C12: Personas beneficiarias del SUPE y del Subsidio para el Empleo (SUPE) por múltiplo de salario mínimo, año y sexo. | D12: Informes 2021-2026
A13: Bases de datos
A14: B1 | B14: B-PorHerramienta | C14: Base en formato largo: una fila por año y renuncia recaudatoria, con clave, herramienta fiscal, concepto, montos y porcentaje del PIB. Alimenta el cuadro 1. | D14: Informes 2002-2026
A15: B2 | B15: B-PorSector | C15: Base en formato largo: una fila por año, sector, tratamiento y concepto, con montos y porcentaje del PIB. Alimenta el cuadro 2. | D15: Informes 2012-2027
A16: B3 | B16: B-Deciles | C16: Base en formato largo: una fila por cuadro, año del informe y decil, con su valor y celda de origen. Alimenta el cuadro 3. | D16: Informes 2011-2026
A18: Nota: haga clic en el nombre de la hoja para ir a ella. Cada cuadro tiene sus notas al pie. | C18: Créditos y autoría La elaboración de la presente base de datos es resultado de un esfuerzo colectivo que comprendió la recopilación, revisión, depuración, sistematización y estructuración de la información. Este trabajo fue realizado de manera conjunta por Valentina Benítez, Emilio del Río, Jacobo Guzmán e Isaac Mendoza. Asimismo, expresamos nuestro agradecimiento a Carlos Brown, Diego Merla, Aura Martínez, Efrén Pérez de la Mora, Edgar Pérez-Medina y Soledad Rodríguez por sus valiosos comentarios, revisiones y disposición para contribuir a las distintas etapas de elaboración de esta base de datos. Cita bibliográfica sugerida Benítez, V., Del Río, E., Guzmán, J., y Mendoza, I. (2026). ¿Incentivos para quién? Renuncias recaudatorias que subsidian a los más ricos [Base de datos]. Oxfam México.
A19: No se dispone de información para 2023 en las series por herramienta fiscal.
A20: Las cifras de 2027 en el cuadro por sector son estimaciones.
A23: Elaborado por Oxfam México con datos de los
A24: Informes anuales de la SHCP
A25: Presupuesto de Gastos Fiscales (2002-2020) y Renuncias Recaudatorias (2021 en adelante)
A27: Año | B27: Documento | D27: Vínculo
A28: 2002 | B28: Presupuesto de Gastos Fiscales 2002 | D28: Descargar PDF
A29: 2003 | B29: Presupuesto de Gastos Fiscales 2003 | D29: Descargar PDF
A30: 2004 | B30: Presupuesto de Gastos Fiscales 2004 | D30: Descargar PDF
A31: 2005 | B31: Presupuesto de Gastos Fiscales 2005 | D31: Descargar PDF
A32: 2006 | B32: Presupuesto de Gastos Fiscales 2006 | D32: Descargar PDF
A33: 2007 | B33: Presupuesto de Gastos Fiscales 2007 | D33: Descargar PDF
A34: 2008 | B34: Presupuesto de Gastos Fiscales 2008 | D34: Descargar PDF
A35: 2009 | B35: Presupuesto de Gastos Fiscales 2009 | D35: Descargar PDF
A36: 2010 | B36: Presupuesto de Gastos Fiscales 2010 | D36: Descargar PDF
A37: 2011 | B37: Presupuesto de Gastos Fiscales 2011 | D37: Descargar PDF
A38: 2012 | B38: Presupuesto de Gastos Fiscales 2012 | D38: Descargar PDF
... A48: 2022 | B48: Renuncias Recaudatorias 2022 | D48: Descargar PDF
A49: 2023 | B49: Sin documento
A50: 2024 | B50: Renuncias Recaudatorias 2024 | D50: Descargar PDF
A51: 2025 | B51: Renuncias Recaudatorias 2025 | D51: Descargar PDF
A52: 2026 | B52: Renuncias Recaudatorias 2026 | D52: Descargar PDF
A54: Consulta general: Informes al Congreso de la Unión (SHCP)
A55: Fuente: Secretaría de Hacienda y Crédito Público (SHCP).

Sheet Consulta por Herramienta
A1: Renuncias recaudatorias por herramienta fiscal, tratamiento y concepto de renuncia recaudatoria | AG1: Variable | AH1: Columna | AI1: Factor | AJ1: Decimales | AK1: Unidad
A2: Serie anual 2002-2026 | AG2: Monto nominal | AH2: 1 | AI2: 1 | AJ2: 1 | AK2: Millones de pesos corrientes
A3: ="("&$AK$6&")" -> (Porcentaje del PIB) | AG3: Monto a precios de 2026 | AH3: 2 | AI3: 1 | AJ3: 1 | AK3: Millones de pesos a precios de 2026
AG4: Monto a precios de 2018 | AH4: 3 | AI4: 1 | AJ4: 1 | AK4: Millones de pesos a precios de 2018
A5: Variable: | C5: Porcentaje del PIB | AG5: Porcentaje del PIB | AH5: 4 | AI5: 100 | AJ5: 4 | AK5: Porcentaje del PIB
AG6: Seleccionada | AH6: =_xlfn.XLOOKUP($C$5,$AG$2:$AG$5,AH$2:AH$5) -> 4 | AI6: =_xlfn.XLOOKUP($C$5,$AG$2:$AG$5,AI$2:AI$5) -> 100 | AJ6: =_xlfn.XLOOKUP($C$5,$AG$2:$AG$5,AJ$2:AJ$5) -> 4 | AK6: =_xlfn.XLOOKUP($C$5,$AG$2:$AG$5,AK$2:AK$5) -> Porcentaje del PIB
A8: Herramienta fiscal / tratamiento / concepto | B8: Clave | C8: 2002 | D8: 2003 | E8: 2004 | F8: 2005 | G8: 2006 | H8: 2007 | I8: 2008 | J8: 2009 | K8: 2010 | L8: 2011 | M8: 2012 | N8: 2013 | O8: 2014 | P8: 2015 | Q8: 2016 | R8: 2017 | S8: 2018 | T8: 2019 | U8: 2020 | V8: 2021 | W8: 2022 | X8: 2024 | Y8: 2025 | Z8: 2026 | AB8: Nivel | AC8: Clave herramienta | AD8: Clave concepto | AE8: Clave renuncia
A9: Total | C9: =IF(COUNTIFS('B-PorHerramienta'!$A$2:$A$2848,C$8,'B-PorHerramienta'!$J$2:$J$2848,$AC9,'B-PorHerramienta'!$K$2:$K$2848,$AD9,'B-PorHerramienta'!$L$2:$L$2848,$AE9,'B-PorHerramienta'!$F$2:$F$2848,"<>")=0,"",ROUND(SUMIFS(INDEX('B-PorHerramienta'!$F$2:$I$2848,0,$AH$6),'B-PorHerramienta'!$A$2:$A$2848,C$8,'B-PorHerramienta'!$J$2:$J$2848,$AC9,'B-PorHerramienta'!$K$2:$K$2848,$AD9,'B-PorHerramienta'!$L$2:$L$2848,$AE9)*$AI$6,$AJ$6)) -> 4.2087 | D9: =IF(COUNTIFS('B-PorHerramienta'!$A$2:$A$2848,D$8,'B-PorHerramienta'!$J$2:$J$2848,$AC9,'B-PorHerramienta'!$K$2:$K$2848,$AD9,'B-PorHerramienta'!$L$2:$L$2848,$AE9,'B-PorHerramienta'!$F$2:$F$2848,"<>")=0,"",ROUND(SUMIFS(INDEX('B-PorHerramienta'!$F$2:$I$2848,0,$AH$6),'B-PorHerramienta'!$A$2:$A$2848,D$8,'B-PorHerramienta'!$J$2:$J$2848,$AC9,'B-PorHerramienta'!$K$2:$K$2848,$AD9,'B-PorHerramienta'!$L$2:$L$2848,$AE9)*$AI$6,$AJ$6)) -> 5.0529 | E9: =IF(COUNTIFS('B-PorHerramienta'!$A$2:$A$2848,E$8,'B-PorHerramienta'!$J$2:$J$2848,$AC9,'B-PorHerramienta'!$K$2:$K$2848,$AD9,'B-PorHerramienta'!$L$2:$L$2848,$AE9,'B-PorHerramienta'!$F$2:$F$2848,"<>")=0,"",ROUND(SUMIFS(INDEX('B-PorHerramienta'!$F$2:$I$2848,0,$AH$6),'B-PorHerramienta'!$A$2:$A$2848,E$8,'B-PorHerramienta'!$J$2:$J$2848,$AC9,'B-PorHerramienta'!$K$2:$K$2848,$AD9,'B-PorHerramienta'!$L$2:$L$2848,$AE9)*$AI$6,$AJ$6)) -> 4.4023 | F9: =IF(COUNTIFS('B-PorHerramienta'!$A$2:$A$2848,F$8,'B-PorHerramienta'!$J$2:$J$2848,$AC9,'B-PorHerramienta'!$K$2:$K$2848,$AD9,'B-PorHerramienta'!$L$2:$L$2848,$AE9,'B-PorHerramienta'!$F$2:$F$2848,"<>")=0,"",ROUND(SUMIFS(INDEX('B-PorHerramienta'!$F$2:$I$2848,0,$AH$6),'B-PorHerramienta'!$A$2:$A$2848,F$8,'B-PorHerramienta'!$J$2:$J$2848,$AC9,'B-PorHerramienta'!$K$2:$K$2848,$AD9,'B-PorHerramienta'!$L$2:$L$2848,$AE9)*$AI$6,$AJ$6)) -> 5.2889 | G9: =IF(COUNTIFS('B-PorHerramienta'!$A$2:$A$2848,G$8,'B-PorHerramienta'!$J$2:$J$2848,$AC9,'B-PorHerramienta'!$K$2:$K$2848,$AD9,'B-PorHerramienta'!$L$2:$L$2848,$AE9,'B-PorHerramienta'!$F$2:$F$2848,"<>")=0,"",ROUND(SUMIFS(INDEX('B-PorHerramienta'!$F$2:$I$2848,0,$AH$6),'B-PorHerramienta'!$A$2:$A$2848,G$8,'B-PorHerramienta'!$J$2:$J$2848,$AC9,'B-PorHerramienta'!$K$2:$K$2848,$AD9,'B-PorHerramienta'!$L$2:$L$2848,$AE9)*$AI$6,$AJ$6)) -> 4.5164 | H9: =IF(COUNTIFS('B-PorHerramienta'!$A$2:$A$2848,H$8,'B-PorHerramienta'!$J$2:$J$2848,$AC9,'B-PorHerramienta'!$K$2:$K$2848,$AD9,'B-PorHerramienta'!$L$2:$L$2848,$AE9,'B-PorHerramienta'!$F$2:$F$2848,"<>")=0,"",ROUND(SUMIFS(INDEX('B-PorHerramienta'!$F$2:$I$2848,0,$AH$6),'B-PorHerramienta'!$A$2:$A$2848,H$8,'B-PorHerramienta'!$J$2:$J$2848,$AC9,'B-PorHerramienta'!$K$2:$K$2848,$AD9,'B-PorHerramienta'!$L$2:$L$2848,$AE9)*$AI$6,$AJ$6)) -> 4.8239 | I9: =IF(COUNTIFS('B-PorHerramienta'!$A$2:$A$2848,I$8,'B-PorHerramienta'!$J$2:$J$2848,$AC9,'B-PorHerramienta'!$K$2:$K$2848,$AD9,'B-PorHerramienta'!$L$2:$L$2848,$AE9,'B-PorHerramienta'!$F$2:$F$2848,"<>")=0,"",ROUND(SUMIFS(INDEX('B-PorHerramienta'!$F$2:$I$2848,0,$AH$6),'B-PorHerramienta'!$A$2:$A$2848,I$8,'B-PorHerramienta'!$J$2:$J$2848,$AC9,'B-PorHerramienta'!$K$2:$K$2848,$AD9,'B-PorHerramienta'!$L$2:$L$2848,$AE9)*$AI$6,$AJ$6)) -> 5.9745 | J9: =IF(COUNTIFS('B-PorHerramienta'!$A$2:$A$2848,J$8,'B-PorHerramienta'!$J$2:$J$2848,$AC9,'B-PorHerramienta'!$K$2:$K$2848,$AD9,'B-PorHerramienta'!$L$2:$L$2848,$AE9,'B-PorHerramienta'!$F$2:$F$2848,"<>")=0,"",ROUND(SUMIFS(INDEX('B-PorHerramienta'!$F$2:$I$2848,0,$AH$6),'B-PorHerramienta'!$A$2:$A$2848,J$8,'B-PorHerramienta'!$J$2:$J$2848,$AC9,'B-PorHerramienta'!$K$2:$K$2848,$AD9,'B-PorHerramienta'!$L$2:$L$2848,$AE9)*$AI$6,$AJ$6)) -> 3.6466 | ... Z9: =IF(COUNTIFS('B-PorHerramienta'!$A$2:$A$2848,Z$8,'B-PorHerramienta'!$J$2:$J$2848,$AC9,'B-PorHerramienta'!$K$2:$K$2848,$AD9,'B-PorHerramienta'!$L$2:$L$2848,$AE9,'B-PorHerramienta'!$F$2:$F$2848,"<>")=0,"",ROUND(SUMIFS(INDEX('B-PorHerramienta'!$F$2:$I$2848,0,$AH$6),'B-PorHerramienta'!$A$2:$A$2848,Z$8,'B-PorHerramienta'!$J$2:$J$2848,$AC9,'B-PorHerramienta'!$K$2:$K$2848,$AD9,'B-PorHerramienta'!$L$2:$L$2848,$AE9)*$AI$6,$AJ$6)) -> 3.1183 | AB9: T | AC9: * | AD9: * | AE9: *
A10: Estímulos fiscales | C10: =IF(COUNTIFS('B-PorHerramienta'!$A$2:$A$2848,C$8,'B-PorHerramienta'!$J$2:$J$2848,$AC10,'B-PorHerramienta'!$K$2:$K$2848,$AD10,'B-PorHerramienta'!$L$2:$L$2848,$AE10,'B-PorHerramienta'!$F$2:$F$2848,"<>")=0,"",ROUND(SUMIFS(INDEX('B-PorHerramienta'!$F$2:$I$2848,0,$AH$6),'B-PorHerramienta'!$A$2:$A$2848,C$8,'B-PorHerramienta'!$J$2:$J$2848,$AC10,'B-PorHerramienta'!$K$2:$K$2848,$AD10,'B-PorHerramienta'!$L$2:$L$2848,$AE10)*$AI$6,$AJ$6)) -> 0.0249 | D10: =IF(COUNTIFS('B-PorHerramienta'!$A$2:$A$2848,D$8,'B-PorHerramienta'!$J$2:$J$2848,$AC10,'B-PorHerramienta'!$K$2:$K$2848,$AD10,'B-PorHerramienta'!$L$2:$L$2848,$AE10,'B-PorHerramienta'!$F$2:$F$2848,"<>")=0,"",ROUND(SUMIFS(INDEX('B-PorHerramienta'!$F$2:$I$2848,0,$AH$6),'B-PorHerramienta'!$A$2:$A$2848,D$8,'B-PorHerramienta'!$J$2:$J$2848,$AC10,'B-PorHerramienta'!$K$2:$K$2848,$AD10,'B-PorHerramienta'!$L$2:$L$2848,$AE10)*$AI$6,$AJ$6)) -> 0.2936 | E10: =IF(COUNTIFS('B-PorHerramienta'!$A$2:$A$2848,E$8,'B-PorHerramienta'!$J$2:$J$2848,$AC10,'B-PorHerramienta'!$K$2:$K$2848,$AD10,'B-PorHerramienta'!$L$2:$L$2848,$AE10,'B-PorHerramienta'!$F$2:$F$2848,"<>")=0,"",ROUND(SUMIFS(INDEX('B-PorHerramienta'!$F$2:$I$2848,0,$AH$6),'B-PorHerramienta'!$A$2:$A$2848,E$8,'B-PorHerramienta'!$J$2:$J$2848,$AC10,'B-PorHerramienta'!$K$2:$K$2848,$AD10,'B-PorHerramienta'!$L$2:$L$2848,$AE10)*$AI$6,$AJ$6)) -> 0.154 | F10: =IF(COUNTIFS('B-PorHerramienta'!$A$2:$A$2848,F$8,'B-PorHerramienta'!$J$2:$J$2848,$AC10,'B-PorHerramienta'!$K$2:$K$2848,$AD10,'B-PorHerramienta'!$L$2:$L$2848,$AE10,'B-PorHerramienta'!$F$2:$F$2848,"<>")=0,"",ROUND(SUMIFS(INDEX('B-PorHerramienta'!$F$2:$I$2848,0,$AH$6),'B-PorHerramienta'!$A$2:$A$2848,F$8,'B-PorHerramienta'!$J$2:$J$2848,$AC10,'B-PorHerramienta'!$K$2:$K$2848,$AD10,'B-PorHerramienta'!$L$2:$L$2848,$AE10)*$AI$6,$AJ$6)) -> 0.1896 | G10: =IF(COUNTIFS('B-PorHerramienta'!$A$2:$A$2848,G$8,'B-PorHerramienta'!$J$2:$J$2848,$AC10,'B-PorHerramienta'!$K$2:$K$2848,$AD10,'B-PorHerramienta'!$L$2:$L$2848,$AE10,'B-PorHerramienta'!$F$2:$F$2848,"<>")=0,"",ROUND(SUMIFS(INDEX('B-PorHerramienta'!$F$2:$I$2848,0,$AH$6),'B-PorHerramienta'!$A$2:$A$2848,G$8,'B-PorHerramienta'!$J$2:$J$2848,$AC10,'B-PorHerramienta'!$K$2:$K$2848,$AD10,'B-PorHerramienta'!$L$2:$L$2848,$AE10)*$AI$6,$AJ$6)) -> 0.1344 | H10: =IF(COUNTIFS('B-PorHerramienta'!$A$2:$A$2848,H$8,'B-PorHerramienta'!$J$2:$J$2848,$AC10,'B-PorHerramienta'!$K$2:$K$2848,$AD10,'B-PorHerramienta'!$L$2:$L$2848,$AE10,'B-PorHerramienta'!$F$2:$F$2848,"<>")=0,"",ROUND(SUMIFS(INDEX('B-PorHerramienta'!$F$2:$I$2848,0,$AH$6),'B-PorHerramienta'!$A$2:$A$2848,H$8,'B-PorHerramienta'!$J$2:$J$2848,$AC10,'B-PorHerramienta'!$K$2:$K$2848,$AD10,'B-PorHerramienta'!$L$2:$L$2848,$AE10)*$AI$6,$AJ$6)) -> 0.2207 | I10: =IF(COUNTIFS('B-PorHerramienta'!$A$2:$A$2848,I$8,'B-PorHerramienta'!$J$2:$J$2848,$AC10,'B-PorHerramienta'!$K$2:$K$2848,$AD10,'B-PorHerramienta'!$L$2:$L$2848,$AE10,'B-PorHerramienta'!$F$2:$F$2848,"<>")=0,"",ROUND(SUMIFS(INDEX('B-PorHerramienta'!$F$2:$I$2848,0,$AH$6),'B-PorHerramienta'!$A$2:$A$2848,I$8,'B-PorHerramienta'!$J$2:$J$2848,$AC10,'B-PorHerramienta'!$K$2:$K$2848,$AD10,'B-PorHerramienta'!$L$2:$L$2848,$AE10)*$AI$6,$AJ$6)) -> 0.1071 | J10: =IF(COUNTIFS('B-PorHerramienta'!$A$2:$A$2848,J$8,'B-PorHerramienta'!$J$2:$J$2848,$AC10,'B-PorHerramienta'!$K$2:$K$2848,$AD10,'B-PorHerramienta'!$L$2:$L$2848,$AE10,'B-PorHerramienta'!$F$2:$F$2848,"<>")=0,"",ROUND(SUMIFS(INDEX('B-PorHerramienta'!$F$2:$I$2848,0,$AH$6),'B-PorHerramienta'!$A$2:$A$2848,J$8,'B-PorHerramienta'!$J$2:$J$2848,$AC10,'B-PorHerramienta'!$K$2:$K$2848,$AD10,'B-PorHerramienta'!$L$2:$L$2848,$AE10)*$AI$6,$AJ$6)) -> 0.0759 | ... Z10: =IF(COUNTIFS('B-PorHerramienta'!$A$2:$A$2848,Z$8,'B-PorHerramienta'!$J$2:$J$2848,$AC10,'B-PorHerramienta'!$K$2:$K$2848,$AD10,'B-PorHerramienta'!$L$2:$L$2848,$AE10,'B-PorHerramienta'!$F$2:$F$2848,"<>")=0,"",ROUND(SUMIFS(INDEX('B-PorHerramienta'!$F$2:$I$2848,0,$AH$6),'B-PorHerramienta'!$A$2:$A$2848,Z$8,'B-PorHerramienta'!$J$2:$J$2848,$AC10,'B-PorHerramienta'!$K$2:$K$2848,$AD10,'B-PorHerramienta'!$L$2:$L$2848,$AE10)*$AI$6,$AJ$6)) -> 0.7461 | AB10: 0 | AC10: Estímulos fiscales | AD10: * | AE10: *
A11: Decretos presidenciales | C11: =IF(COUNTIFS('B-PorHerramienta'!$A$2:$A$2848,C$8,'B-PorHerramienta'!$J$2:$J$2848,$AC11,'B-PorHerramienta'!$K$2:$K$2848,$AD11,'B-PorHerramienta'!$L$2:$L$2848,$AE11,'B-PorHerramienta'!$F$2:$F$2848,"<>")=0,"",ROUND(SUMIFS(INDEX('B-PorHerramienta'!$F$2:$I$2848,0,$AH$6),'B-PorHerramienta'!$A$2:$A$2848,C$8,'B-PorHerramienta'!$J$2:$J$2848,$AC11,'B-PorHerramienta'!$K$2:$K$2848,$AD11,'B-PorHerramienta'!$L$2:$L$2848,$AE11)*$AI$6,$AJ$6)) | D11: =IF(COUNTIFS('B-PorHerramienta'!$A$2:$A$2848,D$8,'B-PorHerramienta'!$J$2:$J$2848,$AC11,'B-PorHerramienta'!$K$2:$K$2848,$AD11,'B-PorHerramienta'!$L$2:$L$2848,$AE11,'B-PorHerramienta'!$F$2:$F$2848,"<>")=0,"",ROUND(SUMIFS(INDEX('B-PorHerramienta'!$F$2:$I$2848,0,$AH$6),'B-PorHerramienta'!$A$2:$A$2848,D$8,'B-PorHerramienta'!$J$2:$J$2848,$AC11,'B-PorHerramienta'!$K$2:$K$2848,$AD11,'B-PorHerramienta'!$L$2:$L$2848,$AE11)*$AI$6,$AJ$6)) | E11: =IF(COUNTIFS('B-PorHerramienta'!$A$2:$A$2848,E$8,'B-PorHerramienta'!$J$2:$J$2848,$AC11,'B-PorHerramienta'!$K$2:$K$2848,$AD11,'B-PorHerramienta'!$L$2:$L$2848,$AE11,'B-PorHerramienta'!$F$2:$F$2848,"<>")=0,"",ROUND(SUMIFS(INDEX('B-PorHerramienta'!$F$2:$I$2848,0,$AH$6),'B-PorHerramienta'!$A$2:$A$2848,E$8,'B-PorHerramienta'!$J$2:$J$2848,$AC11,'B-PorHerramienta'!$K$2:$K$2848,$AD11,'B-PorHerramienta'!$L$2:$L$2848,$AE11)*$AI$6,$AJ$6)) | F11: =IF(COUNTIFS('B-PorHerramienta'!$A$2:$A$2848,F$8,'B-PorHerramienta'!$J$2:$J$2848,$AC11,'B-PorHerramienta'!$K$2:$K$2848,$AD11,'B-PorHerramienta'!$L$2:$L$2848,$AE11,'B-PorHerramienta'!$F$2:$F$2848,"<>")=0,"",ROUND(SUMIFS(INDEX('B-PorHerramienta'!$F$2:$I$2848,0,$AH$6),'B-PorHerramienta'!$A$2:$A$2848,F$8,'B-PorHerramienta'!$J$2:$J$2848,$AC11,'B-PorHerramienta'!$K$2:$K$2848,$AD11,'B-PorHerramienta'!$L$2:$L$2848,$AE11)*$AI$6,$AJ$6)) | G11: =IF(COUNTIFS('B-PorHerramienta'!$A$2:$A$2848,G$8,'B-PorHerramienta'!$J$2:$J$2848,$AC11,'B-PorHerramienta'!$K$2:$K$2848,$AD11,'B-PorHerramienta'!$L$2:$L$2848,$AE11,'B-PorHerramienta'!$F$2:$F$2848,"<>")=0,"",ROUND(SUMIFS(INDEX('B-PorHerramienta'!$F$2:$I$2848,0,$AH$6),'B-PorHerramienta'!$A$2:$A$2848,G$8,'B-PorHerramienta'!$J$2:$J$2848,$AC11,'B-PorHerramienta'!$K$2:$K$2848,$AD11,'B-PorHerramienta'!$L$2:$L$2848,$AE11)*$AI$6,$AJ$6)) | H11: =IF(COUNTIFS('B-PorHerramienta'!$A$2:$A$2848,H$8,'B-PorHerramienta'!$J$2:$J$2848,$AC11,'B-PorHerramienta'!$K$2:$K$2848,$AD11,'B-PorHerramienta'!$L$2:$L$2848,$AE11,'B-PorHerramienta'!$F$2:$F$2848,"<>")=0,"",ROUND(SUMIFS(INDEX('B-PorHerramienta'!$F$2:$I$2848,0,$AH$6),'B-PorHerramienta'!$A$2:$A$2848,H$8,'B-PorHerramienta'!$J$2:$J$2848,$AC11,'B-PorHerramienta'!$K$2:$K$2848,$AD11,'B-PorHerramienta'!$L$2:$L$2848,$AE11)*$AI$6,$AJ$6)) | I11: =IF(COUNTIFS('B-PorHerramienta'!$A$2:$A$2848,I$8,'B-PorHerramienta'!$J$2:$J$2848,$AC11,'B-PorHerramienta'!$K$2:$K$2848,$AD11,'B-PorHerramienta'!$L$2:$L$2848,$AE11,'B-PorHerramienta'!$F$2:$F$2848,"<>")=0,"",ROUND(SUMIFS(INDEX('B-PorHerramienta'!$F$2:$I$2848,0,$AH$6),'B-PorHerramienta'!$A$2:$A$2848,I$8,'B-PorHerramienta'!$J$2:$J$2848,$AC11,'B-PorHerramienta'!$K$2:$K$2848,$AD11,'B-PorHerramienta'!$L$2:$L$2848,$AE11)*$AI$6,$AJ$6)) | J11: =IF(COUNTIFS('B-PorHerramienta'!$A$2:$A$2848,J$8,'B-PorHerramienta'!$J$2:$J$2848,$AC11,'B-PorHerramienta'!$K$2:$K$2848,$AD11,'B-PorHerramienta'!$L$2:$L$2848,$AE11,'B-PorHerramienta'!$F$2:$F$2848,"<>")=0,"",ROUND(SUMIFS(INDEX('B-PorHerramienta'!$F$2:$I$2848,0,$AH$6),'B-PorHerramienta'!$A$2:$A$2848,J$8,'B-PorHerramienta'!$J$2:$J$2848,$AC11,'B-PorHerramienta'!$K$2:$K$2848,$AD11,'B-PorHerramienta'!$L$2:$L$2848,$AE11)*$AI$6,$AJ$6)) | ... Z11: =IF(COUNTIFS('B-PorHerramienta'!$A$2:$A$2848,Z$8,'B-PorHerramienta'!$J$2:$J$2848,$AC11,'B-PorHerramienta'!$K$2:$K$2848,$AD11,'B-PorHerramienta'!$L$2:$L$2848,$AE11,'B-PorHerramienta'!$F$2:$F$2848,"<>")=0,"",ROUND(SUMIFS(INDEX('B-PorHerramienta'!$F$2:$I$2848,0,$AH$6),'B-PorHerramienta'!$A$2:$A$2848,Z$8,'B-PorHerramienta'!$J$2:$J$2848,$AC11,'B-PorHerramienta'!$K$2:$K$2848,$AD11,'B-PorHerramienta'!$L$2:$L$2848,$AE11)*$AI$6,$AJ$6)) -> 0.3501 | AB11: 1 | AC11: Estímulos fiscales | AD11: Decretos presidenciales | AE11: *
A12: Estímulos Fiscales en Materia del IEPS Aplicables a los Combustibles Automotrices: a los Contribuyentes que Importen y Enajenen Gasolinas, Diésel y Combustibles No Fósiles, Consistente en una Cantidad Equivalente al Porcentaje de las Cuotas de Dichos Combombustibles Aplicable Contra Dichas Cuotas | B12: EF.DP.1.A | C12: =IF(COUNTIFS('B-PorHerramienta'!$A$2:$A$2848,C$8,'B-PorHerramienta'!$J$2:$J$2848,$AC12,'B-PorHerramienta'!$K$2:$K$2848,$AD12,'B-PorHerramienta'!$L$2:$L$2848,$AE12,'B-PorHerramienta'!$F$2:$F$2848,"<>")=0,"",ROUND(SUMIFS(INDEX('B-PorHerramienta'!$F$2:$I$2848,0,$AH$6),'B-PorHerramienta'!$A$2:$A$2848,C$8,'B-PorHerramienta'!$J$2:$J$2848,$AC12,'B-PorHerramienta'!$K$2:$K$2848,$AD12,'B-PorHerramienta'!$L$2:$L$2848,$AE12)*$AI$6,$AJ$6)) | D12: =IF(COUNTIFS('B-PorHerramienta'!$A$2:$A$2848,D$8,'B-PorHerramienta'!$J$2:$J$2848,$AC12,'B-PorHerramienta'!$K$2:$K$2848,$AD12,'B-PorHerramienta'!$L$2:$L$2848,$AE12,'B-PorHerramienta'!$F$2:$F$2848,"<>")=0,"",ROUND(SUMIFS(INDEX('B-PorHerramienta'!$F$2:$I$2848,0,$AH$6),'B-PorHerramienta'!$A$2:$A$2848,D$8,'B-PorHerramienta'!$J$2:$J$2848,$AC12,'B-PorHerramienta'!$K$2:$K$2848,$AD12,'B-PorHerramienta'!$L$2:$L$2848,$AE12)*$AI$6,$AJ$6)) | E12: =IF(COUNTIFS('B-PorHerramienta'!$A$2:$A$2848,E$8,'B-PorHerramienta'!$J$2:$J$2848,$AC12,'B-PorHerramienta'!$K$2:$K$2848,$AD12,'B-PorHerramienta'!$L$2:$L$2848,$AE12,'B-PorHerramienta'!$F$2:$F$2848,"<>")=0,"",ROUND(SUMIFS(INDEX('B-PorHerramienta'!$F$2:$I$2848,0,$AH$6),'B-PorHerramienta'!$A$2:$A$2848,E$8,'B-PorHerramienta'!$J$2:$J$2848,$AC12,'B-PorHerramienta'!$K$2:$K$2848,$AD12,'B-PorHerramienta'!$L$2:$L$2848,$AE12)*$AI$6,$AJ$6)) | F12: =IF(COUNTIFS('B-PorHerramienta'!$A$2:$A$2848,F$8,'B-PorHerramienta'!$J$2:$J$2848,$AC12,'B-PorHerramienta'!$K$2:$K$2848,$AD12,'B-PorHerramienta'!$L$2:$L$2848,$AE12,'B-PorHerramienta'!$F$2:$F$2848,"<>")=0,"",ROUND(SUMIFS(INDEX('B-PorHerramienta'!$F$2:$I$2848,0,$AH$6),'B-PorHerramienta'!$A$2:$A$2848,F$8,'B-PorHerramienta'!$J$2:$J$2848,$AC12,'B-PorHerramienta'!$K$2:$K$2848,$AD12,'B-PorHerramienta'!$L$2:$L$2848,$AE12)*$AI$6,$AJ$6)) | G12: =IF(COUNTIFS('B-PorHerramienta'!$A$2:$A$2848,G$8,'B-PorHerramienta'!$J$2:$J$2848,$AC12,'B-PorHerramienta'!$K$2:$K$2848,$AD12,'B-PorHerramienta'!$L$2:$L$2848,$AE12,'B-PorHerramienta'!$F$2:$F$2848,"<>")=0,"",ROUND(SUMIFS(INDEX('B-PorHerramienta'!$F$2:$I$2848,0,$AH$6),'B-PorHerramienta'!$A$2:$A$2848,G$8,'B-PorHerramienta'!$J$2:$J$2848,$AC12,'B-PorHerramienta'!$K$2:$K$2848,$AD12,'B-PorHerramienta'!$L$2:$L$2848,$AE12)*$AI$6,$AJ$6)) | H12: =IF(COUNTIFS('B-PorHerramienta'!$A$2:$A$2848,H$8,'B-PorHerramienta'!$J$2:$J$2848,$AC12,'B-PorHerramienta'!$K$2:$K$2848,$AD12,'B-PorHerramienta'!$L$2:$L$2848,$AE12,'B-PorHerramienta'!$F$2:$F$2848,"<>")=0,"",ROUND(SUMIFS(INDEX('B-PorHerramienta'!$F$2:$I$2848,0,$AH$6),'B-PorHerramienta'!$A$2:$A$2848,H$8,'B-PorHerramienta'!$J$2:$J$2848,$AC12,'B-PorHerramienta'!$K$2:$K$2848,$AD12,'B-PorHerramienta'!$L$2:$L$2848,$AE12)*$AI$6,$AJ$6)) | I12: =IF(COUNTIFS('B-PorHerramienta'!$A$2:$A$2848,I$8,'B-PorHerramienta'!$J$2:$J$2848,$AC12,'B-PorHerramienta'!$K$2:$K$2848,$AD12,'B-PorHerramienta'!$L$2:$L$2848,$AE12,'B-PorHerramienta'!$F$2:$F$2848,"<>")=0,"",ROUND(SUMIFS(INDEX('B-PorHerramienta'!$F$2:$I$2848,0,$AH$6),'B-PorHerramienta'!$A$2:$A$2848,I$8,'B-PorHerramienta'!$J$2:$J$2848,$AC12,'B-PorHerramienta'!$K$2:$K$2848,$AD12,'B-PorHerramienta'!$L$2:$L$2848,$AE12)*$AI$6,$AJ$6)) | J12: =IF(COUNTIFS('B-PorHerramienta'!$A$2:$A$2848,J$8,'B-PorHerramienta'!$J$2:$J$2848,$AC12,'B-PorHerramienta'!$K$2:$K$2848,$AD12,'B-PorHerramienta'!$L$2:$L$2848,$AE12,'B-PorHerramienta'!$F$2:$F$2848,"<>")=0,"",ROUND(SUMIFS(INDEX('B-PorHerramienta'!$F$2:$I$2848,0,$AH$6),'B-PorHerramienta'!$A$2:$A$2848,J$8,'B-PorHerramienta'!$J$2:$J$2848,$AC12,'B-PorHerramienta'!$K$2:$K$2848,$AD12,'B-PorHerramienta'!$L$2:$L$2848,$AE12)*$AI$6,$AJ$6)) | ... Z12: =IF(COUNTIFS('B-PorHerramienta'!$A$2:$A$2848,Z$8,'B-PorHerramienta'!$J$2:$J$2848,$AC12,'B-PorHerramienta'!$K$2:$K$2848,$AD12,'B-PorHerramienta'!$L$2:$L$2848,$AE12,'B-PorHerramienta'!$F$2:$F$2848,"<>")=0,"",ROUND(SUMIFS(INDEX('B-PorHerramienta'!$F$2:$I$2848,0,$AH$6),'B-PorHerramienta'!$A$2:$A$2848,Z$8,'B-PorHerramienta'!$J$2:$J$2848,$AC12,'B-PorHerramienta'!$K$2:$K$2848,$AD12,'B-PorHerramienta'!$L$2:$L$2848,$AE12)*$AI$6,$AJ$6)) -> 0.0355 | AB12: 2 | AC12: Estímulos fiscales | AD12: Decretos presidenciales | AE12: R0423
A13: Estímulos Fiscales en Materia del IEPS Aplicables a los Combustibles Automotrices: a los Contribuyentes que Enajenen las Gasolinas en la Franja Fronteriza de 20 Kilómetros Paralela a la Línea Divisoria Internacional con los EUA Dentro de las Zonas Geográficas que se Establecen en el Artículo Cuarto del Decreto, Consistente en una Cantidad por Litro de Gasolina Enajenada Aplicada en Cada una de las Zonas Mencionadas | B13: EF.DP.1.B | C13: =IF(COUNTIFS('B-PorHerramienta'!$A$2:$A$2848,C$8,'B-PorHerramienta'!$J$2:$J$2848,$AC13,'B-PorHerramienta'!$K$2:$K$2848,$AD13,'B-PorHerramienta'!$L$2:$L$2848,$AE13,'B-PorHerramienta'!$F$2:$F$2848,"<>")=0,"",ROUND(SUMIFS(INDEX('B-PorHerramienta'!$F$2:$I$2848,0,$AH$6),'B-PorHerramienta'!$A$2:$A$2848,C$8,'B-PorHerramienta'!$J$2:$J$2848,$AC13,'B-PorHerramienta'!$K$2:$K$2848,$AD13,'B-PorHerramienta'!$L$2:$L$2848,$AE13)*$AI$6,$AJ$6)) | D13: =IF(COUNTIFS('B-PorHerramienta'!$A$2:$A$2848,D$8,'B-PorHerramienta'!$J$2:$J$2848,$AC13,'B-PorHerramienta'!$K$2:$K$2848,$AD13,'B-PorHerramienta'!$L$2:$L$2848,$AE13,'B-PorHerramienta'!$F$2:$F$2848,"<>")=0,"",ROUND(SUMIFS(INDEX('B-PorHerramienta'!$F$2:$I$2848,0,$AH$6),'B-PorHerramienta'!$A$2:$A$2848,D$8,'B-PorHerramienta'!$J$2:$J$2848,$AC13,'B-PorHerramienta'!$K$2:$K$2848,$AD13,'B-PorHerramienta'!$L$2:$L$2848,$AE13)*$AI$6,$AJ$6)) | E13: =IF(COUNTIFS('B-PorHerramienta'!$A$2:$A$2848,E$8,'B-PorHerramienta'!$J$2:$J$2848,$AC13,'B-PorHerramienta'!$K$2:$K$2848,$AD13,'B-PorHerramienta'!$L$2:$L$2848,$AE13,'B-PorHerramienta'!$F$2:$F$2848,"<>")=0,"",ROUND(SUMIFS(INDEX('B-PorHerramienta'!$F$2:$I$2848,0,$AH$6),'B-PorHerramienta'!$A$2:$A$2848,E$8,'B-PorHerramienta'!$J$2:$J$2848,$AC13,'B-PorHerramienta'!$K$2:$K$2848,$AD13,'B-PorHerramienta'!$L$2:$L$2848,$AE13)*$AI$6,$AJ$6)) | F13: =IF(COUNTIFS('B-PorHerramienta'!$A$2:$A$2848,F$8,'B-PorHerramienta'!$J$2:$J$2848,$AC13,'B-PorHerramienta'!$K$2:$K$2848,$AD13,'B-PorHerramienta'!$L$2:$L$2848,$AE13,'B-PorHerramienta'!$F$2:$F$2848,"<>")=0,"",ROUND(SUMIFS(INDEX('B-PorHerramienta'!$F$2:$I$2848,0,$AH$6),'B-PorHerramienta'!$A$2:$A$2848,F$8,'B-PorHerramienta'!$J$2:$J$2848,$AC13,'B-PorHerramienta'!$K$2:$K$2848,$AD13,'B-PorHerramienta'!$L$2:$L$2848,$AE13)*$AI$6,$AJ$6)) | G13: =IF(COUNTIFS('B-PorHerramienta'!$A$2:$A$2848,G$8,'B-PorHerramienta'!$J$2:$J$2848,$AC13,'B-PorHerramienta'!$K$2:$K$2848,$AD13,'B-PorHerramienta'!$L$2:$L$2848,$AE13,'B-PorHerramienta'!$F$2:$F$2848,"<>")=0,"",ROUND(SUMIFS(INDEX('B-PorHerramienta'!$F$2:$I$2848,0,$AH$6),'B-PorHerramienta'!$A$2:$A$2848,G$8,'B-PorHerramienta'!$J$2:$J$2848,$AC13,'B-PorHerramienta'!$K$2:$K$2848,$AD13,'B-PorHerramienta'!$L$2:$L$2848,$AE13)*$AI$6,$AJ$6)) | H13: =IF(COUNTIFS('B-PorHerramienta'!$A$2:$A$2848,H$8,'B-PorHerramienta'!$J$2:$J$2848,$AC13,'B-PorHerramienta'!$K$2:$K$2848,$AD13,'B-PorHerramienta'!$L$2:$L$2848,$AE13,'B-PorHerramienta'!$F$2:$F$2848,"<>")=0,"",ROUND(SUMIFS(INDEX('B-PorHerramienta'!$F$2:$I$2848,0,$AH$6),'B-PorHerramienta'!$A$2:$A$2848,H$8,'B-PorHerramienta'!$J$2:$J$2848,$AC13,'B-PorHerramienta'!$K$2:$K$2848,$AD13,'B-PorHerramienta'!$L$2:$L$2848,$AE13)*$AI$6,$AJ$6)) | I13: =IF(COUNTIFS('B-PorHerramienta'!$A$2:$A$2848,I$8,'B-PorHerramienta'!$J$2:$J$2848,$AC13,'B-PorHerramienta'!$K$2:$K$2848,$AD13,'B-PorHerramienta'!$L$2:$L$2848,$AE13,'B-PorHerramienta'!$F$2:$F$2848,"<>")=0,"",ROUND(SUMIFS(INDEX('B-PorHerramienta'!$F$2:$I$2848,0,$AH$6),'B-PorHerramienta'!$A$2:$A$2848,I$8,'B-PorHerramienta'!$J$2:$J$2848,$AC13,'B-PorHerramienta'!$K$2:$K$2848,$AD13,'B-PorHerramienta'!$L$2:$L$2848,$AE13)*$AI$6,$AJ$6)) | J13: =IF(COUNTIFS('B-PorHerramienta'!$A$2:$A$2848,J$8,'B-PorHerramienta'!$J$2:$J$2848,$AC13,'B-PorHerramienta'!$K$2:$K$2848,$AD13,'B-PorHerramienta'!$L$2:$L$2848,$AE13,'B-PorHerramienta'!$F$2:$F$2848,"<>")=0,"",ROUND(SUMIFS(INDEX('B-PorHerramienta'!$F$2:$I$2848,0,$AH$6),'B-PorHerramienta'!$A$2:$A$2848,J$8,'B-PorHerramienta'!$J$2:$J$2848,$AC13,'B-PorHerramienta'!$K$2:$K$2848,$AD13,'B-PorHerramienta'!$L$2:$L$2848,$AE13)*$AI$6,$AJ$6)) | ... Z13: =IF(COUNTIFS('B-PorHerramienta'!$A$2:$A$2848,Z$8,'B-PorHerramienta'!$J$2:$J$2848,$AC13,'B-PorHerramienta'!$K$2:$K$2848,$AD13,'B-PorHerramienta'!$L$2:$L$2848,$AE13,'B-PorHerramienta'!$F$2:$F$2848,"<>")=0,"",ROUND(SUMIFS(INDEX('B-PorHerramienta'!$F$2:$I$2848,0,$AH$6),'B-PorHerramienta'!$A$2:$A$2848,Z$8,'B-PorHerramienta'!$J$2:$J$2848,$AC13,'B-PorHerramienta'!$K$2:$K$2848,$AD13,'B-PorHerramienta'!$L$2:$L$2848,$AE13)*$AI$6,$AJ$6)) -> 0.0176 | AB13: 2 | AC13: Estímulos fiscales | AD13: Decretos presidenciales | AE13: R0424
A14: Estímulos Fiscales en Materia del IEPS Aplicables a los Combustibles Automotrices: a las Gasolinas que se Enajenen en las Zonas Geográficas que se Establecen en el Artículo Cuarto del Decreto, Dentro del Territorio Comprendido entre las Líneas Paralelas de más de 20 y hasta 45 Kilómetros a la Línea Divisoria Internacional con los EUA | B14: EF.DP.1.C | C14: =IF(COUNTIFS('B-PorHerramienta'!$A$2:$A$2848,C$8,'B-PorHerramienta'!$J$2:$J$2848,$AC14,'B-PorHerramienta'!$K$2:$K$2848,$AD14,'B-PorHerramienta'!$L$2:$L$2848,$AE14,'B-PorHerramienta'!$F$2:$F$2848,"<>")=0,"",ROUND(SUMIFS(INDEX('B-PorHerramienta'!$F$2:$I$2848,0,$AH$6),'B-PorHerramienta'!$A$2:$A$2848,C$8,'B-PorHerramienta'!$J$2:$J$2848,$AC14,'B-PorHerramienta'!$K$2:$K$2848,$AD14,'B-PorHerramienta'!$L$2:$L$2848,$AE14)*$AI$6,$AJ$6)) | D14: =IF(COUNTIFS('B-PorHerramienta'!$A$2:$A$2848,D$8,'B-PorHerramienta'!$J$2:$J$2848,$AC14,'B-PorHerramienta'!$K$2:$K$2848,$AD14,'B-PorHerramienta'!$L$2:$L$2848,$AE14,'B-PorHerramienta'!$F$2:$F$2848,"<>")=0,"",ROUND(SUMIFS(INDEX('B-PorHerramienta'!$F$2:$I$2848,0,$AH$6),'B-PorHerramienta'!$A$2:$A$2848,D$8,'B-PorHerramienta'!$J$2:$J$2848,$AC14,'B-PorHerramienta'!$K$2:$K$2848,$AD14,'B-PorHerramienta'!$L$2:$L$2848,$AE14)*$AI$6,$AJ$6)) | E14: =IF(COUNTIFS('B-PorHerramienta'!$A$2:$A$2848,E$8,'B-PorHerramienta'!$J$2:$J$2848,$AC14,'B-PorHerramienta'!$K$2:$K$2848,$AD14,'B-PorHerramienta'!$L$2:$L$2848,$AE14,'B-PorHerramienta'!$F$2:$F$2848,"<>")=0,"",ROUND(SUMIFS(INDEX('B-PorHerramienta'!$F$2:$I$2848,0,$AH$6),'B-PorHerramienta'!$A$2:$A$2848,E$8,'B-PorHerramienta'!$J$2:$J$2848,$AC14,'B-PorHerramienta'!$K$2:$K$2848,$AD14,'B-PorHerramienta'!$L$2:$L$2848,$AE14)*$AI$6,$AJ$6)) | F14: =IF(COUNTIFS('B-PorHerramienta'!$A$2:$A$2848,F$8,'B-PorHerramienta'!$J$2:$J$2848,$AC14,'B-PorHerramienta'!$K$2:$K$2848,$AD14,'B-PorHerramienta'!$L$2:$L$2848,$AE14,'B-PorHerramienta'!$F$2:$F$2848,"<>")=0,"",ROUND(SUMIFS(INDEX('B-PorHerramienta'!$F$2:$I$2848,0,$AH$6),'B-PorHerramienta'!$A$2:$A$2848,F$8,'B-PorHerramienta'!$J$2:$J$2848,$AC14,'B-PorHerramienta'!$K$2:$K$2848,$AD14,'B-PorHerramienta'!$L$2:$L$2848,$AE14)*$AI$6,$AJ$6)) | G14: =IF(COUNTIFS('B-PorHerramienta'!$A$2:$A$2848,G$8,'B-PorHerramienta'!$J$2:$J$2848,$AC14,'B-PorHerramienta'!$K$2:$K$2848,$AD14,'B-PorHerramienta'!$L$2:$L$2848,$AE14,'B-PorHerramienta'!$F$2:$F$2848,"<>")=0,"",ROUND(SUMIFS(INDEX('B-PorHerramienta'!$F$2:$I$2848,0,$AH$6),'B-PorHerramienta'!$A$2:$A$2848,G$8,'B-PorHerramienta'!$J$2:$J$2848,$AC14,'B-PorHerramienta'!$K$2:$K$2848,$AD14,'B-PorHerramienta'!$L$2:$L$2848,$AE14)*$AI$6,$AJ$6)) | H14: =IF(COUNTIFS('B-PorHerramienta'!$A$2:$A$2848,H$8,'B-PorHerramienta'!$J$2:$J$2848,$AC14,'B-PorHerramienta'!$K$2:$K$2848,$AD14,'B-PorHerramienta'!$L$2:$L$2848,$AE14,'B-PorHerramienta'!$F$2:$F$2848,"<>")=0,"",ROUND(SUMIFS(INDEX('B-PorHerramienta'!$F$2:$I$2848,0,$AH$6),'B-PorHerramienta'!$A$2:$A$2848,H$8,'B-PorHerramienta'!$J$2:$J$2848,$AC14,'B-PorHerramienta'!$K$2:$K$2848,$AD14,'B-PorHerramienta'!$L$2:$L$2848,$AE14)*$AI$6,$AJ$6)) | I14: =IF(COUNTIFS('B-PorHerramienta'!$A$2:$A$2848,I$8,'B-PorHerramienta'!$J$2:$J$2848,$AC14,'B-PorHerramienta'!$K$2:$K$2848,$AD14,'B-PorHerramienta'!$L$2:$L$2848,$AE14,'B-PorHerramienta'!$F$2:$F$2848,"<>")=0,"",ROUND(SUMIFS(INDEX('B-PorHerramienta'!$F$2:$I$2848,0,$AH$6),'B-PorHerramienta'!$A$2:$A$2848,I$8,'B-PorHerramienta'!$J$2:$J$2848,$AC14,'B-PorHerramienta'!$K$2:$K$2848,$AD14,'B-PorHerramienta'!$L$2:$L$2848,$AE14)*$AI$6,$AJ$6)) | J14: =IF(COUNTIFS('B-PorHerramienta'!$A$2:$A$2848,J$8,'B-PorHerramienta'!$J$2:$J$2848,$AC14,'B-PorHerramienta'!$K$2:$K$2848,$AD14,'B-PorHerramienta'!$L$2:$L$2848,$AE14,'B-PorHerramienta'!$F$2:$F$2848,"<>")=0,"",ROUND(SUMIFS(INDEX('B-PorHerramienta'!$F$2:$I$2848,0,$AH$6),'B-PorHerramienta'!$A$2:$A$2848,J$8,'B-PorHerramienta'!$J$2:$J$2848,$AC14,'B-PorHerramienta'!$K$2:$K$2848,$AD14,'B-PorHerramienta'!$L$2:$L$2848,$AE14)*$AI$6,$AJ$6)) | ... Z14: =IF(COUNTIFS('B-PorHerramienta'!$A$2:$A$2848,Z$8,'B-PorHerramienta'!$J$2:$J$2848,$AC14,'B-PorHerramienta'!$K$2:$K$2848,$AD14,'B-PorHerramienta'!$L$2:$L$2848,$AE14,'B-PorHerramienta'!$F$2:$F$2848,"<>")=0,"",ROUND(SUMIFS(INDEX('B-PorHerramienta'!$F$2:$I$2848,0,$AH$6),'B-PorHerramienta'!$A$2:$A$2848,Z$8,'B-PorHerramienta'!$J$2:$J$2848,$AC14,'B-PorHerramienta'!$K$2:$K$2848,$AD14,'B-PorHerramienta'!$L$2:$L$2848,$AE14)*$AI$6,$AJ$6)) -> 0.0004 | AB14: 2 | AC14: Estímulos fiscales | AD14: Decretos presidenciales | AE14: R0425
A15: Estímulo Fiscal a los Contribuyentes Dedicados a Actividades Agrícolas, Ganaderas, Pesqueras y Silvícolas y Agroindustriales Establecidos en los Estados de Chiapas, Guerrero y Oaxaca, Consistente en una Deducción Adicional del 25% sobre el Monto de las Inversiones que se Realicen en Bienes Nuevos de Activo Fijo | B15: EF.DP.10, 95, 102 | C15: =IF(COUNTIFS('B-PorHerramienta'!$A$2:$A$2848,C$8,'B-PorHerramienta'!$J$2:$J$2848,$AC15,'B-PorHerramienta'!$K$2:$K$2848,$AD15,'B-PorHerramienta'!$L$2:$L$2848,$AE15,'B-PorHerramienta'!$F$2:$F$2848,"<>")=0,"",ROUND(SUMIFS(INDEX('B-PorHerramienta'!$F$2:$I$2848,0,$AH$6),'B-PorHerramienta'!$A$2:$A$2848,C$8,'B-PorHerramienta'!$J$2:$J$2848,$AC15,'B-PorHerramienta'!$K$2:$K$2848,$AD15,'B-PorHerramienta'!$L$2:$L$2848,$AE15)*$AI$6,$AJ$6)) | D15: =IF(COUNTIFS('B-PorHerramienta'!$A$2:$A$2848,D$8,'B-PorHerramienta'!$J$2:$J$2848,$AC15,'B-PorHerramienta'!$K$2:$K$2848,$AD15,'B-PorHerramienta'!$L$2:$L$2848,$AE15,'B-PorHerramienta'!$F$2:$F$2848,"<>")=0,"",ROUND(SUMIFS(INDEX('B-PorHerramienta'!$F$2:$I$2848,0,$AH$6),'B-PorHerramienta'!$A$2:$A$2848,D$8,'B-PorHerramienta'!$J$2:$J$2848,$AC15,'B-PorHerramienta'!$K$2:$K$2848,$AD15,'B-PorHerramienta'!$L$2:$L$2848,$AE15)*$AI$6,$AJ$6)) | E15: =IF(COUNTIFS('B-PorHerramienta'!$A$2:$A$2848,E$8,'B-PorHerramienta'!$J$2:$J$2848,$AC15,'B-PorHerramienta'!$K$2:$K$2848,$AD15,'B-PorHerramienta'!$L$2:$L$2848,$AE15,'B-PorHerramienta'!$F$2:$F$2848,"<>")=0,"",ROUND(SUMIFS(INDEX('B-PorHerramienta'!$F$2:$I$2848,0,$AH$6),'B-PorHerramienta'!$A$2:$A$2848,E$8,'B-PorHerramienta'!$J$2:$J$2848,$AC15,'B-PorHerramienta'!$K$2:$K$2848,$AD15,'B-PorHerramienta'!$L$2:$L$2848,$AE15)*$AI$6,$AJ$6)) | F15: =IF(COUNTIFS('B-PorHerramienta'!$A$2:$A$2848,F$8,'B-PorHerramienta'!$J$2:$J$2848,$AC15,'B-PorHerramienta'!$K$2:$K$2848,$AD15,'B-PorHerramienta'!$L$2:$L$2848,$AE15,'B-PorHerramienta'!$F$2:$F$2848,"<>")=0,"",ROUND(SUMIFS(INDEX('B-PorHerramienta'!$F$2:$I$2848,0,$AH$6),'B-PorHerramienta'!$A$2:$A$2848,F$8,'B-PorHerramienta'!$J$2:$J$2848,$AC15,'B-PorHerramienta'!$K$2:$K$2848,$AD15,'B-PorHerramienta'!$L$2:$L$2848,$AE15)*$AI$6,$AJ$6)) | G15: =IF(COUNTIFS('B-PorHerramienta'!$A$2:$A$2848,G$8,'B-PorHerramienta'!$J$2:$J$2848,$AC15,'B-PorHerramienta'!$K$2:$K$2848,$AD15,'B-PorHerramienta'!$L$2:$L$2848,$AE15,'B-PorHerramienta'!$F$2:$F$2848,"<>")=0,"",ROUND(SUMIFS(INDEX('B-PorHerramienta'!$F$2:$I$2848,0,$AH$6),'B-PorHerramienta'!$A$2:$A$2848,G$8,'B-PorHerramienta'!$J$2:$J$2848,$AC15,'B-PorHerramienta'!$K$2:$K$2848,$AD15,'B-PorHerramienta'!$L$2:$L$2848,$AE15)*$AI$6,$AJ$6)) | H15: =IF(COUNTIFS('B-PorHerramienta'!$A$2:$A$2848,H$8,'B-PorHerramienta'!$J$2:$J$2848,$AC15,'B-PorHerramienta'!$K$2:$K$2848,$AD15,'B-PorHerramienta'!$L$2:$L$2848,$AE15,'B-PorHerramienta'!$F$2:$F$2848,"<>")=0,"",ROUND(SUMIFS(INDEX('B-PorHerramienta'!$F$2:$I$2848,0,$AH$6),'B-PorHerramienta'!$A$2:$A$2848,H$8,'B-PorHerramienta'!$J$2:$J$2848,$AC15,'B-PorHerramienta'!$K$2:$K$2848,$AD15,'B-PorHerramienta'!$L$2:$L$2848,$AE15)*$AI$6,$AJ$6)) | I15: =IF(COUNTIFS('B-PorHerramienta'!$A$2:$A$2848,I$8,'B-PorHerramienta'!$J$2:$J$2848,$AC15,'B-PorHerramienta'!$K$2:$K$2848,$AD15,'B-PorHerramienta'!$L$2:$L$2848,$AE15,'B-PorHerramienta'!$F$2:$F$2848,"<>")=0,"",ROUND(SUMIFS(INDEX('B-PorHerramienta'!$F$2:$I$2848,0,$AH$6),'B-PorHerramienta'!$A$2:$A$2848,I$8,'B-PorHerramienta'!$J$2:$J$2848,$AC15,'B-PorHerramienta'!$K$2:$K$2848,$AD15,'B-PorHerramienta'!$L$2:$L$2848,$AE15)*$AI$6,$AJ$6)) | J15: =IF(COUNTIFS('B-PorHerramienta'!$A$2:$A$2848,J$8,'B-PorHerramienta'!$J$2:$J$2848,$AC15,'B-PorHerramienta'!$K$2:$K$2848,$AD15,'B-PorHerramienta'!$L$2:$L$2848,$AE15,'B-PorHerramienta'!$F$2:$F$2848,"<>")=0,"",ROUND(SUMIFS(INDEX('B-PorHerramienta'!$F$2:$I$2848,0,$AH$6),'B-PorHerramienta'!$A$2:$A$2848,J$8,'B-PorHerramienta'!$J$2:$J$2848,$AC15,'B-PorHerramienta'!$K$2:$K$2848,$AD15,'B-PorHerramienta'!$L$2:$L$2848,$AE15)*$AI$6,$AJ$6)) | ... Z15: =IF(COUNTIFS('B-PorHerramienta'!$A$2:$A$2848,Z$8,'B-PorHerramienta'!$J$2:$J$2848,$AC15,'B-PorHerramienta'!$K$2:$K$2848,$AD15,'B-PorHerramienta'!$L$2:$L$2848,$AE15,'B-PorHerramienta'!$F$2:$F$2848,"<>")=0,"",ROUND(SUMIFS(INDEX('B-PorHerramienta'!$F$2:$I$2848,0,$AH$6),'B-PorHerramienta'!$A$2:$A$2848,Z$8,'B-PorHerramienta'!$J$2:$J$2848,$AC15,'B-PorHerramienta'!$K$2:$K$2848,$AD15,'B-PorHerramienta'!$L$2:$L$2848,$AE15)*$AI$6,$AJ$6)) | AB15: 2 | AC15: Estímulos fiscales | AD15: Decretos presidenciales | AE15: R0426
A16: Crédito Fiscal a los Contribuyentes Personas Morales y Fideicomisos Autorizados para Recibir Donativos Deducibles Equivalente al Monto del ISR que se Cause por la Obtención de Ingresos por Actividades Distintas a los Fines Autorizados, que Excedan del Límite del 10% | B16: EF.DP.11, 103 | C16: =IF(COUNTIFS('B-PorHerramienta'!$A$2:$A$2848,C$8,'B-PorHerramienta'!$J$2:$J$2848,$AC16,'B-PorHerramienta'!$K$2:$K$2848,$AD16,'B-PorHerramienta'!$L$2:$L$2848,$AE16,'B-PorHerramienta'!$F$2:$F$2848,"<>")=0,"",ROUND(SUMIFS(INDEX('B-PorHerramienta'!$F$2:$I$2848,0,$AH$6),'B-PorHerramienta'!$A$2:$A$2848,C$8,'B-PorHerramienta'!$J$2:$J$2848,$AC16,'B-PorHerramienta'!$K$2:$K$2848,$AD16,'B-PorHerramienta'!$L$2:$L$2848,$AE16)*$AI$6,$AJ$6)) | D16: =IF(COUNTIFS('B-PorHerramienta'!$A$2:$A$2848,D$8,'B-PorHerramienta'!$J$2:$J$2848,$AC16,'B-PorHerramienta'!$K$2:$K$2848,$AD16,'B-PorHerramienta'!$L$2:$L$2848,$AE16,'B-PorHerramienta'!$F$2:$F$2848,"<>")=0,"",ROUND(SUMIFS(INDEX('B-PorHerramienta'!$F$2:$I$2848,0,$AH$6),'B-PorHerramienta'!$A$2:$A$2848,D$8,'B-PorHerramienta'!$J$2:$J$2848,$AC16,'B-PorHerramienta'!$K$2:$K$2848,$AD16,'B-PorHerramienta'!$L$2:$L$2848,$AE16)*$AI$6,$AJ$6)) | E16: =IF(COUNTIFS('B-PorHerramienta'!$A$2:$A$2848,E$8,'B-PorHerramienta'!$J$2:$J$2848,$AC16,'B-PorHerramienta'!$K$2:$K$2848,$AD16,'B-PorHerramienta'!$L$2:$L$2848,$AE16,'B-PorHerramienta'!$F$2:$F$2848,"<>")=0,"",ROUND(SUMIFS(INDEX('B-PorHerramienta'!$F$2:$I$2848,0,$AH$6),'B-PorHerramienta'!$A$2:$A$2848,E$8,'B-PorHerramienta'!$J$2:$J$2848,$AC16,'B-PorHerramienta'!$K$2:$K$2848,$AD16,'B-PorHerramienta'!$L$2:$L$2848,$AE16)*$AI$6,$AJ$6)) | F16: =IF(COUNTIFS('B-PorHerramienta'!$A$2:$A$2848,F$8,'B-PorHerramienta'!$J$2:$J$2848,$AC16,'B-PorHerramienta'!$K$2:$K$2848,$AD16,'B-PorHerramienta'!$L$2:$L$2848,$AE16,'B-PorHerramienta'!$F$2:$F$2848,"<>")=0,"",ROUND(SUMIFS(INDEX('B-PorHerramienta'!$F$2:$I$2848,0,$AH$6),'B-PorHerramienta'!$A$2:$A$2848,F$8,'B-PorHerramienta'!$J$2:$J$2848,$AC16,'B-PorHerramienta'!$K$2:$K$2848,$AD16,'B-PorHerramienta'!$L$2:$L$2848,$AE16)*$AI$6,$AJ$6)) | G16: =IF(COUNTIFS('B-PorHerramienta'!$A$2:$A$2848,G$8,'B-PorHerramienta'!$J$2:$J$2848,$AC16,'B-PorHerramienta'!$K$2:$K$2848,$AD16,'B-PorHerramienta'!$L$2:$L$2848,$AE16,'B-PorHerramienta'!$F$2:$F$2848,"<>")=0,"",ROUND(SUMIFS(INDEX('B-PorHerramienta'!$F$2:$I$2848,0,$AH$6),'B-PorHerramienta'!$A$2:$A$2848,G$8,'B-PorHerramienta'!$J$2:$J$2848,$AC16,'B-PorHerramienta'!$K$2:$K$2848,$AD16,'B-PorHerramienta'!$L$2:$L$2848,$AE16)*$AI$6,$AJ$6)) | H16: =IF(COUNTIFS('B-PorHerramienta'!$A$2:$A$2848,H$8,'B-PorHerramienta'!$J$2:$J$2848,$AC16,'B-PorHerramienta'!$K$2:$K$2848,$AD16,'B-PorHerramienta'!$L$2:$L$2848,$AE16,'B-PorHerramienta'!$F$2:$F$2848,"<>")=0,"",ROUND(SUMIFS(INDEX('B-PorHerramienta'!$F$2:$I$2848,0,$AH$6),'B-PorHerramienta'!$A$2:$A$2848,H$8,'B-PorHerramienta'!$J$2:$J$2848,$AC16,'B-PorHerramienta'!$K$2:$K$2848,$AD16,'B-PorHerramienta'!$L$2:$L$2848,$AE16)*$AI$6,$AJ$6)) | I16: =IF(COUNTIFS('B-PorHerramienta'!$A$2:$A$2848,I$8,'B-PorHerramienta'!$J$2:$J$2848,$AC16,'B-PorHerramienta'!$K$2:$K$2848,$AD16,'B-PorHerramienta'!$L$2:$L$2848,$AE16,'B-PorHerramienta'!$F$2:$F$2848,"<>")=0,"",ROUND(SUMIFS(INDEX('B-PorHerramienta'!$F$2:$I$2848,0,$AH$6),'B-PorHerramienta'!$A$2:$A$2848,I$8,'B-PorHerramienta'!$J$2:$J$2848,$AC16,'B-PorHerramienta'!$K$2:$K$2848,$AD16,'B-PorHerramienta'!$L$2:$L$2848,$AE16)*$AI$6,$AJ$6)) | J16: =IF(COUNTIFS('B-PorHerramienta'!$A$2:$A$2848,J$8,'B-PorHerramienta'!$J$2:$J$2848,$AC16,'B-PorHerramienta'!$K$2:$K$2848,$AD16,'B-PorHerramienta'!$L$2:$L$2848,$AE16,'B-PorHerramienta'!$F$2:$F$2848,"<>")=0,"",ROUND(SUMIFS(INDEX('B-PorHerramienta'!$F$2:$I$2848,0,$AH$6),'B-PorHerramienta'!$A$2:$A$2848,J$8,'B-PorHerramienta'!$J$2:$J$2848,$AC16,'B-PorHerramienta'!$K$2:$K$2848,$AD16,'B-PorHerramienta'!$L$2:$L$2848,$AE16)*$AI$6,$AJ$6)) | ... Z16: =IF(COUNTIFS('B-PorHerramienta'!$A$2:$A$2848,Z$8,'B-PorHerramienta'!$J$2:$J$2848,$AC16,'B-PorHerramienta'!$K$2:$K$2848,$AD16,'B-PorHerramienta'!$L$2:$L$2848,$AE16,'B-PorHerramienta'!$F$2:$F$2848,"<>")=0,"",ROUND(SUMIFS(INDEX('B-PorHerramienta'!$F$2:$I$2848,0,$AH$6),'B-PorHerramienta'!$A$2:$A$2848,Z$8,'B-PorHerramienta'!$J$2:$J$2848,$AC16,'B-PorHerramienta'!$K$2:$K$2848,$AD16,'B-PorHerramienta'!$L$2:$L$2848,$AE16)*$AI$6,$AJ$6)) | AB16: 2 | AC16: Estímulos fiscales | AD16: Decretos presidenciales | AE16: R0427
A17: Estímulo Fiscal a los Contribuyentes Afectados por el Sismo del 7 de Septiembre de 2017 en los Municipios Señalados en los Estados de Oaxaca y Chiapas, Consistente en la Deducción Inmediata al 100% de las Inversiones en Bienes Nuevos de Activo Fijo | B17: EF.DP.12 | C17: =IF(COUNTIFS('B-PorHerramienta'!$A$2:$A$2848,C$8,'B-PorHerramienta'!$J$2:$J$2848,$AC17,'B-PorHerramienta'!$K$2:$K$2848,$AD17,'B-PorHerramienta'!$L$2:$L$2848,$AE17,'B-PorHerramienta'!$F$2:$F$2848,"<>")=0,"",ROUND(SUMIFS(INDEX('B-PorHerramienta'!$F$2:$I$2848,0,$AH$6),'B-PorHerramienta'!$A$2:$A$2848,C$8,'B-PorHerramienta'!$J$2:$J$2848,$AC17,'B-PorHerramienta'!$K$2:$K$2848,$AD17,'B-PorHerramienta'!$L$2:$L$2848,$AE17)*$AI$6,$AJ$6)) | D17: =IF(COUNTIFS('B-PorHerramienta'!$A$2:$A$2848,D$8,'B-PorHerramienta'!$J$2:$J$2848,$AC17,'B-PorHerramienta'!$K$2:$K$2848,$AD17,'B-PorHerramienta'!$L$2:$L$2848,$AE17,'B-PorHerramienta'!$F$2:$F$2848,"<>")=0,"",ROUND(SUMIFS(INDEX('B-PorHerramienta'!$F$2:$I$2848,0,$AH$6),'B-PorHerramienta'!$A$2:$A$2848,D$8,'B-PorHerramienta'!$J$2:$J$2848,$AC17,'B-PorHerramienta'!$K$2:$K$2848,$AD17,'B-PorHerramienta'!$L$2:$L$2848,$AE17)*$AI$6,$AJ$6)) | E17: =IF(COUNTIFS('B-PorHerramienta'!$A$2:$A$2848,E$8,'B-PorHerramienta'!$J$2:$J$2848,$AC17,'B-PorHerramienta'!$K$2:$K$2848,$AD17,'B-PorHerramienta'!$L$2:$L$2848,$AE17,'B-PorHerramienta'!$F$2:$F$2848,"<>")=0,"",ROUND(SUMIFS(INDEX('B-PorHerramienta'!$F$2:$I$2848,0,$AH$6),'B-PorHerramienta'!$A$2:$A$2848,E$8,'B-PorHerramienta'!$J$2:$J$2848,$AC17,'B-PorHerramienta'!$K$2:$K$2848,$AD17,'B-PorHerramienta'!$L$2:$L$2848,$AE17)*$AI$6,$AJ$6)) | F17: =IF(COUNTIFS('B-PorHerramienta'!$A$2:$A$2848,F$8,'B-PorHerramienta'!$J$2:$J$2848,$AC17,'B-PorHerramienta'!$K$2:$K$2848,$AD17,'B-PorHerramienta'!$L$2:$L$2848,$AE17,'B-PorHerramienta'!$F$2:$F$2848,"<>")=0,"",ROUND(SUMIFS(INDEX('B-PorHerramienta'!$F$2:$I$2848,0,$AH$6),'B-PorHerramienta'!$A$2:$A$2848,F$8,'B-PorHerramienta'!$J$2:$J$2848,$AC17,'B-PorHerramienta'!$K$2:$K$2848,$AD17,'B-PorHerramienta'!$L$2:$L$2848,$AE17)*$AI$6,$AJ$6)) | G17: =IF(COUNTIFS('B-PorHerramienta'!$A$2:$A$2848,G$8,'B-PorHerramienta'!$J$2:$J$2848,$AC17,'B-PorHerramienta'!$K$2:$K$2848,$AD17,'B-PorHerramienta'!$L$2:$L$2848,$AE17,'B-PorHerramienta'!$F$2:$F$2848,"<>")=0,"",ROUND(SUMIFS(INDEX('B-PorHerramienta'!$F$2:$I$2848,0,$AH$6),'B-PorHerramienta'!$A$2:$A$2848,G$8,'B-PorHerramienta'!$J$2:$J$2848,$AC17,'B-PorHerramienta'!$K$2:$K$2848,$AD17,'B-PorHerramienta'!$L$2:$L$2848,$AE17)*$AI$6,$AJ$6)) | H17: =IF(COUNTIFS('B-PorHerramienta'!$A$2:$A$2848,H$8,'B-PorHerramienta'!$J$2:$J$2848,$AC17,'B-PorHerramienta'!$K$2:$K$2848,$AD17,'B-PorHerramienta'!$L$2:$L$2848,$AE17,'B-PorHerramienta'!$F$2:$F$2848,"<>")=0,"",ROUND(SUMIFS(INDEX('B-PorHerramienta'!$F$2:$I$2848,0,$AH$6),'B-PorHerramienta'!$A$2:$A$2848,H$8,'B-PorHerramienta'!$J$2:$J$2848,$AC17,'B-PorHerramienta'!$K$2:$K$2848,$AD17,'B-PorHerramienta'!$L$2:$L$2848,$AE17)*$AI$6,$AJ$6)) | I17: =IF(COUNTIFS('B-PorHerramienta'!$A$2:$A$2848,I$8,'B-PorHerramienta'!$J$2:$J$2848,$AC17,'B-PorHerramienta'!$K$2:$K$2848,$AD17,'B-PorHerramienta'!$L$2:$L$2848,$AE17,'B-PorHerramienta'!$F$2:$F$2848,"<>")=0,"",ROUND(SUMIFS(INDEX('B-PorHerramienta'!$F$2:$I$2848,0,$AH$6),'B-PorHerramienta'!$A$2:$A$2848,I$8,'B-PorHerramienta'!$J$2:$J$2848,$AC17,'B-PorHerramienta'!$K$2:$K$2848,$AD17,'B-PorHerramienta'!$L$2:$L$2848,$AE17)*$AI$6,$AJ$6)) | J17: =IF(COUNTIFS('B-PorHerramienta'!$A$2:$A$2848,J$8,'B-PorHerramienta'!$J$2:$J$2848,$AC17,'B-PorHerramienta'!$K$2:$K$2848,$AD17,'B-PorHerramienta'!$L$2:$L$2848,$AE17,'B-PorHerramienta'!$F$2:$F$2848,"<>")=0,"",ROUND(SUMIFS(INDEX('B-PorHerramienta'!$F$2:$I$2848,0,$AH$6),'B-PorHerramienta'!$A$2:$A$2848,J$8,'B-PorHerramienta'!$J$2:$J$2848,$AC17,'B-PorHerramienta'!$K$2:$K$2848,$AD17,'B-PorHerramienta'!$L$2:$L$2848,$AE17)*$AI$6,$AJ$6)) | ... Z17: =IF(COUNTIFS('B-PorHerramienta'!$A$2:$A$2848,Z$8,'B-PorHerramienta'!$J$2:$J$2848,$AC17,'B-PorHerramienta'!$K$2:$K$2848,$AD17,'B-PorHerramienta'!$L$2:$L$2848,$AE17,'B-PorHerramienta'!$F$2:$F$2848,"<>")=0,"",ROUND(SUMIFS(INDEX('B-PorHerramienta'!$F$2:$I$2848,0,$AH$6),'B-PorHerramienta'!$A$2:$A$2848,Z$8,'B-PorHerramienta'!$J$2:$J$2848,$AC17,'B-PorHerramienta'!$K$2:$K$2848,$AD17,'B-PorHerramienta'!$L$2:$L$2848,$AE17)*$AI$6,$AJ$6)) | AB17: 2 | AC17: Estímulos fiscales | AD17: Decretos presidenciales | AE17: R0428
A18: Estímulo Fiscal a los Contribuyentes Afectados por el Sismo del 19 de Septiembre de 2017 en los Municipios Señalados en los Estados de México, Morelos, Oaxaca, Puebla y Tlaxcala, Consistente en la Deducción Inmediata al 100% de las Inversiones en Bienes Nuevos de Activo Fijo | B18: EF.DP.13 | C18: =IF(COUNTIFS('B-PorHerramienta'!$A$2:$A$2848,C$8,'B-PorHerramienta'!$J$2:$J$2848,$AC18,'B-PorHerramienta'!$K$2:$K$2848,$AD18,'B-PorHerramienta'!$L$2:$L$2848,$AE18,'B-PorHerramienta'!$F$2:$F$2848,"<>")=0,"",ROUND(SUMIFS(INDEX('B-PorHerramienta'!$F$2:$I$2848,0,$AH$6),'B-PorHerramienta'!$A$2:$A$2848,C$8,'B-PorHerramienta'!$J$2:$J$2848,$AC18,'B-PorHerramienta'!$K$2:$K$2848,$AD18,'B-PorHerramienta'!$L$2:$L$2848,$AE18)*$AI$6,$AJ$6)) | D18: =IF(COUNTIFS('B-PorHerramienta'!$A$2:$A$2848,D$8,'B-PorHerramienta'!$J$2:$J$2848,$AC18,'B-PorHerramienta'!$K$2:$K$2848,$AD18,'B-PorHerramienta'!$L$2:$L$2848,$AE18,'B-PorHerramienta'!$F$2:$F$2848,"<>")=0,"",ROUND(SUMIFS(INDEX('B-PorHerramienta'!$F$2:$I$2848,0,$AH$6),'B-PorHerramienta'!$A$2:$A$2848,D$8,'B-PorHerramienta'!$J$2:$J$2848,$AC18,'B-PorHerramienta'!$K$2:$K$2848,$AD18,'B-PorHerramienta'!$L$2:$L$2848,$AE18)*$AI$6,$AJ$6)) | E18: =IF(COUNTIFS('B-PorHerramienta'!$A$2:$A$2848,E$8,'B-PorHerramienta'!$J$2:$J$2848,$AC18,'B-PorHerramienta'!$K$2:$K$2848,$AD18,'B-PorHerramienta'!$L$2:$L$2848,$AE18,'B-PorHerramienta'!$F$2:$F$2848,"<>")=0,"",ROUND(SUMIFS(INDEX('B-PorHerramienta'!$F$2:$I$2848,0,$AH$6),'B-PorHerramienta'!$A$2:$A$2848,E$8,'B-PorHerramienta'!$J$2:$J$2848,$AC18,'B-PorHerramienta'!$K$2:$K$2848,$AD18,'B-PorHerramienta'!$L$2:$L$2848,$AE18)*$AI$6,$AJ$6)) | F18: =IF(COUNTIFS('B-PorHerramienta'!$A$2:$A$2848,F$8,'B-PorHerramienta'!$J$2:$J$2848,$AC18,'B-PorHerramienta'!$K$2:$K$2848,$AD18,'B-PorHerramienta'!$L$2:$L$2848,$AE18,'B-PorHerramienta'!$F$2:$F$2848,"<>")=0,"",ROUND(SUMIFS(INDEX('B-PorHerramienta'!$F$2:$I$2848,0,$AH$6),'B-PorHerramienta'!$A$2:$A$2848,F$8,'B-PorHerramienta'!$J$2:$J$2848,$AC18,'B-PorHerramienta'!$K$2:$K$2848,$AD18,'B-PorHerramienta'!$L$2:$L$2848,$AE18)*$AI$6,$AJ$6)) | G18: =IF(COUNTIFS('B-PorHerramienta'!$A$2:$A$2848,G$8,'B-PorHerramienta'!$J$2:$J$2848,$AC18,'B-PorHerramienta'!$K$2:$K$2848,$AD18,'B-PorHerramienta'!$L$2:$L$2848,$AE18,'B-PorHerramienta'!$F$2:$F$2848,"<>")=0,"",ROUND(SUMIFS(INDEX('B-PorHerramienta'!$F$2:$I$2848,0,$AH$6),'B-PorHerramienta'!$A$2:$A$2848,G$8,'B-PorHerramienta'!$J$2:$J$2848,$AC18,'B-PorHerramienta'!$K$2:$K$2848,$AD18,'B-PorHerramienta'!$L$2:$L$2848,$AE18)*$AI$6,$AJ$6)) | H18: =IF(COUNTIFS('B-PorHerramienta'!$A$2:$A$2848,H$8,'B-PorHerramienta'!$J$2:$J$2848,$AC18,'B-PorHerramienta'!$K$2:$K$2848,$AD18,'B-PorHerramienta'!$L$2:$L$2848,$AE18,'B-PorHerramienta'!$F$2:$F$2848,"<>")=0,"",ROUND(SUMIFS(INDEX('B-PorHerramienta'!$F$2:$I$2848,0,$AH$6),'B-PorHerramienta'!$A$2:$A$2848,H$8,'B-PorHerramienta'!$J$2:$J$2848,$AC18,'B-PorHerramienta'!$K$2:$K$2848,$AD18,'B-PorHerramienta'!$L$2:$L$2848,$AE18)*$AI$6,$AJ$6)) | I18: =IF(COUNTIFS('B-PorHerramienta'!$A$2:$A$2848,I$8,'B-PorHerramienta'!$J$2:$J$2848,$AC18,'B-PorHerramienta'!$K$2:$K$2848,$AD18,'B-PorHerramienta'!$L$2:$L$2848,$AE18,'B-PorHerramienta'!$F$2:$F$2848,"<>")=0,"",ROUND(SUMIFS(INDEX('B-PorHerramienta'!$F$2:$I$2848,0,$AH$6),'B-PorHerramienta'!$A$2:$A$2848,I$8,'B-PorHerramienta'!$J$2:$J$2848,$AC18,'B-PorHerramienta'!$K$2:$K$2848,$AD18,'B-PorHerramienta'!$L$2:$L$2848,$AE18)*$AI$6,$AJ$6)) | J18: =IF(COUNTIFS('B-PorHerramienta'!$A$2:$A$2848,J$8,'B-PorHerramienta'!$J$2:$J$2848,$AC18,'B-PorHerramienta'!$K$2:$K$2848,$AD18,'B-PorHerramienta'!$L$2:$L$2848,$AE18,'B-PorHerramienta'!$F$2:$F$2848,"<>")=0,"",ROUND(SUMIFS(INDEX('B-PorHerramienta'!$F$2:$I$2848,0,$AH$6),'B-PorHerramienta'!$A$2:$A$2848,J$8,'B-PorHerramienta'!$J$2:$J$2848,$AC18,'B-PorHerramienta'!$K$2:$K$2848,$AD18,'B-PorHerramienta'!$L$2:$L$2848,$AE18)*$AI$6,$AJ$6)) | ... Z18: =IF(COUNTIFS('B-PorHerramienta'!$A$2:$A$2848,Z$8,'B-PorHerramienta'!$J$2:$J$2848,$AC18,'B-PorHerramienta'!$K$2:$K$2848,$AD18,'B-PorHerramienta'!$L$2:$L$2848,$AE18,'B-PorHerramienta'!$F$2:$F$2848,"<>")=0,"",ROUND(SUMIFS(INDEX('B-PorHerramienta'!$F$2:$I$2848,0,$AH$6),'B-PorHerramienta'!$A$2:$A$2848,Z$8,'B-PorHerramienta'!$J$2:$J$2848,$AC18,'B-PorHerramienta'!$K$2:$K$2848,$AD18,'B-PorHerramienta'!$L$2:$L$2848,$AE18)*$AI$6,$AJ$6)) | AB18: 2 | AC18: Estímulos fiscales | AD18: Decretos presidenciales | AE18: R0429
A19: Exención del Pago del ISR a las Personas Físicas Afectadas por el Sismo del 19 de Septiembre de 2017 que Obtengan Ingresos por la Enajenación de Terrenos con Valor de hasta 700 Mil UDIS | B19: EF.DP.14 | C19: =IF(COUNTIFS('B-PorHerramienta'!$A$2:$A$2848,C$8,'B-PorHerramienta'!$J$2:$J$2848,$AC19,'B-PorHerramienta'!$K$2:$K$2848,$AD19,'B-PorHerramienta'!$L$2:$L$2848,$AE19,'B-PorHerramienta'!$F$2:$F$2848,"<>")=0,"",ROUND(SUMIFS(INDEX('B-PorHerramienta'!$F$2:$I$2848,0,$AH$6),'B-PorHerramienta'!$A$2:$A$2848,C$8,'B-PorHerramienta'!$J$2:$J$2848,$AC19,'B-PorHerramienta'!$K$2:$K$2848,$AD19,'B-PorHerramienta'!$L$2:$L$2848,$AE19)*$AI$6,$AJ$6)) | D19: =IF(COUNTIFS('B-PorHerramienta'!$A$2:$A$2848,D$8,'B-PorHerramienta'!$J$2:$J$2848,$AC19,'B-PorHerramienta'!$K$2:$K$2848,$AD19,'B-PorHerramienta'!$L$2:$L$2848,$AE19,'B-PorHerramienta'!$F$2:$F$2848,"<>")=0,"",ROUND(SUMIFS(INDEX('B-PorHerramienta'!$F$2:$I$2848,0,$AH$6),'B-PorHerramienta'!$A$2:$A$2848,D$8,'B-PorHerramienta'!$J$2:$J$2848,$AC19,'B-PorHerramienta'!$K$2:$K$2848,$AD19,'B-PorHerramienta'!$L$2:$L$2848,$AE19)*$AI$6,$AJ$6)) | E19: =IF(COUNTIFS('B-PorHerramienta'!$A$2:$A$2848,E$8,'B-PorHerramienta'!$J$2:$J$2848,$AC19,'B-PorHerramienta'!$K$2:$K$2848,$AD19,'B-PorHerramienta'!$L$2:$L$2848,$AE19,'B-PorHerramienta'!$F$2:$F$2848,"<>")=0,"",ROUND(SUMIFS(INDEX('B-PorHerramienta'!$F$2:$I$2848,0,$AH$6),'B-PorHerramienta'!$A$2:$A$2848,E$8,'B-PorHerramienta'!$J$2:$J$2848,$AC19,'B-PorHerramienta'!$K$2:$K$2848,$AD19,'B-PorHerramienta'!$L$2:$L$2848,$AE19)*$AI$6,$AJ$6)) | F19: =IF(COUNTIFS('B-PorHerramienta'!$A$2:$A$2848,F$8,'B-PorHerramienta'!$J$2:$J$2848,$AC19,'B-PorHerramienta'!$K$2:$K$2848,$AD19,'B-PorHerramienta'!$L$2:$L$2848,$AE19,'B-PorHerramienta'!$F$2:$F$2848,"<>")=0,"",ROUND(SUMIFS(INDEX('B-PorHerramienta'!$F$2:$I$2848,0,$AH$6),'B-PorHerramienta'!$A$2:$A$2848,F$8,'B-PorHerramienta'!$J$2:$J$2848,$AC19,'B-PorHerramienta'!$K$2:$K$2848,$AD19,'B-PorHerramienta'!$L$2:$L$2848,$AE19)*$AI$6,$AJ$6)) | G19: =IF(COUNTIFS('B-PorHerramienta'!$A$2:$A$2848,G$8,'B-PorHerramienta'!$J$2:$J$2848,$AC19,'B-PorHerramienta'!$K$2:$K$2848,$AD19,'B-PorHerramienta'!$L$2:$L$2848,$AE19,'B-PorHerramienta'!$F$2:$F$2848,"<>")=0,"",ROUND(SUMIFS(INDEX('B-PorHerramienta'!$F$2:$I$2848,0,$AH$6),'B-PorHerramienta'!$A$2:$A$2848,G$8,'B-PorHerramienta'!$J$2:$J$2848,$AC19,'B-PorHerramienta'!$K$2:$K$2848,$AD19,'B-PorHerramienta'!$L$2:$L$2848,$AE19)*$AI$6,$AJ$6)) | H19: =IF(COUNTIFS('B-PorHerramienta'!$A$2:$A$2848,H$8,'B-PorHerramienta'!$J$2:$J$2848,$AC19,'B-PorHerramienta'!$K$2:$K$2848,$AD19,'B-PorHerramienta'!$L$2:$L$2848,$AE19,'B-PorHerramienta'!$F$2:$F$2848,"<>")=0,"",ROUND(SUMIFS(INDEX('B-PorHerramienta'!$F$2:$I$2848,0,$AH$6),'B-PorHerramienta'!$A$2:$A$2848,H$8,'B-PorHerramienta'!$J$2:$J$2848,$AC19,'B-PorHerramienta'!$K$2:$K$2848,$AD19,'B-PorHerramienta'!$L$2:$L$2848,$AE19)*$AI$6,$AJ$6)) | I19: =IF(COUNTIFS('B-PorHerramienta'!$A$2:$A$2848,I$8,'B-PorHerramienta'!$J$2:$J$2848,$AC19,'B-PorHerramienta'!$K$2:$K$2848,$AD19,'B-PorHerramienta'!$L$2:$L$2848,$AE19,'B-PorHerramienta'!$F$2:$F$2848,"<>")=0,"",ROUND(SUMIFS(INDEX('B-PorHerramienta'!$F$2:$I$2848,0,$AH$6),'B-PorHerramienta'!$A$2:$A$2848,I$8,'B-PorHerramienta'!$J$2:$J$2848,$AC19,'B-PorHerramienta'!$K$2:$K$2848,$AD19,'B-PorHerramienta'!$L$2:$L$2848,$AE19)*$AI$6,$AJ$6)) | J19: =IF(COUNTIFS('B-PorHerramienta'!$A$2:$A$2848,J$8,'B-PorHerramienta'!$J$2:$J$2848,$AC19,'B-PorHerramienta'!$K$2:$K$2848,$AD19,'B-PorHerramienta'!$L$2:$L$2848,$AE19,'B-PorHerramienta'!$F$2:$F$2848,"<>")=0,"",ROUND(SUMIFS(INDEX('B-PorHerramienta'!$F$2:$I$2848,0,$AH$6),'B-PorHerramienta'!$A$2:$A$2848,J$8,'B-PorHerramienta'!$J$2:$J$2848,$AC19,'B-PorHerramienta'!$K$2:$K$2848,$AD19,'B-PorHerramienta'!$L$2:$L$2848,$AE19)*$AI$6,$AJ$6)) | ... Z19: =IF(COUNTIFS('B-PorHerramienta'!$A$2:$A$2848,Z$8,'B-PorHerramienta'!$J$2:$J$2848,$AC19,'B-PorHerramienta'!$K$2:$K$2848,$AD19,'B-PorHerramienta'!$L$2:$L$2848,$AE19,'B-PorHerramienta'!$F$2:$F$2848,"<>")=0,"",ROUND(SUMIFS(INDEX('B-PorHerramienta'!$F$2:$I$2848,0,$AH$6),'B-PorHerramienta'!$A$2:$A$2848,Z$8,'B-PorHerramienta'!$J$2:$J$2848,$AC19,'B-PorHerramienta'!$K$2:$K$2848,$AD19,'B-PorHerramienta'!$L$2:$L$2848,$AE19)*$AI$6,$AJ$6)) -> 0.0001 | AB19: 2 | AC19: Estímulos fiscales | AD19: Decretos presidenciales | AE19: R0430
A20: Exención del Pago del ISR a las Personas Físicas Afectadas por los Sismos de Septiembre de 2017 por los Ingresos Acumulables Relativos a la Condonación de la Deuda por la Pérdida Total de su Casa Habitación | B20: EF.DP.15 | C20: =IF(COUNTIFS('B-PorHerramienta'!$A$2:$A$2848,C$8,'B-PorHerramienta'!$J$2:$J$2848,$AC20,'B-PorHerramienta'!$K$2:$K$2848,$AD20,'B-PorHerramienta'!$L$2:$L$2848,$AE20,'B-PorHerramienta'!$F$2:$F$2848,"<>")=0,"",ROUND(SUMIFS(INDEX('B-PorHerramienta'!$F$2:$I$2848,0,$AH$6),'B-PorHerramienta'!$A$2:$A$2848,C$8,'B-PorHerramienta'!$J$2:$J$2848,$AC20,'B-PorHerramienta'!$K$2:$K$2848,$AD20,'B-PorHerramienta'!$L$2:$L$2848,$AE20)*$AI$6,$AJ$6)) | D20: =IF(COUNTIFS('B-PorHerramienta'!$A$2:$A$2848,D$8,'B-PorHerramienta'!$J$2:$J$2848,$AC20,'B-PorHerramienta'!$K$2:$K$2848,$AD20,'B-PorHerramienta'!$L$2:$L$2848,$AE20,'B-PorHerramienta'!$F$2:$F$2848,"<>")=0,"",ROUND(SUMIFS(INDEX('B-PorHerramienta'!$F$2:$I$2848,0,$AH$6),'B-PorHerramienta'!$A$2:$A$2848,D$8,'B-PorHerramienta'!$J$2:$J$2848,$AC20,'B-PorHerramienta'!$K$2:$K$2848,$AD20,'B-PorHerramienta'!$L$2:$L$2848,$AE20)*$AI$6,$AJ$6)) | E20: =IF(COUNTIFS('B-PorHerramienta'!$A$2:$A$2848,E$8,'B-PorHerramienta'!$J$2:$J$2848,$AC20,'B-PorHerramienta'!$K$2:$K$2848,$AD20,'B-PorHerramienta'!$L$2:$L$2848,$AE20,'B-PorHerramienta'!$F$2:$F$2848,"<>")=0,"",ROUND(SUMIFS(INDEX('B-PorHerramienta'!$F$2:$I$2848,0,$AH$6),'B-PorHerramienta'!$A$2:$A$2848,E$8,'B-PorHerramienta'!$J$2:$J$2848,$AC20,'B-PorHerramienta'!$K$2:$K$2848,$AD20,'B-PorHerramienta'!$L$2:$L$2848,$AE20)*$AI$6,$AJ$6)) | F20: =IF(COUNTIFS('B-PorHerramienta'!$A$2:$A$2848,F$8,'B-PorHerramienta'!$J$2:$J$2848,$AC20,'B-PorHerramienta'!$K$2:$K$2848,$AD20,'B-PorHerramienta'!$L$2:$L$2848,$AE20,'B-PorHerramienta'!$F$2:$F$2848,"<>")=0,"",ROUND(SUMIFS(INDEX('B-PorHerramienta'!$F$2:$I$2848,0,$AH$6),'B-PorHerramienta'!$A$2:$A$2848,F$8,'B-PorHerramienta'!$J$2:$J$2848,$AC20,'B-PorHerramienta'!$K$2:$K$2848,$AD20,'B-PorHerramienta'!$L$2:$L$2848,$AE20)*$AI$6,$AJ$6)) | G20: =IF(COUNTIFS('B-PorHerramienta'!$A$2:$A$2848,G$8,'B-PorHerramienta'!$J$2:$J$2848,$AC20,'B-PorHerramienta'!$K$2:$K$2848,$AD20,'B-PorHerramienta'!$L$2:$L$2848,$AE20,'B-PorHerramienta'!$F$2:$F$2848,"<>")=0,"",ROUND(SUMIFS(INDEX('B-PorHerramienta'!$F$2:$I$2848,0,$AH$6),'B-PorHerramienta'!$A$2:$A$2848,G$8,'B-PorHerramienta'!$J$2:$J$2848,$AC20,'B-PorHerramienta'!$K$2:$K$2848,$AD20,'B-PorHerramienta'!$L$2:$L$2848,$AE20)*$AI$6,$AJ$6)) | H20: =IF(COUNTIFS('B-PorHerramienta'!$A$2:$A$2848,H$8,'B-PorHerramienta'!$J$2:$J$2848,$AC20,'B-PorHerramienta'!$K$2:$K$2848,$AD20,'B-PorHerramienta'!$L$2:$L$2848,$AE20,'B-PorHerramienta'!$F$2:$F$2848,"<>")=0,"",ROUND(SUMIFS(INDEX('B-PorHerramienta'!$F$2:$I$2848,0,$AH$6),'B-PorHerramienta'!$A$2:$A$2848,H$8,'B-PorHerramienta'!$J$2:$J$2848,$AC20,'B-PorHerramienta'!$K$2:$K$2848,$AD20,'B-PorHerramienta'!$L$2:$L$2848,$AE20)*$AI$6,$AJ$6)) | I20: =IF(COUNTIFS('B-PorHerramienta'!$A$2:$A$2848,I$8,'B-PorHerramienta'!$J$2:$J$2848,$AC20,'B-PorHerramienta'!$K$2:$K$2848,$AD20,'B-PorHerramienta'!$L$2:$L$2848,$AE20,'B-PorHerramienta'!$F$2:$F$2848,"<>")=0,"",ROUND(SUMIFS(INDEX('B-PorHerramienta'!$F$2:$I$2848,0,$AH$6),'B-PorHerramienta'!$A$2:$A$2848,I$8,'B-PorHerramienta'!$J$2:$J$2848,$AC20,'B-PorHerramienta'!$K$2:$K$2848,$AD20,'B-PorHerramienta'!$L$2:$L$2848,$AE20)*$AI$6,$AJ$6)) | J20: =IF(COUNTIFS('B-PorHerramienta'!$A$2:$A$2848,J$8,'B-PorHerramienta'!$J$2:$J$2848,$AC20,'B-PorHerramienta'!$K$2:$K$2848,$AD20,'B-PorHerramienta'!$L$2:$L$2848,$AE20,'B-PorHerramienta'!$F$2:$F$2848,"<>")=0,"",ROUND(SUMIFS(INDEX('B-PorHerramienta'!$F$2:$I$2848,0,$AH$6),'B-PorHerramienta'!$A$2:$A$2848,J$8,'B-PorHerramienta'!$J$2:$J$2848,$AC20,'B-PorHerramienta'!$K$2:$K$2848,$AD20,'B-PorHerramienta'!$L$2:$L$2848,$AE20)*$AI$6,$AJ$6)) | ... Z20: =IF(COUNTIFS('B-PorHerramienta'!$A$2:$A$2848,Z$8,'B-PorHerramienta'!$J$2:$J$2848,$AC20,'B-PorHerramienta'!$K$2:$K$2848,$AD20,'B-PorHerramienta'!$L$2:$L$2848,$AE20,'B-PorHerramienta'!$F$2:$F$2848,"<>")=0,"",ROUND(SUMIFS(INDEX('B-PorHerramienta'!$F$2:$I$2848,0,$AH$6),'B-PorHerramienta'!$A$2:$A$2848,Z$8,'B-PorHerramienta'!$J$2:$J$2848,$AC20,'B-PorHerramienta'!$K$2:$K$2848,$AD20,'B-PorHerramienta'!$L$2:$L$2848,$AE20)*$AI$6,$AJ$6)) -> 0 | AB20: 2 | AC20: Estímulos fiscales | AD20: Decretos presidenciales | AE20: R0431
A21: Estímulo Fiscal a los Contribuyentes Afectados por las Lluvias Severas Ocurridas Durante Octubre de 2018 en Municipios de Nayarit, Consistente en la Deducción Inmediata al 100% de las Inversiones en Bienes Nuevos de Activo Fijo | B21: EF.DP.16 | C21: =IF(COUNTIFS('B-PorHerramienta'!$A$2:$A$2848,C$8,'B-PorHerramienta'!$J$2:$J$2848,$AC21,'B-PorHerramienta'!$K$2:$K$2848,$AD21,'B-PorHerramienta'!$L$2:$L$2848,$AE21,'B-PorHerramienta'!$F$2:$F$2848,"<>")=0,"",ROUND(SUMIFS(INDEX('B-PorHerramienta'!$F$2:$I$2848,0,$AH$6),'B-PorHerramienta'!$A$2:$A$2848,C$8,'B-PorHerramienta'!$J$2:$J$2848,$AC21,'B-PorHerramienta'!$K$2:$K$2848,$AD21,'B-PorHerramienta'!$L$2:$L$2848,$AE21)*$AI$6,$AJ$6)) | D21: =IF(COUNTIFS('B-PorHerramienta'!$A$2:$A$2848,D$8,'B-PorHerramienta'!$J$2:$J$2848,$AC21,'B-PorHerramienta'!$K$2:$K$2848,$AD21,'B-PorHerramienta'!$L$2:$L$2848,$AE21,'B-PorHerramienta'!$F$2:$F$2848,"<>")=0,"",ROUND(SUMIFS(INDEX('B-PorHerramienta'!$F$2:$I$2848,0,$AH$6),'B-PorHerramienta'!$A$2:$A$2848,D$8,'B-PorHerramienta'!$J$2:$J$2848,$AC21,'B-PorHerramienta'!$K$2:$K$2848,$AD21,'B-PorHerramienta'!$L$2:$L$2848,$AE21)*$AI$6,$AJ$6)) | E21: =IF(COUNTIFS('B-PorHerramienta'!$A$2:$A$2848,E$8,'B-PorHerramienta'!$J$2:$J$2848,$AC21,'B-PorHerramienta'!$K$2:$K$2848,$AD21,'B-PorHerramienta'!$L$2:$L$2848,$AE21,'B-PorHerramienta'!$F$2:$F$2848,"<>")=0,"",ROUND(SUMIFS(INDEX('B-PorHerramienta'!$F$2:$I$2848,0,$AH$6),'B-PorHerramienta'!$A$2:$A$2848,E$8,'B-PorHerramienta'!$J$2:$J$2848,$AC21,'B-PorHerramienta'!$K$2:$K$2848,$AD21,'B-PorHerramienta'!$L$2:$L$2848,$AE21)*$AI$6,$AJ$6)) | F21: =IF(COUNTIFS('B-PorHerramienta'!$A$2:$A$2848,F$8,'B-PorHerramienta'!$J$2:$J$2848,$AC21,'B-PorHerramienta'!$K$2:$K$2848,$AD21,'B-PorHerramienta'!$L$2:$L$2848,$AE21,'B-PorHerramienta'!$F$2:$F$2848,"<>")=0,"",ROUND(SUMIFS(INDEX('B-PorHerramienta'!$F$2:$I$2848,0,$AH$6),'B-PorHerramienta'!$A$2:$A$2848,F$8,'B-PorHerramienta'!$J$2:$J$2848,$AC21,'B-PorHerramienta'!$K$2:$K$2848,$AD21,'B-PorHerramienta'!$L$2:$L$2848,$AE21)*$AI$6,$AJ$6)) | G21: =IF(COUNTIFS('B-PorHerramienta'!$A$2:$A$2848,G$8,'B-PorHerramienta'!$J$2:$J$2848,$AC21,'B-PorHerramienta'!$K$2:$K$2848,$AD21,'B-PorHerramienta'!$L$2:$L$2848,$AE21,'B-PorHerramienta'!$F$2:$F$2848,"<>")=0,"",ROUND(SUMIFS(INDEX('B-PorHerramienta'!$F$2:$I$2848,0,$AH$6),'B-PorHerramienta'!$A$2:$A$2848,G$8,'B-PorHerramienta'!$J$2:$J$2848,$AC21,'B-PorHerramienta'!$K$2:$K$2848,$AD21,'B-PorHerramienta'!$L$2:$L$2848,$AE21)*$AI$6,$AJ$6)) | H21: =IF(COUNTIFS('B-PorHerramienta'!$A$2:$A$2848,H$8,'B-PorHerramienta'!$J$2:$J$2848,$AC21,'B-PorHerramienta'!$K$2:$K$2848,$AD21,'B-PorHerramienta'!$L$2:$L$2848,$AE21,'B-PorHerramienta'!$F$2:$F$2848,"<>")=0,"",ROUND(SUMIFS(INDEX('B-PorHerramienta'!$F$2:$I$2848,0,$AH$6),'B-PorHerramienta'!$A$2:$A$2848,H$8,'B-PorHerramienta'!$J$2:$J$2848,$AC21,'B-PorHerramienta'!$K$2:$K$2848,$AD21,'B-PorHerramienta'!$L$2:$L$2848,$AE21)*$AI$6,$AJ$6)) | I21: =IF(COUNTIFS('B-PorHerramienta'!$A$2:$A$2848,I$8,'B-PorHerramienta'!$J$2:$J$2848,$AC21,'B-PorHerramienta'!$K$2:$K$2848,$AD21,'B-PorHerramienta'!$L$2:$L$2848,$AE21,'B-PorHerramienta'!$F$2:$F$2848,"<>")=0,"",ROUND(SUMIFS(INDEX('B-PorHerramienta'!$F$2:$I$2848,0,$AH$6),'B-PorHerramienta'!$A$2:$A$2848,I$8,'B-PorHerramienta'!$J$2:$J$2848,$AC21,'B-PorHerramienta'!$K$2:$K$2848,$AD21,'B-PorHerramienta'!$L$2:$L$2848,$AE21)*$AI$6,$AJ$6)) | J21: =IF(COUNTIFS('B-PorHerramienta'!$A$2:$A$2848,J$8,'B-PorHerramienta'!$J$2:$J$2848,$AC21,'B-PorHerramienta'!$K$2:$K$2848,$AD21,'B-PorHerramienta'!$L$2:$L$2848,$AE21,'B-PorHerramienta'!$F$2:$F$2848,"<>")=0,"",ROUND(SUMIFS(INDEX('B-PorHerramienta'!$F$2:$I$2848,0,$AH$6),'B-PorHerramienta'!$A$2:$A$2848,J$8,'B-PorHerramienta'!$J$2:$J$2848,$AC21,'B-PorHerramienta'!$K$2:$K$2848,$AD21,'B-PorHerramienta'!$L$2:$L$2848,$AE21)*$AI$6,$AJ$6)) | ... Z21: =IF(COUNTIFS('B-PorHerramienta'!$A$2:$A$2848,Z$8,'B-PorHerramienta'!$J$2:$J$2848,$AC21,'B-PorHerramienta'!$K$2:$K$2848,$AD21,'B-PorHerramienta'!$L$2:$L$2848,$AE21,'B-PorHerramienta'!$F$2:$F$2848,"<>")=0,"",ROUND(SUMIFS(INDEX('B-PorHerramienta'!$F$2:$I$2848,0,$AH$6),'B-PorHerramienta'!$A$2:$A$2848,Z$8,'B-PorHerramienta'!$J$2:$J$2848,$AC21,'B-PorHerramienta'!$K$2:$K$2848,$AD21,'B-PorHerramienta'!$L$2:$L$2848,$AE21)*$AI$6,$AJ$6)) | AB21: 2 | AC21: Estímulos fiscales | AD21: Decretos presidenciales | AE21: R0432
A22: Estímulos Fiscales en la Región Fronteriza Norte: Crédito Fiscal del 50% de la Tasa del IVA a los Contribuyentes, Personas Físicas y Personas Morales, que Realicen Actos o Actividades de Enajenación de Bienes, de Prestación de Servicios Independientes u Otorgamiento del Uso o Goce Temporal de Bienes, en los Locales o Establecimientos Ubicados Dentro de la Regiónfronteriza Norte | B22: EF.DP.17.A | C22: =IF(COUNTIFS('B-PorHerramienta'!$A$2:$A$2848,C$8,'B-PorHerramienta'!$J$2:$J$2848,$AC22,'B-PorHerramienta'!$K$2:$K$2848,$AD22,'B-PorHerramienta'!$L$2:$L$2848,$AE22,'B-PorHerramienta'!$F$2:$F$2848,"<>")=0,"",ROUND(SUMIFS(INDEX('B-PorHerramienta'!$F$2:$I$2848,0,$AH$6),'B-PorHerramienta'!$A$2:$A$2848,C$8,'B-PorHerramienta'!$J$2:$J$2848,$AC22,'B-PorHerramienta'!$K$2:$K$2848,$AD22,'B-PorHerramienta'!$L$2:$L$2848,$AE22)*$AI$6,$AJ$6)) | D22: =IF(COUNTIFS('B-PorHerramienta'!$A$2:$A$2848,D$8,'B-PorHerramienta'!$J$2:$J$2848,$AC22,'B-PorHerramienta'!$K$2:$K$2848,$AD22,'B-PorHerramienta'!$L$2:$L$2848,$AE22,'B-PorHerramienta'!$F$2:$F$2848,"<>")=0,"",ROUND(SUMIFS(INDEX('B-PorHerramienta'!$F$2:$I$2848,0,$AH$6),'B-PorHerramienta'!$A$2:$A$2848,D$8,'B-PorHerramienta'!$J$2:$J$2848,$AC22,'B-PorHerramienta'!$K$2:$K$2848,$AD22,'B-PorHerramienta'!$L$2:$L$2848,$AE22)*$AI$6,$AJ$6)) | E22: =IF(COUNTIFS('B-PorHerramienta'!$A$2:$A$2848,E$8,'B-PorHerramienta'!$J$2:$J$2848,$AC22,'B-PorHerramienta'!$K$2:$K$2848,$AD22,'B-PorHerramienta'!$L$2:$L$2848,$AE22,'B-PorHerramienta'!$F$2:$F$2848,"<>")=0,"",ROUND(SUMIFS(INDEX('B-PorHerramienta'!$F$2:$I$2848,0,$AH$6),'B-PorHerramienta'!$A$2:$A$2848,E$8,'B-PorHerramienta'!$J$2:$J$2848,$AC22,'B-PorHerramienta'!$K$2:$K$2848,$AD22,'B-PorHerramienta'!$L$2:$L$2848,$AE22)*$AI$6,$AJ$6)) | F22: =IF(COUNTIFS('B-PorHerramienta'!$A$2:$A$2848,F$8,'B-PorHerramienta'!$J$2:$J$2848,$AC22,'B-PorHerramienta'!$K$2:$K$2848,$AD22,'B-PorHerramienta'!$L$2:$L$2848,$AE22,'B-PorHerramienta'!$F$2:$F$2848,"<>")=0,"",ROUND(SUMIFS(INDEX('B-PorHerramienta'!$F$2:$I$2848,0,$AH$6),'B-PorHerramienta'!$A$2:$A$2848,F$8,'B-PorHerramienta'!$J$2:$J$2848,$AC22,'B-PorHerramienta'!$K$2:$K$2848,$AD22,'B-PorHerramienta'!$L$2:$L$2848,$AE22)*$AI$6,$AJ$6)) | G22: =IF(COUNTIFS('B-PorHerramienta'!$A$2:$A$2848,G$8,'B-PorHerramienta'!$J$2:$J$2848,$AC22,'B-PorHerramienta'!$K$2:$K$2848,$AD22,'B-PorHerramienta'!$L$2:$L$2848,$AE22,'B-PorHerramienta'!$F$2:$F$2848,"<>")=0,"",ROUND(SUMIFS(INDEX('B-PorHerramienta'!$F$2:$I$2848,0,$AH$6),'B-PorHerramienta'!$A$2:$A$2848,G$8,'B-PorHerramienta'!$J$2:$J$2848,$AC22,'B-PorHerramienta'!$K$2:$K$2848,$AD22,'B-PorHerramienta'!$L$2:$L$2848,$AE22)*$AI$6,$AJ$6)) | H22: =IF(COUNTIFS('B-PorHerramienta'!$A$2:$A$2848,H$8,'B-PorHerramienta'!$J$2:$J$2848,$AC22,'B-PorHerramienta'!$K$2:$K$2848,$AD22,'B-PorHerramienta'!$L$2:$L$2848,$AE22,'B-PorHerramienta'!$F$2:$F$2848,"<>")=0,"",ROUND(SUMIFS(INDEX('B-PorHerramienta'!$F$2:$I$2848,0,$AH$6),'B-PorHerramienta'!$A$2:$A$2848,H$8,'B-PorHerramienta'!$J$2:$J$2848,$AC22,'B-PorHerramienta'!$K$2:$K$2848,$AD22,'B-PorHerramienta'!$L$2:$L$2848,$AE22)*$AI$6,$AJ$6)) | I22: =IF(COUNTIFS('B-PorHerramienta'!$A$2:$A$2848,I$8,'B-PorHerramienta'!$J$2:$J$2848,$AC22,'B-PorHerramienta'!$K$2:$K$2848,$AD22,'B-PorHerramienta'!$L$2:$L$2848,$AE22,'B-PorHerramienta'!$F$2:$F$2848,"<>")=0,"",ROUND(SUMIFS(INDEX('B-PorHerramienta'!$F$2:$I$2848,0,$AH$6),'B-PorHerramienta'!$A$2:$A$2848,I$8,'B-PorHerramienta'!$J$2:$J$2848,$AC22,'B-PorHerramienta'!$K$2:$K$2848,$AD22,'B-PorHerramienta'!$L$2:$L$2848,$AE22)*$AI$6,$AJ$6)) | J22: =IF(COUNTIFS('B-PorHerramienta'!$A$2:$A$2848,J$8,'B-PorHerramienta'!$J$2:$J$2848,$AC22,'B-PorHerramienta'!$K$2:$K$2848,$AD22,'B-PorHerramienta'!$L$2:$L$2848,$AE22,'B-PorHerramienta'!$F$2:$F$2848,"<>")=0,"",ROUND(SUMIFS(INDEX('B-PorHerramienta'!$F$2:$I$2848,0,$AH$6),'B-PorHerramienta'!$A$2:$A$2848,J$8,'B-PorHerramienta'!$J$2:$J$2848,$AC22,'B-PorHerramienta'!$K$2:$K$2848,$AD22,'B-PorHerramienta'!$L$2:$L$2848,$AE22)*$AI$6,$AJ$6)) | ... Z22: =IF(COUNTIFS('B-PorHerramienta'!$A$2:$A$2848,Z$8,'B-PorHerramienta'!$J$2:$J$2848,$AC22,'B-PorHerramienta'!$K$2:$K$2848,$AD22,'B-PorHerramienta'!$L$2:$L$2848,$AE22,'B-PorHerramienta'!$F$2:$F$2848,"<>")=0,"",ROUND(SUMIFS(INDEX('B-PorHerramienta'!$F$2:$I$2848,0,$AH$6),'B-PorHerramienta'!$A$2:$A$2848,Z$8,'B-PorHerramienta'!$J$2:$J$2848,$AC22,'B-PorHerramienta'!$K$2:$K$2848,$AD22,'B-PorHerramienta'!$L$2:$L$2848,$AE22)*$AI$6,$AJ$6)) -> 0.2592 | AB22: 2 | AC22: Estímulos fiscales | AD22: Decretos presidenciales | AE22: R0433
A23: Estímulos Fiscales en la Región Fronteriza Norte: Crédito Fiscal Equivalente a la Tercera Parte del ISR Causado en el Ejercicio o en los Pagos Provisionales, Contra el ISR del Mismo Ejercicio o en los Pagos Provisionales del Mismo, Según Corresponda, en la Proporción que Representen los Ingresos Totales Obtenidos en la Región del Total de sus Ingresos | B23: EF.DP.17.B | C23: =IF(COUNTIFS('B-PorHerramienta'!$A$2:$A$2848,C$8,'B-PorHerramienta'!$J$2:$J$2848,$AC23,'B-PorHerramienta'!$K$2:$K$2848,$AD23,'B-PorHerramienta'!$L$2:$L$2848,$AE23,'B-PorHerramienta'!$F$2:$F$2848,"<>")=0,"",ROUND(SUMIFS(INDEX('B-PorHerramienta'!$F$2:$I$2848,0,$AH$6),'B-PorHerramienta'!$A$2:$A$2848,C$8,'B-PorHerramienta'!$J$2:$J$2848,$AC23,'B-PorHerramienta'!$K$2:$K$2848,$AD23,'B-PorHerramienta'!$L$2:$L$2848,$AE23)*$AI$6,$AJ$6)) | D23: =IF(COUNTIFS('B-PorHerramienta'!$A$2:$A$2848,D$8,'B-PorHerramienta'!$J$2:$J$2848,$AC23,'B-PorHerramienta'!$K$2:$K$2848,$AD23,'B-PorHerramienta'!$L$2:$L$2848,$AE23,'B-PorHerramienta'!$F$2:$F$2848,"<>")=0,"",ROUND(SUMIFS(INDEX('B-PorHerramienta'!$F$2:$I$2848,0,$AH$6),'B-PorHerramienta'!$A$2:$A$2848,D$8,'B-PorHerramienta'!$J$2:$J$2848,$AC23,'B-PorHerramienta'!$K$2:$K$2848,$AD23,'B-PorHerramienta'!$L$2:$L$2848,$AE23)*$AI$6,$AJ$6)) | E23: =IF(COUNTIFS('B-PorHerramienta'!$A$2:$A$2848,E$8,'B-PorHerramienta'!$J$2:$J$2848,$AC23,'B-PorHerramienta'!$K$2:$K$2848,$AD23,'B-PorHerramienta'!$L$2:$L$2848,$AE23,'B-PorHerramienta'!$F$2:$F$2848,"<>")=0,"",ROUND(SUMIFS(INDEX('B-PorHerramienta'!$F$2:$I$2848,0,$AH$6),'B-PorHerramienta'!$A$2:$A$2848,E$8,'B-PorHerramienta'!$J$2:$J$2848,$AC23,'B-PorHerramienta'!$K$2:$K$2848,$AD23,'B-PorHerramienta'!$L$2:$L$2848,$AE23)*$AI$6,$AJ$6)) | F23: =IF(COUNTIFS('B-PorHerramienta'!$A$2:$A$2848,F$8,'B-PorHerramienta'!$J$2:$J$2848,$AC23,'B-PorHerramienta'!$K$2:$K$2848,$AD23,'B-PorHerramienta'!$L$2:$L$2848,$AE23,'B-PorHerramienta'!$F$2:$F$2848,"<>")=0,"",ROUND(SUMIFS(INDEX('B-PorHerramienta'!$F$2:$I$2848,0,$AH$6),'B-PorHerramienta'!$A$2:$A$2848,F$8,'B-PorHerramienta'!$J$2:$J$2848,$AC23,'B-PorHerramienta'!$K$2:$K$2848,$AD23,'B-PorHerramienta'!$L$2:$L$2848,$AE23)*$AI$6,$AJ$6)) | G23: =IF(COUNTIFS('B-PorHerramienta'!$A$2:$A$2848,G$8,'B-PorHerramienta'!$J$2:$J$2848,$AC23,'B-PorHerramienta'!$K$2:$K$2848,$AD23,'B-PorHerramienta'!$L$2:$L$2848,$AE23,'B-PorHerramienta'!$F$2:$F$2848,"<>")=0,"",ROUND(SUMIFS(INDEX('B-PorHerramienta'!$F$2:$I$2848,0,$AH$6),'B-PorHerramienta'!$A$2:$A$2848,G$8,'B-PorHerramienta'!$J$2:$J$2848,$AC23,'B-PorHerramienta'!$K$2:$K$2848,$AD23,'B-PorHerramienta'!$L$2:$L$2848,$AE23)*$AI$6,$AJ$6)) | H23: =IF(COUNTIFS('B-PorHerramienta'!$A$2:$A$2848,H$8,'B-PorHerramienta'!$J$2:$J$2848,$AC23,'B-PorHerramienta'!$K$2:$K$2848,$AD23,'B-PorHerramienta'!$L$2:$L$2848,$AE23,'B-PorHerramienta'!$F$2:$F$2848,"<>")=0,"",ROUND(SUMIFS(INDEX('B-PorHerramienta'!$F$2:$I$2848,0,$AH$6),'B-PorHerramienta'!$A$2:$A$2848,H$8,'B-PorHerramienta'!$J$2:$J$2848,$AC23,'B-PorHerramienta'!$K$2:$K$2848,$AD23,'B-PorHerramienta'!$L$2:$L$2848,$AE23)*$AI$6,$AJ$6)) | I23: =IF(COUNTIFS('B-PorHerramienta'!$A$2:$A$2848,I$8,'B-PorHerramienta'!$J$2:$J$2848,$AC23,'B-PorHerramienta'!$K$2:$K$2848,$AD23,'B-PorHerramienta'!$L$2:$L$2848,$AE23,'B-PorHerramienta'!$F$2:$F$2848,"<>")=0,"",ROUND(SUMIFS(INDEX('B-PorHerramienta'!$F$2:$I$2848,0,$AH$6),'B-PorHerramienta'!$A$2:$A$2848,I$8,'B-PorHerramienta'!$J$2:$J$2848,$AC23,'B-PorHerramienta'!$K$2:$K$2848,$AD23,'B-PorHerramienta'!$L$2:$L$2848,$AE23)*$AI$6,$AJ$6)) | J23: =IF(COUNTIFS('B-PorHerramienta'!$A$2:$A$2848,J$8,'B-PorHerramienta'!$J$2:$J$2848,$AC23,'B-PorHerramienta'!$K$2:$K$2848,$AD23,'B-PorHerramienta'!$L$2:$L$2848,$AE23,'B-PorHerramienta'!$F$2:$F$2848,"<>")=0,"",ROUND(SUMIFS(INDEX('B-PorHerramienta'!$F$2:$I$2848,0,$AH$6),'B-PorHerramienta'!$A$2:$A$2848,J$8,'B-PorHerramienta'!$J$2:$J$2848,$AC23,'B-PorHerramienta'!$K$2:$K$2848,$AD23,'B-PorHerramienta'!$L$2:$L$2848,$AE23)*$AI$6,$AJ$6)) | ... Z23: =IF(COUNTIFS('B-PorHerramienta'!$A$2:$A$2848,Z$8,'B-PorHerramienta'!$J$2:$J$2848,$AC23,'B-PorHerramienta'!$K$2:$K$2848,$AD23,'B-PorHerramienta'!$L$2:$L$2848,$AE23,'B-PorHerramienta'!$F$2:$F$2848,"<>")=0,"",ROUND(SUMIFS(INDEX('B-PorHerramienta'!$F$2:$I$2848,0,$AH$6),'B-PorHerramienta'!$A$2:$A$2848,Z$8,'B-PorHerramienta'!$J$2:$J$2848,$AC23,'B-PorHerramienta'!$K$2:$K$2848,$AD23,'B-PorHerramienta'!$L$2:$L$2848,$AE23)*$AI$6,$AJ$6)) -> 0.0084 | AB23: 2 | AC23: Estímulos fiscales | AD23: Decretos presidenciales | AE23: R0434
... A104: Estímulo Fiscal a los Estados de Campeche y Tabasco Consistente en la Deducción Inmediata al 100% de las Inversiones en Bienes Nuevos de Activo Fijo Realizadas de Mayo a Diciembre de 2016 | B104: 98 | C104: =IF(COUNTIFS('B-PorHerramienta'!$A$2:$A$2848,C$8,'B-PorHerramienta'!$J$2:$J$2848,$AC104,'B-PorHerramienta'!$K$2:$K$2848,$AD104,'B-PorHerramienta'!$L$2:$L$2848,$AE104,'B-PorHerramienta'!$F$2:$F$2848,"<>")=0,"",ROUND(SUMIFS(INDEX('B-PorHerramienta'!$F$2:$I$2848,0,$AH$6),'B-PorHerramienta'!$A$2:$A$2848,C$8,'B-PorHerramienta'!$J$2:$J$2848,$AC104,'B-PorHerramienta'!$K$2:$K$2848,$AD104,'B-PorHerramienta'!$L$2:$L$2848,$AE104)*$AI$6,$AJ$6)) | D104: =IF(COUNTIFS('B-PorHerramienta'!$A$2:$A$2848,D$8,'B-PorHerramienta'!$J$2:$J$2848,$AC104,'B-PorHerramienta'!$K$2:$K$2848,$AD104,'B-PorHerramienta'!$L$2:$L$2848,$AE104,'B-PorHerramienta'!$F$2:$F$2848,"<>")=0,"",ROUND(SUMIFS(INDEX('B-PorHerramienta'!$F$2:$I$2848,0,$AH$6),'B-PorHerramienta'!$A$2:$A$2848,D$8,'B-PorHerramienta'!$J$2:$J$2848,$AC104,'B-PorHerramienta'!$K$2:$K$2848,$AD104,'B-PorHerramienta'!$L$2:$L$2848,$AE104)*$AI$6,$AJ$6)) | E104: =IF(COUNTIFS('B-PorHerramienta'!$A$2:$A$2848,E$8,'B-PorHerramienta'!$J$2:$J$2848,$AC104,'B-PorHerramienta'!$K$2:$K$2848,$AD104,'B-PorHerramienta'!$L$2:$L$2848,$AE104,'B-PorHerramienta'!$F$2:$F$2848,"<>")=0,"",ROUND(SUMIFS(INDEX('B-PorHerramienta'!$F$2:$I$2848,0,$AH$6),'B-PorHerramienta'!$A$2:$A$2848,E$8,'B-PorHerramienta'!$J$2:$J$2848,$AC104,'B-PorHerramienta'!$K$2:$K$2848,$AD104,'B-PorHerramienta'!$L$2:$L$2848,$AE104)*$AI$6,$AJ$6)) | F104: =IF(COUNTIFS('B-PorHerramienta'!$A$2:$A$2848,F$8,'B-PorHerramienta'!$J$2:$J$2848,$AC104,'B-PorHerramienta'!$K$2:$K$2848,$AD104,'B-PorHerramienta'!$L$2:$L$2848,$AE104,'B-PorHerramienta'!$F$2:$F$2848,"<>")=0,"",ROUND(SUMIFS(INDEX('B-PorHerramienta'!$F$2:$I$2848,0,$AH$6),'B-PorHerramienta'!$A$2:$A$2848,F$8,'B-PorHerramienta'!$J$2:$J$2848,$AC104,'B-PorHerramienta'!$K$2:$K$2848,$AD104,'B-PorHerramienta'!$L$2:$L$2848,$AE104)*$AI$6,$AJ$6)) | G104: =IF(COUNTIFS('B-PorHerramienta'!$A$2:$A$2848,G$8,'B-PorHerramienta'!$J$2:$J$2848,$AC104,'B-PorHerramienta'!$K$2:$K$2848,$AD104,'B-PorHerramienta'!$L$2:$L$2848,$AE104,'B-PorHerramienta'!$F$2:$F$2848,"<>")=0,"",ROUND(SUMIFS(INDEX('B-PorHerramienta'!$F$2:$I$2848,0,$AH$6),'B-PorHerramienta'!$A$2:$A$2848,G$8,'B-PorHerramienta'!$J$2:$J$2848,$AC104,'B-PorHerramienta'!$K$2:$K$2848,$AD104,'B-PorHerramienta'!$L$2:$L$2848,$AE104)*$AI$6,$AJ$6)) | H104: =IF(COUNTIFS('B-PorHerramienta'!$A$2:$A$2848,H$8,'B-PorHerramienta'!$J$2:$J$2848,$AC104,'B-PorHerramienta'!$K$2:$K$2848,$AD104,'B-PorHerramienta'!$L$2:$L$2848,$AE104,'B-PorHerramienta'!$F$2:$F$2848,"<>")=0,"",ROUND(SUMIFS(INDEX('B-PorHerramienta'!$F$2:$I$2848,0,$AH$6),'B-PorHerramienta'!$A$2:$A$2848,H$8,'B-PorHerramienta'!$J$2:$J$2848,$AC104,'B-PorHerramienta'!$K$2:$K$2848,$AD104,'B-PorHerramienta'!$L$2:$L$2848,$AE104)*$AI$6,$AJ$6)) | I104: =IF(COUNTIFS('B-PorHerramienta'!$A$2:$A$2848,I$8,'B-PorHerramienta'!$J$2:$J$2848,$AC104,'B-PorHerramienta'!$K$2:$K$2848,$AD104,'B-PorHerramienta'!$L$2:$L$2848,$AE104,'B-PorHerramienta'!$F$2:$F$2848,"<>")=0,"",ROUND(SUMIFS(INDEX('B-PorHerramienta'!$F$2:$I$2848,0,$AH$6),'B-PorHerramienta'!$A$2:$A$2848,I$8,'B-PorHerramienta'!$J$2:$J$2848,$AC104,'B-PorHerramienta'!$K$2:$K$2848,$AD104,'B-PorHerramienta'!$L$2:$L$2848,$AE104)*$AI$6,$AJ$6)) | J104: =IF(COUNTIFS('B-PorHerramienta'!$A$2:$A$2848,J$8,'B-PorHerramienta'!$J$2:$J$2848,$AC104,'B-PorHerramienta'!$K$2:$K$2848,$AD104,'B-PorHerramienta'!$L$2:$L$2848,$AE104,'B-PorHerramienta'!$F$2:$F$2848,"<>")=0,"",ROUND(SUMIFS(INDEX('B-PorHerramienta'!$F$2:$I$2848,0,$AH$6),'B-PorHerramienta'!$A$2:$A$2848,J$8,'B-PorHerramienta'!$J$2:$J$2848,$AC104,'B-PorHerramienta'!$K$2:$K$2848,$AD104,'B-PorHerramienta'!$L$2:$L$2848,$AE104)*$AI$6,$AJ$6)) | ... Z104: =IF(COUNTIFS('B-PorHerramienta'!$A$2:$A$2848,Z$8,'B-PorHerramienta'!$J$2:$J$2848,$AC104,'B-PorHerramienta'!$K$2:$K$2848,$AD104,'B-PorHerramienta'!$L$2:$L$2848,$AE104,'B-PorHerramienta'!$F$2:$F$2848,"<>")=0,"",ROUND(SUMIFS(INDEX('B-PorHerramienta'!$F$2:$I$2848,0,$AH$6),'B-PorHerramienta'!$A$2:$A$2848,Z$8,'B-PorHerramienta'!$J$2:$J$2848,$AC104,'B-PorHerramienta'!$K$2:$K$2848,$AD104,'B-PorHerramienta'!$L$2:$L$2848,$AE104)*$AI$6,$AJ$6)) | AB104: 2 | AC104: Estímulos fiscales | AD104: Decretos presidenciales | AE104: R0515
A105: Ley de Ingresos de la Federación o leyes fiscales | C105: =IF(COUNTIFS('B-PorHerramienta'!$A$2:$A$2848,C$8,'B-PorHerramienta'!$J$2:$J$2848,$AC105,'B-PorHerramienta'!$K$2:$K$2848,$AD105,'B-PorHerramienta'!$L$2:$L$2848,$AE105,'B-PorHerramienta'!$F$2:$F$2848,"<>")=0,"",ROUND(SUMIFS(INDEX('B-PorHerramienta'!$F$2:$I$2848,0,$AH$6),'B-PorHerramienta'!$A$2:$A$2848,C$8,'B-PorHerramienta'!$J$2:$J$2848,$AC105,'B-PorHerramienta'!$K$2:$K$2848,$AD105,'B-PorHerramienta'!$L$2:$L$2848,$AE105)*$AI$6,$AJ$6)) | D105: =IF(COUNTIFS('B-PorHerramienta'!$A$2:$A$2848,D$8,'B-PorHerramienta'!$J$2:$J$2848,$AC105,'B-PorHerramienta'!$K$2:$K$2848,$AD105,'B-PorHerramienta'!$L$2:$L$2848,$AE105,'B-PorHerramienta'!$F$2:$F$2848,"<>")=0,"",ROUND(SUMIFS(INDEX('B-PorHerramienta'!$F$2:$I$2848,0,$AH$6),'B-PorHerramienta'!$A$2:$A$2848,D$8,'B-PorHerramienta'!$J$2:$J$2848,$AC105,'B-PorHerramienta'!$K$2:$K$2848,$AD105,'B-PorHerramienta'!$L$2:$L$2848,$AE105)*$AI$6,$AJ$6)) | E105: =IF(COUNTIFS('B-PorHerramienta'!$A$2:$A$2848,E$8,'B-PorHerramienta'!$J$2:$J$2848,$AC105,'B-PorHerramienta'!$K$2:$K$2848,$AD105,'B-PorHerramienta'!$L$2:$L$2848,$AE105,'B-PorHerramienta'!$F$2:$F$2848,"<>")=0,"",ROUND(SUMIFS(INDEX('B-PorHerramienta'!$F$2:$I$2848,0,$AH$6),'B-PorHerramienta'!$A$2:$A$2848,E$8,'B-PorHerramienta'!$J$2:$J$2848,$AC105,'B-PorHerramienta'!$K$2:$K$2848,$AD105,'B-PorHerramienta'!$L$2:$L$2848,$AE105)*$AI$6,$AJ$6)) | F105: =IF(COUNTIFS('B-PorHerramienta'!$A$2:$A$2848,F$8,'B-PorHerramienta'!$J$2:$J$2848,$AC105,'B-PorHerramienta'!$K$2:$K$2848,$AD105,'B-PorHerramienta'!$L$2:$L$2848,$AE105,'B-PorHerramienta'!$F$2:$F$2848,"<>")=0,"",ROUND(SUMIFS(INDEX('B-PorHerramienta'!$F$2:$I$2848,0,$AH$6),'B-PorHerramienta'!$A$2:$A$2848,F$8,'B-PorHerramienta'!$J$2:$J$2848,$AC105,'B-PorHerramienta'!$K$2:$K$2848,$AD105,'B-PorHerramienta'!$L$2:$L$2848,$AE105)*$AI$6,$AJ$6)) | G105: =IF(COUNTIFS('B-PorHerramienta'!$A$2:$A$2848,G$8,'B-PorHerramienta'!$J$2:$J$2848,$AC105,'B-PorHerramienta'!$K$2:$K$2848,$AD105,'B-PorHerramienta'!$L$2:$L$2848,$AE105,'B-PorHerramienta'!$F$2:$F$2848,"<>")=0,"",ROUND(SUMIFS(INDEX('B-PorHerramienta'!$F$2:$I$2848,0,$AH$6),'B-PorHerramienta'!$A$2:$A$2848,G$8,'B-PorHerramienta'!$J$2:$J$2848,$AC105,'B-PorHerramienta'!$K$2:$K$2848,$AD105,'B-PorHerramienta'!$L$2:$L$2848,$AE105)*$AI$6,$AJ$6)) | H105: =IF(COUNTIFS('B-PorHerramienta'!$A$2:$A$2848,H$8,'B-PorHerramienta'!$J$2:$J$2848,$AC105,'B-PorHerramienta'!$K$2:$K$2848,$AD105,'B-PorHerramienta'!$L$2:$L$2848,$AE105,'B-PorHerramienta'!$F$2:$F$2848,"<>")=0,"",ROUND(SUMIFS(INDEX('B-PorHerramienta'!$F$2:$I$2848,0,$AH$6),'B-PorHerramienta'!$A$2:$A$2848,H$8,'B-PorHerramienta'!$J$2:$J$2848,$AC105,'B-PorHerramienta'!$K$2:$K$2848,$AD105,'B-PorHerramienta'!$L$2:$L$2848,$AE105)*$AI$6,$AJ$6)) | I105: =IF(COUNTIFS('B-PorHerramienta'!$A$2:$A$2848,I$8,'B-PorHerramienta'!$J$2:$J$2848,$AC105,'B-PorHerramienta'!$K$2:$K$2848,$AD105,'B-PorHerramienta'!$L$2:$L$2848,$AE105,'B-PorHerramienta'!$F$2:$F$2848,"<>")=0,"",ROUND(SUMIFS(INDEX('B-PorHerramienta'!$F$2:$I$2848,0,$AH$6),'B-PorHerramienta'!$A$2:$A$2848,I$8,'B-PorHerramienta'!$J$2:$J$2848,$AC105,'B-PorHerramienta'!$K$2:$K$2848,$AD105,'B-PorHerramienta'!$L$2:$L$2848,$AE105)*$AI$6,$AJ$6)) | J105: =IF(COUNTIFS('B-PorHerramienta'!$A$2:$A$2848,J$8,'B-PorHerramienta'!$J$2:$J$2848,$AC105,'B-PorHerramienta'!$K$2:$K$2848,$AD105,'B-PorHerramienta'!$L$2:$L$2848,$AE105,'B-PorHerramienta'!$F$2:$F$2848,"<>")=0,"",ROUND(SUMIFS(INDEX('B-PorHerramienta'!$F$2:$I$2848,0,$AH$6),'B-PorHerramienta'!$A$2:$A$2848,J$8,'B-PorHerramienta'!$J$2:$J$2848,$AC105,'B-PorHerramienta'!$K$2:$K$2848,$AD105,'B-PorHerramienta'!$L$2:$L$2848,$AE105)*$AI$6,$AJ$6)) | ... Z105: =IF(COUNTIFS('B-PorHerramienta'!$A$2:$A$2848,Z$8,'B-PorHerramienta'!$J$2:$J$2848,$AC105,'B-PorHerramienta'!$K$2:$K$2848,$AD105,'B-PorHerramienta'!$L$2:$L$2848,$AE105,'B-PorHerramienta'!$F$2:$F$2848,"<>")=0,"",ROUND(SUMIFS(INDEX('B-PorHerramienta'!$F$2:$I$2848,0,$AH$6),'B-PorHerramienta'!$A$2:$A$2848,Z$8,'B-PorHerramienta'!$J$2:$J$2848,$AC105,'B-PorHerramienta'!$K$2:$K$2848,$AD105,'B-PorHerramienta'!$L$2:$L$2848,$AE105)*$AI$6,$AJ$6)) -> 0.396 | AB105: 1 | AC105: Estímulos fiscales | AD105: Ley de Ingresos de la Federación o leyes fiscales | AE105: *
A106: Acreditamiento del IEPS del Diésel Para: Autotransportistas | B106: EF.L.1 A, EF.L.1. A, EF.L.1.A, 108, 107, 91, 72, 67, 74 | C106: =IF(COUNTIFS('B-PorHerramienta'!$A$2:$A$2848,C$8,'B-PorHerramienta'!$J$2:$J$2848,$AC106,'B-PorHerramienta'!$K$2:$K$2848,$AD106,'B-PorHerramienta'!$L$2:$L$2848,$AE106,'B-PorHerramienta'!$F$2:$F$2848,"<>")=0,"",ROUND(SUMIFS(INDEX('B-PorHerramienta'!$F$2:$I$2848,0,$AH$6),'B-PorHerramienta'!$A$2:$A$2848,C$8,'B-PorHerramienta'!$J$2:$J$2848,$AC106,'B-PorHerramienta'!$K$2:$K$2848,$AD106,'B-PorHerramienta'!$L$2:$L$2848,$AE106)*$AI$6,$AJ$6)) | D106: =IF(COUNTIFS('B-PorHerramienta'!$A$2:$A$2848,D$8,'B-PorHerramienta'!$J$2:$J$2848,$AC106,'B-PorHerramienta'!$K$2:$K$2848,$AD106,'B-PorHerramienta'!$L$2:$L$2848,$AE106,'B-PorHerramienta'!$F$2:$F$2848,"<>")=0,"",ROUND(SUMIFS(INDEX('B-PorHerramienta'!$F$2:$I$2848,0,$AH$6),'B-PorHerramienta'!$A$2:$A$2848,D$8,'B-PorHerramienta'!$J$2:$J$2848,$AC106,'B-PorHerramienta'!$K$2:$K$2848,$AD106,'B-PorHerramienta'!$L$2:$L$2848,$AE106)*$AI$6,$AJ$6)) | E106: =IF(COUNTIFS('B-PorHerramienta'!$A$2:$A$2848,E$8,'B-PorHerramienta'!$J$2:$J$2848,$AC106,'B-PorHerramienta'!$K$2:$K$2848,$AD106,'B-PorHerramienta'!$L$2:$L$2848,$AE106,'B-PorHerramienta'!$F$2:$F$2848,"<>")=0,"",ROUND(SUMIFS(INDEX('B-PorHerramienta'!$F$2:$I$2848,0,$AH$6),'B-PorHerramienta'!$A$2:$A$2848,E$8,'B-PorHerramienta'!$J$2:$J$2848,$AC106,'B-PorHerramienta'!$K$2:$K$2848,$AD106,'B-PorHerramienta'!$L$2:$L$2848,$AE106)*$AI$6,$AJ$6)) | F106: =IF(COUNTIFS('B-PorHerramienta'!$A$2:$A$2848,F$8,'B-PorHerramienta'!$J$2:$J$2848,$AC106,'B-PorHerramienta'!$K$2:$K$2848,$AD106,'B-PorHerramienta'!$L$2:$L$2848,$AE106,'B-PorHerramienta'!$F$2:$F$2848,"<>")=0,"",ROUND(SUMIFS(INDEX('B-PorHerramienta'!$F$2:$I$2848,0,$AH$6),'B-PorHerramienta'!$A$2:$A$2848,F$8,'B-PorHerramienta'!$J$2:$J$2848,$AC106,'B-PorHerramienta'!$K$2:$K$2848,$AD106,'B-PorHerramienta'!$L$2:$L$2848,$AE106)*$AI$6,$AJ$6)) | G106: =IF(COUNTIFS('B-PorHerramienta'!$A$2:$A$2848,G$8,'B-PorHerramienta'!$J$2:$J$2848,$AC106,'B-PorHerramienta'!$K$2:$K$2848,$AD106,'B-PorHerramienta'!$L$2:$L$2848,$AE106,'B-PorHerramienta'!$F$2:$F$2848,"<>")=0,"",ROUND(SUMIFS(INDEX('B-PorHerramienta'!$F$2:$I$2848,0,$AH$6),'B-PorHerramienta'!$A$2:$A$2848,G$8,'B-PorHerramienta'!$J$2:$J$2848,$AC106,'B-PorHerramienta'!$K$2:$K$2848,$AD106,'B-PorHerramienta'!$L$2:$L$2848,$AE106)*$AI$6,$AJ$6)) | H106: =IF(COUNTIFS('B-PorHerramienta'!$A$2:$A$2848,H$8,'B-PorHerramienta'!$J$2:$J$2848,$AC106,'B-PorHerramienta'!$K$2:$K$2848,$AD106,'B-PorHerramienta'!$L$2:$L$2848,$AE106,'B-PorHerramienta'!$F$2:$F$2848,"<>")=0,"",ROUND(SUMIFS(INDEX('B-PorHerramienta'!$F$2:$I$2848,0,$AH$6),'B-PorHerramienta'!$A$2:$A$2848,H$8,'B-PorHerramienta'!$J$2:$J$2848,$AC106,'B-PorHerramienta'!$K$2:$K$2848,$AD106,'B-PorHerramienta'!$L$2:$L$2848,$AE106)*$AI$6,$AJ$6)) | I106: =IF(COUNTIFS('B-PorHerramienta'!$A$2:$A$2848,I$8,'B-PorHerramienta'!$J$2:$J$2848,$AC106,'B-PorHerramienta'!$K$2:$K$2848,$AD106,'B-PorHerramienta'!$L$2:$L$2848,$AE106,'B-PorHerramienta'!$F$2:$F$2848,"<>")=0,"",ROUND(SUMIFS(INDEX('B-PorHerramienta'!$F$2:$I$2848,0,$AH$6),'B-PorHerramienta'!$A$2:$A$2848,I$8,'B-PorHerramienta'!$J$2:$J$2848,$AC106,'B-PorHerramienta'!$K$2:$K$2848,$AD106,'B-PorHerramienta'!$L$2:$L$2848,$AE106)*$AI$6,$AJ$6)) | J106: =IF(COUNTIFS('B-PorHerramienta'!$A$2:$A$2848,J$8,'B-PorHerramienta'!$J$2:$J$2848,$AC106,'B-PorHerramienta'!$K$2:$K$2848,$AD106,'B-PorHerramienta'!$L$2:$L$2848,$AE106,'B-PorHerramienta'!$F$2:$F$2848,"<>")=0,"",ROUND(SUMIFS(INDEX('B-PorHerramienta'!$F$2:$I$2848,0,$AH$6),'B-PorHerramienta'!$A$2:$A$2848,J$8,'B-PorHerramienta'!$J$2:$J$2848,$AC106,'B-PorHerramienta'!$K$2:$K$2848,$AD106,'B-PorHerramienta'!$L$2:$L$2848,$AE106)*$AI$6,$AJ$6)) | ... Z106: =IF(COUNTIFS('B-PorHerramienta'!$A$2:$A$2848,Z$8,'B-PorHerramienta'!$J$2:$J$2848,$AC106,'B-PorHerramienta'!$K$2:$K$2848,$AD106,'B-PorHerramienta'!$L$2:$L$2848,$AE106,'B-PorHerramienta'!$F$2:$F$2848,"<>")=0,"",ROUND(SUMIFS(INDEX('B-PorHerramienta'!$F$2:$I$2848,0,$AH$6),'B-PorHerramienta'!$A$2:$A$2848,Z$8,'B-PorHerramienta'!$J$2:$J$2848,$AC106,'B-PorHerramienta'!$K$2:$K$2848,$AD106,'B-PorHerramienta'!$L$2:$L$2848,$AE106)*$AI$6,$AJ$6)) -> 0.1048 | AB106: 2 | AC106: Estímulos fiscales | AD106: Ley de Ingresos de la Federación o leyes fiscales | AE106: R0516
A107: Acreditamiento del IEPS del Diésel Para: Contribuyentes Consumidores Finales que lo Utilicen en Maquinaria en General, Excepto Vehículos, Cuyos Ingresos Totales Anuales para Efectos del ISR Sean Menores a 60 Mdp | B107: EF.L.1. B | C107: =IF(COUNTIFS('B-PorHerramienta'!$A$2:$A$2848,C$8,'B-PorHerramienta'!$J$2:$J$2848,$AC107,'B-PorHerramienta'!$K$2:$K$2848,$AD107,'B-PorHerramienta'!$L$2:$L$2848,$AE107,'B-PorHerramienta'!$F$2:$F$2848,"<>")=0,"",ROUND(SUMIFS(INDEX('B-PorHerramienta'!$F$2:$I$2848,0,$AH$6),'B-PorHerramienta'!$A$2:$A$2848,C$8,'B-PorHerramienta'!$J$2:$J$2848,$AC107,'B-PorHerramienta'!$K$2:$K$2848,$AD107,'B-PorHerramienta'!$L$2:$L$2848,$AE107)*$AI$6,$AJ$6)) | D107: =IF(COUNTIFS('B-PorHerramienta'!$A$2:$A$2848,D$8,'B-PorHerramienta'!$J$2:$J$2848,$AC107,'B-PorHerramienta'!$K$2:$K$2848,$AD107,'B-PorHerramienta'!$L$2:$L$2848,$AE107,'B-PorHerramienta'!$F$2:$F$2848,"<>")=0,"",ROUND(SUMIFS(INDEX('B-PorHerramienta'!$F$2:$I$2848,0,$AH$6),'B-PorHerramienta'!$A$2:$A$2848,D$8,'B-PorHerramienta'!$J$2:$J$2848,$AC107,'B-PorHerramienta'!$K$2:$K$2848,$AD107,'B-PorHerramienta'!$L$2:$L$2848,$AE107)*$AI$6,$AJ$6)) | E107: =IF(COUNTIFS('B-PorHerramienta'!$A$2:$A$2848,E$8,'B-PorHerramienta'!$J$2:$J$2848,$AC107,'B-PorHerramienta'!$K$2:$K$2848,$AD107,'B-PorHerramienta'!$L$2:$L$2848,$AE107,'B-PorHerramienta'!$F$2:$F$2848,"<>")=0,"",ROUND(SUMIFS(INDEX('B-PorHerramienta'!$F$2:$I$2848,0,$AH$6),'B-PorHerramienta'!$A$2:$A$2848,E$8,'B-PorHerramienta'!$J$2:$J$2848,$AC107,'B-PorHerramienta'!$K$2:$K$2848,$AD107,'B-PorHerramienta'!$L$2:$L$2848,$AE107)*$AI$6,$AJ$6)) | F107: =IF(COUNTIFS('B-PorHerramienta'!$A$2:$A$2848,F$8,'B-PorHerramienta'!$J$2:$J$2848,$AC107,'B-PorHerramienta'!$K$2:$K$2848,$AD107,'B-PorHerramienta'!$L$2:$L$2848,$AE107,'B-PorHerramienta'!$F$2:$F$2848,"<>")=0,"",ROUND(SUMIFS(INDEX('B-PorHerramienta'!$F$2:$I$2848,0,$AH$6),'B-PorHerramienta'!$A$2:$A$2848,F$8,'B-PorHerramienta'!$J$2:$J$2848,$AC107,'B-PorHerramienta'!$K$2:$K$2848,$AD107,'B-PorHerramienta'!$L$2:$L$2848,$AE107)*$AI$6,$AJ$6)) | G107: =IF(COUNTIFS('B-PorHerramienta'!$A$2:$A$2848,G$8,'B-PorHerramienta'!$J$2:$J$2848,$AC107,'B-PorHerramienta'!$K$2:$K$2848,$AD107,'B-PorHerramienta'!$L$2:$L$2848,$AE107,'B-PorHerramienta'!$F$2:$F$2848,"<>")=0,"",ROUND(SUMIFS(INDEX('B-PorHerramienta'!$F$2:$I$2848,0,$AH$6),'B-PorHerramienta'!$A$2:$A$2848,G$8,'B-PorHerramienta'!$J$2:$J$2848,$AC107,'B-PorHerramienta'!$K$2:$K$2848,$AD107,'B-PorHerramienta'!$L$2:$L$2848,$AE107)*$AI$6,$AJ$6)) | H107: =IF(COUNTIFS('B-PorHerramienta'!$A$2:$A$2848,H$8,'B-PorHerramienta'!$J$2:$J$2848,$AC107,'B-PorHerramienta'!$K$2:$K$2848,$AD107,'B-PorHerramienta'!$L$2:$L$2848,$AE107,'B-PorHerramienta'!$F$2:$F$2848,"<>")=0,"",ROUND(SUMIFS(INDEX('B-PorHerramienta'!$F$2:$I$2848,0,$AH$6),'B-PorHerramienta'!$A$2:$A$2848,H$8,'B-PorHerramienta'!$J$2:$J$2848,$AC107,'B-PorHerramienta'!$K$2:$K$2848,$AD107,'B-PorHerramienta'!$L$2:$L$2848,$AE107)*$AI$6,$AJ$6)) | I107: =IF(COUNTIFS('B-PorHerramienta'!$A$2:$A$2848,I$8,'B-PorHerramienta'!$J$2:$J$2848,$AC107,'B-PorHerramienta'!$K$2:$K$2848,$AD107,'B-PorHerramienta'!$L$2:$L$2848,$AE107,'B-PorHerramienta'!$F$2:$F$2848,"<>")=0,"",ROUND(SUMIFS(INDEX('B-PorHerramienta'!$F$2:$I$2848,0,$AH$6),'B-PorHerramienta'!$A$2:$A$2848,I$8,'B-PorHerramienta'!$J$2:$J$2848,$AC107,'B-PorHerramienta'!$K$2:$K$2848,$AD107,'B-PorHerramienta'!$L$2:$L$2848,$AE107)*$AI$6,$AJ$6)) | J107: =IF(COUNTIFS('B-PorHerramienta'!$A$2:$A$2848,J$8,'B-PorHerramienta'!$J$2:$J$2848,$AC107,'B-PorHerramienta'!$K$2:$K$2848,$AD107,'B-PorHerramienta'!$L$2:$L$2848,$AE107,'B-PorHerramienta'!$F$2:$F$2848,"<>")=0,"",ROUND(SUMIFS(INDEX('B-PorHerramienta'!$F$2:$I$2848,0,$AH$6),'B-PorHerramienta'!$A$2:$A$2848,J$8,'B-PorHerramienta'!$J$2:$J$2848,$AC107,'B-PorHerramienta'!$K$2:$K$2848,$AD107,'B-PorHerramienta'!$L$2:$L$2848,$AE107)*$AI$6,$AJ$6)) | ... Z107: =IF(COUNTIFS('B-PorHerramienta'!$A$2:$A$2848,Z$8,'B-PorHerramienta'!$J$2:$J$2848,$AC107,'B-PorHerramienta'!$K$2:$K$2848,$AD107,'B-PorHerramienta'!$L$2:$L$2848,$AE107,'B-PorHerramienta'!$F$2:$F$2848,"<>")=0,"",ROUND(SUMIFS(INDEX('B-PorHerramienta'!$F$2:$I$2848,0,$AH$6),'B-PorHerramienta'!$A$2:$A$2848,Z$8,'B-PorHerramienta'!$J$2:$J$2848,$AC107,'B-PorHerramienta'!$K$2:$K$2848,$AD107,'B-PorHerramienta'!$L$2:$L$2848,$AE107)*$AI$6,$AJ$6)) -> 0 | AB107: 2 | AC107: Estímulos fiscales | AD107: Ley de Ingresos de la Federación o leyes fiscales | AE107: R0517
A108: Acreditamiento del IEPS del Diésel Para: Contribuyentes Consumidores Finales de Diésel Marino Especial, Utilizado como Combustible en Vehículos Marinos, Cuyos Ingresos Totales Anuales para Efectos del ISR Sean Menores a 60 Mdp | B108: EF.L.1. C | C108: =IF(COUNTIFS('B-PorHerramienta'!$A$2:$A$2848,C$8,'B-PorHerramienta'!$J$2:$J$2848,$AC108,'B-PorHerramienta'!$K$2:$K$2848,$AD108,'B-PorHerramienta'!$L$2:$L$2848,$AE108,'B-PorHerramienta'!$F$2:$F$2848,"<>")=0,"",ROUND(SUMIFS(INDEX('B-PorHerramienta'!$F$2:$I$2848,0,$AH$6),'B-PorHerramienta'!$A$2:$A$2848,C$8,'B-PorHerramienta'!$J$2:$J$2848,$AC108,'B-PorHerramienta'!$K$2:$K$2848,$AD108,'B-PorHerramienta'!$L$2:$L$2848,$AE108)*$AI$6,$AJ$6)) | D108: =IF(COUNTIFS('B-PorHerramienta'!$A$2:$A$2848,D$8,'B-PorHerramienta'!$J$2:$J$2848,$AC108,'B-PorHerramienta'!$K$2:$K$2848,$AD108,'B-PorHerramienta'!$L$2:$L$2848,$AE108,'B-PorHerramienta'!$F$2:$F$2848,"<>")=0,"",ROUND(SUMIFS(INDEX('B-PorHerramienta'!$F$2:$I$2848,0,$AH$6),'B-PorHerramienta'!$A$2:$A$2848,D$8,'B-PorHerramienta'!$J$2:$J$2848,$AC108,'B-PorHerramienta'!$K$2:$K$2848,$AD108,'B-PorHerramienta'!$L$2:$L$2848,$AE108)*$AI$6,$AJ$6)) | E108: =IF(COUNTIFS('B-PorHerramienta'!$A$2:$A$2848,E$8,'B-PorHerramienta'!$J$2:$J$2848,$AC108,'B-PorHerramienta'!$K$2:$K$2848,$AD108,'B-PorHerramienta'!$L$2:$L$2848,$AE108,'B-PorHerramienta'!$F$2:$F$2848,"<>")=0,"",ROUND(SUMIFS(INDEX('B-PorHerramienta'!$F$2:$I$2848,0,$AH$6),'B-PorHerramienta'!$A$2:$A$2848,E$8,'B-PorHerramienta'!$J$2:$J$2848,$AC108,'B-PorHerramienta'!$K$2:$K$2848,$AD108,'B-PorHerramienta'!$L$2:$L$2848,$AE108)*$AI$6,$AJ$6)) | F108: =IF(COUNTIFS('B-PorHerramienta'!$A$2:$A$2848,F$8,'B-PorHerramienta'!$J$2:$J$2848,$AC108,'B-PorHerramienta'!$K$2:$K$2848,$AD108,'B-PorHerramienta'!$L$2:$L$2848,$AE108,'B-PorHerramienta'!$F$2:$F$2848,"<>")=0,"",ROUND(SUMIFS(INDEX('B-PorHerramienta'!$F$2:$I$2848,0,$AH$6),'B-PorHerramienta'!$A$2:$A$2848,F$8,'B-PorHerramienta'!$J$2:$J$2848,$AC108,'B-PorHerramienta'!$K$2:$K$2848,$AD108,'B-PorHerramienta'!$L$2:$L$2848,$AE108)*$AI$6,$AJ$6)) | G108: =IF(COUNTIFS('B-PorHerramienta'!$A$2:$A$2848,G$8,'B-PorHerramienta'!$J$2:$J$2848,$AC108,'B-PorHerramienta'!$K$2:$K$2848,$AD108,'B-PorHerramienta'!$L$2:$L$2848,$AE108,'B-PorHerramienta'!$F$2:$F$2848,"<>")=0,"",ROUND(SUMIFS(INDEX('B-PorHerramienta'!$F$2:$I$2848,0,$AH$6),'B-PorHerramienta'!$A$2:$A$2848,G$8,'B-PorHerramienta'!$J$2:$J$2848,$AC108,'B-PorHerramienta'!$K$2:$K$2848,$AD108,'B-PorHerramienta'!$L$2:$L$2848,$AE108)*$AI$6,$AJ$6)) | H108: =IF(COUNTIFS('B-PorHerramienta'!$A$2:$A$2848,H$8,'B-PorHerramienta'!$J$2:$J$2848,$AC108,'B-PorHerramienta'!$K$2:$K$2848,$AD108,'B-PorHerramienta'!$L$2:$L$2848,$AE108,'B-PorHerramienta'!$F$2:$F$2848,"<>")=0,"",ROUND(SUMIFS(INDEX('B-PorHerramienta'!$F$2:$I$2848,0,$AH$6),'B-PorHerramienta'!$A$2:$A$2848,H$8,'B-PorHerramienta'!$J$2:$J$2848,$AC108,'B-PorHerramienta'!$K$2:$K$2848,$AD108,'B-PorHerramienta'!$L$2:$L$2848,$AE108)*$AI$6,$AJ$6)) | I108: =IF(COUNTIFS('B-PorHerramienta'!$A$2:$A$2848,I$8,'B-PorHerramienta'!$J$2:$J$2848,$AC108,'B-PorHerramienta'!$K$2:$K$2848,$AD108,'B-PorHerramienta'!$L$2:$L$2848,$AE108,'B-PorHerramienta'!$F$2:$F$2848,"<>")=0,"",ROUND(SUMIFS(INDEX('B-PorHerramienta'!$F$2:$I$2848,0,$AH$6),'B-PorHerramienta'!$A$2:$A$2848,I$8,'B-PorHerramienta'!$J$2:$J$2848,$AC108,'B-PorHerramienta'!$K$2:$K$2848,$AD108,'B-PorHerramienta'!$L$2:$L$2848,$AE108)*$AI$6,$AJ$6)) | J108: =IF(COUNTIFS('B-PorHerramienta'!$A$2:$A$2848,J$8,'B-PorHerramienta'!$J$2:$J$2848,$AC108,'B-PorHerramienta'!$K$2:$K$2848,$AD108,'B-PorHerramienta'!$L$2:$L$2848,$AE108,'B-PorHerramienta'!$F$2:$F$2848,"<>")=0,"",ROUND(SUMIFS(INDEX('B-PorHerramienta'!$F$2:$I$2848,0,$AH$6),'B-PorHerramienta'!$A$2:$A$2848,J$8,'B-PorHerramienta'!$J$2:$J$2848,$AC108,'B-PorHerramienta'!$K$2:$K$2848,$AD108,'B-PorHerramienta'!$L$2:$L$2848,$AE108)*$AI$6,$AJ$6)) | ... Z108: =IF(COUNTIFS('B-PorHerramienta'!$A$2:$A$2848,Z$8,'B-PorHerramienta'!$J$2:$J$2848,$AC108,'B-PorHerramienta'!$K$2:$K$2848,$AD108,'B-PorHerramienta'!$L$2:$L$2848,$AE108,'B-PorHerramienta'!$F$2:$F$2848,"<>")=0,"",ROUND(SUMIFS(INDEX('B-PorHerramienta'!$F$2:$I$2848,0,$AH$6),'B-PorHerramienta'!$A$2:$A$2848,Z$8,'B-PorHerramienta'!$J$2:$J$2848,$AC108,'B-PorHerramienta'!$K$2:$K$2848,$AD108,'B-PorHerramienta'!$L$2:$L$2848,$AE108)*$AI$6,$AJ$6)) -> 0.0001 | AB108: 2 | AC108: Estímulos fiscales | AD108: Ley de Ingresos de la Federación o leyes fiscales | AE108: R0518
A109: Acreditamiento del IEPS del Diésel Para: Contribuyentes Consumidores Finales que lo Utilicen en Maquinaria en General, Excepto Vehículos | B109: EF.L.1.B | C109: =IF(COUNTIFS('B-PorHerramienta'!$A$2:$A$2848,C$8,'B-PorHerramienta'!$J$2:$J$2848,$AC109,'B-PorHerramienta'!$K$2:$K$2848,$AD109,'B-PorHerramienta'!$L$2:$L$2848,$AE109,'B-PorHerramienta'!$F$2:$F$2848,"<>")=0,"",ROUND(SUMIFS(INDEX('B-PorHerramienta'!$F$2:$I$2848,0,$AH$6),'B-PorHerramienta'!$A$2:$A$2848,C$8,'B-PorHerramienta'!$J$2:$J$2848,$AC109,'B-PorHerramienta'!$K$2:$K$2848,$AD109,'B-PorHerramienta'!$L$2:$L$2848,$AE109)*$AI$6,$AJ$6)) | D109: =IF(COUNTIFS('B-PorHerramienta'!$A$2:$A$2848,D$8,'B-PorHerramienta'!$J$2:$J$2848,$AC109,'B-PorHerramienta'!$K$2:$K$2848,$AD109,'B-PorHerramienta'!$L$2:$L$2848,$AE109,'B-PorHerramienta'!$F$2:$F$2848,"<>")=0,"",ROUND(SUMIFS(INDEX('B-PorHerramienta'!$F$2:$I$2848,0,$AH$6),'B-PorHerramienta'!$A$2:$A$2848,D$8,'B-PorHerramienta'!$J$2:$J$2848,$AC109,'B-PorHerramienta'!$K$2:$K$2848,$AD109,'B-PorHerramienta'!$L$2:$L$2848,$AE109)*$AI$6,$AJ$6)) | E109: =IF(COUNTIFS('B-PorHerramienta'!$A$2:$A$2848,E$8,'B-PorHerramienta'!$J$2:$J$2848,$AC109,'B-PorHerramienta'!$K$2:$K$2848,$AD109,'B-PorHerramienta'!$L$2:$L$2848,$AE109,'B-PorHerramienta'!$F$2:$F$2848,"<>")=0,"",ROUND(SUMIFS(INDEX('B-PorHerramienta'!$F$2:$I$2848,0,$AH$6),'B-PorHerramienta'!$A$2:$A$2848,E$8,'B-PorHerramienta'!$J$2:$J$2848,$AC109,'B-PorHerramienta'!$K$2:$K$2848,$AD109,'B-PorHerramienta'!$L$2:$L$2848,$AE109)*$AI$6,$AJ$6)) | F109: =IF(COUNTIFS('B-PorHerramienta'!$A$2:$A$2848,F$8,'B-PorHerramienta'!$J$2:$J$2848,$AC109,'B-PorHerramienta'!$K$2:$K$2848,$AD109,'B-PorHerramienta'!$L$2:$L$2848,$AE109,'B-PorHerramienta'!$F$2:$F$2848,"<>")=0,"",ROUND(SUMIFS(INDEX('B-PorHerramienta'!$F$2:$I$2848,0,$AH$6),'B-PorHerramienta'!$A$2:$A$2848,F$8,'B-PorHerramienta'!$J$2:$J$2848,$AC109,'B-PorHerramienta'!$K$2:$K$2848,$AD109,'B-PorHerramienta'!$L$2:$L$2848,$AE109)*$AI$6,$AJ$6)) | G109: =IF(COUNTIFS('B-PorHerramienta'!$A$2:$A$2848,G$8,'B-PorHerramienta'!$J$2:$J$2848,$AC109,'B-PorHerramienta'!$K$2:$K$2848,$AD109,'B-PorHerramienta'!$L$2:$L$2848,$AE109,'B-PorHerramienta'!$F$2:$F$2848,"<>")=0,"",ROUND(SUMIFS(INDEX('B-PorHerramienta'!$F$2:$I$2848,0,$AH$6),'B-PorHerramienta'!$A$2:$A$2848,G$8,'B-PorHerramienta'!$J$2:$J$2848,$AC109,'B-PorHerramienta'!$K$2:$K$2848,$AD109,'B-PorHerramienta'!$L$2:$L$2848,$AE109)*$AI$6,$AJ$6)) | H109: =IF(COUNTIFS('B-PorHerramienta'!$A$2:$A$2848,H$8,'B-PorHerramienta'!$J$2:$J$2848,$AC109,'B-PorHerramienta'!$K$2:$K$2848,$AD109,'B-PorHerramienta'!$L$2:$L$2848,$AE109,'B-PorHerramienta'!$F$2:$F$2848,"<>")=0,"",ROUND(SUMIFS(INDEX('B-PorHerramienta'!$F$2:$I$2848,0,$AH$6),'B-PorHerramienta'!$A$2:$A$2848,H$8,'B-PorHerramienta'!$J$2:$J$2848,$AC109,'B-PorHerramienta'!$K$2:$K$2848,$AD109,'B-PorHerramienta'!$L$2:$L$2848,$AE109)*$AI$6,$AJ$6)) | I109: =IF(COUNTIFS('B-PorHerramienta'!$A$2:$A$2848,I$8,'B-PorHerramienta'!$J$2:$J$2848,$AC109,'B-PorHerramienta'!$K$2:$K$2848,$AD109,'B-PorHerramienta'!$L$2:$L$2848,$AE109,'B-PorHerramienta'!$F$2:$F$2848,"<>")=0,"",ROUND(SUMIFS(INDEX('B-PorHerramienta'!$F$2:$I$2848,0,$AH$6),'B-PorHerramienta'!$A$2:$A$2848,I$8,'B-PorHerramienta'!$J$2:$J$2848,$AC109,'B-PorHerramienta'!$K$2:$K$2848,$AD109,'B-PorHerramienta'!$L$2:$L$2848,$AE109)*$AI$6,$AJ$6)) | J109: =IF(COUNTIFS('B-PorHerramienta'!$A$2:$A$2848,J$8,'B-PorHerramienta'!$J$2:$J$2848,$AC109,'B-PorHerramienta'!$K$2:$K$2848,$AD109,'B-PorHerramienta'!$L$2:$L$2848,$AE109,'B-PorHerramienta'!$F$2:$F$2848,"<>")=0,"",ROUND(SUMIFS(INDEX('B-PorHerramienta'!$F$2:$I$2848,0,$AH$6),'B-PorHerramienta'!$A$2:$A$2848,J$8,'B-PorHerramienta'!$J$2:$J$2848,$AC109,'B-PorHerramienta'!$K$2:$K$2848,$AD109,'B-PorHerramienta'!$L$2:$L$2848,$AE109)*$AI$6,$AJ$6)) | ... Z109: =IF(COUNTIFS('B-PorHerramienta'!$A$2:$A$2848,Z$8,'B-PorHerramienta'!$J$2:$J$2848,$AC109,'B-PorHerramienta'!$K$2:$K$2848,$AD109,'B-PorHerramienta'!$L$2:$L$2848,$AE109,'B-PorHerramienta'!$F$2:$F$2848,"<>")=0,"",ROUND(SUMIFS(INDEX('B-PorHerramienta'!$F$2:$I$2848,0,$AH$6),'B-PorHerramienta'!$A$2:$A$2848,Z$8,'B-PorHerramienta'!$J$2:$J$2848,$AC109,'B-PorHerramienta'!$K$2:$K$2848,$AD109,'B-PorHerramienta'!$L$2:$L$2848,$AE109)*$AI$6,$AJ$6)) | AB109: 2 | AC109: Estímulos fiscales | AD109: Ley de Ingresos de la Federación o leyes fiscales | AE109: R0519
A110: Acreditamiento del IEPS del Diésel Para: Contribuyentes Consumidores Finales de Diésel Marino Especial, Utilizado como Combustible en Vehículos Marinos | B110: EF.L.1.C | C110: =IF(COUNTIFS('B-PorHerramienta'!$A$2:$A$2848,C$8,'B-PorHerramienta'!$J$2:$J$2848,$AC110,'B-PorHerramienta'!$K$2:$K$2848,$AD110,'B-PorHerramienta'!$L$2:$L$2848,$AE110,'B-PorHerramienta'!$F$2:$F$2848,"<>")=0,"",ROUND(SUMIFS(INDEX('B-PorHerramienta'!$F$2:$I$2848,0,$AH$6),'B-PorHerramienta'!$A$2:$A$2848,C$8,'B-PorHerramienta'!$J$2:$J$2848,$AC110,'B-PorHerramienta'!$K$2:$K$2848,$AD110,'B-PorHerramienta'!$L$2:$L$2848,$AE110)*$AI$6,$AJ$6)) | D110: =IF(COUNTIFS('B-PorHerramienta'!$A$2:$A$2848,D$8,'B-PorHerramienta'!$J$2:$J$2848,$AC110,'B-PorHerramienta'!$K$2:$K$2848,$AD110,'B-PorHerramienta'!$L$2:$L$2848,$AE110,'B-PorHerramienta'!$F$2:$F$2848,"<>")=0,"",ROUND(SUMIFS(INDEX('B-PorHerramienta'!$F$2:$I$2848,0,$AH$6),'B-PorHerramienta'!$A$2:$A$2848,D$8,'B-PorHerramienta'!$J$2:$J$2848,$AC110,'B-PorHerramienta'!$K$2:$K$2848,$AD110,'B-PorHerramienta'!$L$2:$L$2848,$AE110)*$AI$6,$AJ$6)) | E110: =IF(COUNTIFS('B-PorHerramienta'!$A$2:$A$2848,E$8,'B-PorHerramienta'!$J$2:$J$2848,$AC110,'B-PorHerramienta'!$K$2:$K$2848,$AD110,'B-PorHerramienta'!$L$2:$L$2848,$AE110,'B-PorHerramienta'!$F$2:$F$2848,"<>")=0,"",ROUND(SUMIFS(INDEX('B-PorHerramienta'!$F$2:$I$2848,0,$AH$6),'B-PorHerramienta'!$A$2:$A$2848,E$8,'B-PorHerramienta'!$J$2:$J$2848,$AC110,'B-PorHerramienta'!$K$2:$K$2848,$AD110,'B-PorHerramienta'!$L$2:$L$2848,$AE110)*$AI$6,$AJ$6)) | F110: =IF(COUNTIFS('B-PorHerramienta'!$A$2:$A$2848,F$8,'B-PorHerramienta'!$J$2:$J$2848,$AC110,'B-PorHerramienta'!$K$2:$K$2848,$AD110,'B-PorHerramienta'!$L$2:$L$2848,$AE110,'B-PorHerramienta'!$F$2:$F$2848,"<>")=0,"",ROUND(SUMIFS(INDEX('B-PorHerramienta'!$F$2:$I$2848,0,$AH$6),'B-PorHerramienta'!$A$2:$A$2848,F$8,'B-PorHerramienta'!$J$2:$J$2848,$AC110,'B-PorHerramienta'!$K$2:$K$2848,$AD110,'B-PorHerramienta'!$L$2:$L$2848,$AE110)*$AI$6,$AJ$6)) | G110: =IF(COUNTIFS('B-PorHerramienta'!$A$2:$A$2848,G$8,'B-PorHerramienta'!$J$2:$J$2848,$AC110,'B-PorHerramienta'!$K$2:$K$2848,$AD110,'B-PorHerramienta'!$L$2:$L$2848,$AE110,'B-PorHerramienta'!$F$2:$F$2848,"<>")=0,"",ROUND(SUMIFS(INDEX('B-PorHerramienta'!$F$2:$I$2848,0,$AH$6),'B-PorHerramienta'!$A$2:$A$2848,G$8,'B-PorHerramienta'!$J$2:$J$2848,$AC110,'B-PorHerramienta'!$K$2:$K$2848,$AD110,'B-PorHerramienta'!$L$2:$L$2848,$AE110)*$AI$6,$AJ$6)) | H110: =IF(COUNTIFS('B-PorHerramienta'!$A$2:$A$2848,H$8,'B-PorHerramienta'!$J$2:$J$2848,$AC110,'B-PorHerramienta'!$K$2:$K$2848,$AD110,'B-PorHerramienta'!$L$2:$L$2848,$AE110,'B-PorHerramienta'!$F$2:$F$2848,"<>")=0,"",ROUND(SUMIFS(INDEX('B-PorHerramienta'!$F$2:$I$2848,0,$AH$6),'B-PorHerramienta'!$A$2:$A$2848,H$8,'B-PorHerramienta'!$J$2:$J$2848,$AC110,'B-PorHerramienta'!$K$2:$K$2848,$AD110,'B-PorHerramienta'!$L$2:$L$2848,$AE110)*$AI$6,$AJ$6)) | I110: =IF(COUNTIFS('B-PorHerramienta'!$A$2:$A$2848,I$8,'B-PorHerramienta'!$J$2:$J$2848,$AC110,'B-PorHerramienta'!$K$2:$K$2848,$AD110,'B-PorHerramienta'!$L$2:$L$2848,$AE110,'B-PorHerramienta'!$F$2:$F$2848,"<>")=0,"",ROUND(SUMIFS(INDEX('B-PorHerramienta'!$F$2:$I$2848,0,$AH$6),'B-PorHerramienta'!$A$2:$A$2848,I$8,'B-PorHerramienta'!$J$2:$J$2848,$AC110,'B-PorHerramienta'!$K$2:$K$2848,$AD110,'B-PorHerramienta'!$L$2:$L$2848,$AE110)*$AI$6,$AJ$6)) | J110: =IF(COUNTIFS('B-PorHerramienta'!$A$2:$A$2848,J$8,'B-PorHerramienta'!$J$2:$J$2848,$AC110,'B-PorHerramienta'!$K$2:$K$2848,$AD110,'B-PorHerramienta'!$L$2:$L$2848,$AE110,'B-PorHerramienta'!$F$2:$F$2848,"<>")=0,"",ROUND(SUMIFS(INDEX('B-PorHerramienta'!$F$2:$I$2848,0,$AH$6),'B-PorHerramienta'!$A$2:$A$2848,J$8,'B-PorHerramienta'!$J$2:$J$2848,$AC110,'B-PorHerramienta'!$K$2:$K$2848,$AD110,'B-PorHerramienta'!$L$2:$L$2848,$AE110)*$AI$6,$AJ$6)) | ... Z110: =IF(COUNTIFS('B-PorHerramienta'!$A$2:$A$2848,Z$8,'B-PorHerramienta'!$J$2:$J$2848,$AC110,'B-PorHerramienta'!$K$2:$K$2848,$AD110,'B-PorHerramienta'!$L$2:$L$2848,$AE110,'B-PorHerramienta'!$F$2:$F$2848,"<>")=0,"",ROUND(SUMIFS(INDEX('B-PorHerramienta'!$F$2:$I$2848,0,$AH$6),'B-PorHerramienta'!$A$2:$A$2848,Z$8,'B-PorHerramienta'!$J$2:$J$2848,$AC110,'B-PorHerramienta'!$K$2:$K$2848,$AD110,'B-PorHerramienta'!$L$2:$L$2848,$AE110)*$AI$6,$AJ$6)) | AB110: 2 | AC110: Estímulos fiscales | AD110: Ley de Ingresos de la Federación o leyes fiscales | AE110: R0520
A111: Estímulo a Proyectos de Inversión en Infraestructura e Instalaciones Deportivas Altamente Especializadas, a Programas Diseñados para el Desarrollo, Entrenamiento y Competencia de Atletas Mexicanos de Alto Rendimiento | B111: EF.L.10 | C111: =IF(COUNTIFS('B-PorHerramienta'!$A$2:$A$2848,C$8,'B-PorHerramienta'!$J$2:$J$2848,$AC111,'B-PorHerramienta'!$K$2:$K$2848,$AD111,'B-PorHerramienta'!$L$2:$L$2848,$AE111,'B-PorHerramienta'!$F$2:$F$2848,"<>")=0,"",ROUND(SUMIFS(INDEX('B-PorHerramienta'!$F$2:$I$2848,0,$AH$6),'B-PorHerramienta'!$A$2:$A$2848,C$8,'B-PorHerramienta'!$J$2:$J$2848,$AC111,'B-PorHerramienta'!$K$2:$K$2848,$AD111,'B-PorHerramienta'!$L$2:$L$2848,$AE111)*$AI$6,$AJ$6)) | D111: =IF(COUNTIFS('B-PorHerramienta'!$A$2:$A$2848,D$8,'B-PorHerramienta'!$J$2:$J$2848,$AC111,'B-PorHerramienta'!$K$2:$K$2848,$AD111,'B-PorHerramienta'!$L$2:$L$2848,$AE111,'B-PorHerramienta'!$F$2:$F$2848,"<>")=0,"",ROUND(SUMIFS(INDEX('B-PorHerramienta'!$F$2:$I$2848,0,$AH$6),'B-PorHerramienta'!$A$2:$A$2848,D$8,'B-PorHerramienta'!$J$2:$J$2848,$AC111,'B-PorHerramienta'!$K$2:$K$2848,$AD111,'B-PorHerramienta'!$L$2:$L$2848,$AE111)*$AI$6,$AJ$6)) | E111: =IF(COUNTIFS('B-PorHerramienta'!$A$2:$A$2848,E$8,'B-PorHerramienta'!$J$2:$J$2848,$AC111,'B-PorHerramienta'!$K$2:$K$2848,$AD111,'B-PorHerramienta'!$L$2:$L$2848,$AE111,'B-PorHerramienta'!$F$2:$F$2848,"<>")=0,"",ROUND(SUMIFS(INDEX('B-PorHerramienta'!$F$2:$I$2848,0,$AH$6),'B-PorHerramienta'!$A$2:$A$2848,E$8,'B-PorHerramienta'!$J$2:$J$2848,$AC111,'B-PorHerramienta'!$K$2:$K$2848,$AD111,'B-PorHerramienta'!$L$2:$L$2848,$AE111)*$AI$6,$AJ$6)) | F111: =IF(COUNTIFS('B-PorHerramienta'!$A$2:$A$2848,F$8,'B-PorHerramienta'!$J$2:$J$2848,$AC111,'B-PorHerramienta'!$K$2:$K$2848,$AD111,'B-PorHerramienta'!$L$2:$L$2848,$AE111,'B-PorHerramienta'!$F$2:$F$2848,"<>")=0,"",ROUND(SUMIFS(INDEX('B-PorHerramienta'!$F$2:$I$2848,0,$AH$6),'B-PorHerramienta'!$A$2:$A$2848,F$8,'B-PorHerramienta'!$J$2:$J$2848,$AC111,'B-PorHerramienta'!$K$2:$K$2848,$AD111,'B-PorHerramienta'!$L$2:$L$2848,$AE111)*$AI$6,$AJ$6)) | G111: =IF(COUNTIFS('B-PorHerramienta'!$A$2:$A$2848,G$8,'B-PorHerramienta'!$J$2:$J$2848,$AC111,'B-PorHerramienta'!$K$2:$K$2848,$AD111,'B-PorHerramienta'!$L$2:$L$2848,$AE111,'B-PorHerramienta'!$F$2:$F$2848,"<>")=0,"",ROUND(SUMIFS(INDEX('B-PorHerramienta'!$F$2:$I$2848,0,$AH$6),'B-PorHerramienta'!$A$2:$A$2848,G$8,'B-PorHerramienta'!$J$2:$J$2848,$AC111,'B-PorHerramienta'!$K$2:$K$2848,$AD111,'B-PorHerramienta'!$L$2:$L$2848,$AE111)*$AI$6,$AJ$6)) | H111: =IF(COUNTIFS('B-PorHerramienta'!$A$2:$A$2848,H$8,'B-PorHerramienta'!$J$2:$J$2848,$AC111,'B-PorHerramienta'!$K$2:$K$2848,$AD111,'B-PorHerramienta'!$L$2:$L$2848,$AE111,'B-PorHerramienta'!$F$2:$F$2848,"<>")=0,"",ROUND(SUMIFS(INDEX('B-PorHerramienta'!$F$2:$I$2848,0,$AH$6),'B-PorHerramienta'!$A$2:$A$2848,H$8,'B-PorHerramienta'!$J$2:$J$2848,$AC111,'B-PorHerramienta'!$K$2:$K$2848,$AD111,'B-PorHerramienta'!$L$2:$L$2848,$AE111)*$AI$6,$AJ$6)) | I111: =IF(COUNTIFS('B-PorHerramienta'!$A$2:$A$2848,I$8,'B-PorHerramienta'!$J$2:$J$2848,$AC111,'B-PorHerramienta'!$K$2:$K$2848,$AD111,'B-PorHerramienta'!$L$2:$L$2848,$AE111,'B-PorHerramienta'!$F$2:$F$2848,"<>")=0,"",ROUND(SUMIFS(INDEX('B-PorHerramienta'!$F$2:$I$2848,0,$AH$6),'B-PorHerramienta'!$A$2:$A$2848,I$8,'B-PorHerramienta'!$J$2:$J$2848,$AC111,'B-PorHerramienta'!$K$2:$K$2848,$AD111,'B-PorHerramienta'!$L$2:$L$2848,$AE111)*$AI$6,$AJ$6)) | J111: =IF(COUNTIFS('B-PorHerramienta'!$A$2:$A$2848,J$8,'B-PorHerramienta'!$J$2:$J$2848,$AC111,'B-PorHerramienta'!$K$2:$K$2848,$AD111,'B-PorHerramienta'!$L$2:$L$2848,$AE111,'B-PorHerramienta'!$F$2:$F$2848,"<>")=0,"",ROUND(SUMIFS(INDEX('B-PorHerramienta'!$F$2:$I$2848,0,$AH$6),'B-PorHerramienta'!$A$2:$A$2848,J$8,'B-PorHerramienta'!$J$2:$J$2848,$AC111,'B-PorHerramienta'!$K$2:$K$2848,$AD111,'B-PorHerramienta'!$L$2:$L$2848,$AE111)*$AI$6,$AJ$6)) | ... Z111: =IF(COUNTIFS('B-PorHerramienta'!$A$2:$A$2848,Z$8,'B-PorHerramienta'!$J$2:$J$2848,$AC111,'B-PorHerramienta'!$K$2:$K$2848,$AD111,'B-PorHerramienta'!$L$2:$L$2848,$AE111,'B-PorHerramienta'!$F$2:$F$2848,"<>")=0,"",ROUND(SUMIFS(INDEX('B-PorHerramienta'!$F$2:$I$2848,0,$AH$6),'B-PorHerramienta'!$A$2:$A$2848,Z$8,'B-PorHerramienta'!$J$2:$J$2848,$AC111,'B-PorHerramienta'!$K$2:$K$2848,$AD111,'B-PorHerramienta'!$L$2:$L$2848,$AE111)*$AI$6,$AJ$6)) -> 0.0007 | AB111: 2 | AC111: Estímulos fiscales | AD111: Ley de Ingresos de la Federación o leyes fiscales | AE111: R0521
A112: Estímulo a Proyectos de Inversión en la Producción Teatral Nacional; en la Edición y Publicación de Obras Literarias Nacionales; de Artes Visuales; Danza; Música en los Campos Específicos de Dirección de Orquesta, Ejecución Instrumental y Vocal de la Música de Concierto y Jazz | B112: EF.L.11 | C112: =IF(COUNTIFS('B-PorHerramienta'!$A$2:$A$2848,C$8,'B-PorHerramienta'!$J$2:$J$2848,$AC112,'B-PorHerramienta'!$K$2:$K$2848,$AD112,'B-PorHerramienta'!$L$2:$L$2848,$AE112,'B-PorHerramienta'!$F$2:$F$2848,"<>")=0,"",ROUND(SUMIFS(INDEX('B-PorHerramienta'!$F$2:$I$2848,0,$AH$6),'B-PorHerramienta'!$A$2:$A$2848,C$8,'B-PorHerramienta'!$J$2:$J$2848,$AC112,'B-PorHerramienta'!$K$2:$K$2848,$AD112,'B-PorHerramienta'!$L$2:$L$2848,$AE112)*$AI$6,$AJ$6)) | D112: =IF(COUNTIFS('B-PorHerramienta'!$A$2:$A$2848,D$8,'B-PorHerramienta'!$J$2:$J$2848,$AC112,'B-PorHerramienta'!$K$2:$K$2848,$AD112,'B-PorHerramienta'!$L$2:$L$2848,$AE112,'B-PorHerramienta'!$F$2:$F$2848,"<>")=0,"",ROUND(SUMIFS(INDEX('B-PorHerramienta'!$F$2:$I$2848,0,$AH$6),'B-PorHerramienta'!$A$2:$A$2848,D$8,'B-PorHerramienta'!$J$2:$J$2848,$AC112,'B-PorHerramienta'!$K$2:$K$2848,$AD112,'B-PorHerramienta'!$L$2:$L$2848,$AE112)*$AI$6,$AJ$6)) | E112: =IF(COUNTIFS('B-PorHerramienta'!$A$2:$A$2848,E$8,'B-PorHerramienta'!$J$2:$J$2848,$AC112,'B-PorHerramienta'!$K$2:$K$2848,$AD112,'B-PorHerramienta'!$L$2:$L$2848,$AE112,'B-PorHerramienta'!$F$2:$F$2848,"<>")=0,"",ROUND(SUMIFS(INDEX('B-PorHerramienta'!$F$2:$I$2848,0,$AH$6),'B-PorHerramienta'!$A$2:$A$2848,E$8,'B-PorHerramienta'!$J$2:$J$2848,$AC112,'B-PorHerramienta'!$K$2:$K$2848,$AD112,'B-PorHerramienta'!$L$2:$L$2848,$AE112)*$AI$6,$AJ$6)) | F112: =IF(COUNTIFS('B-PorHerramienta'!$A$2:$A$2848,F$8,'B-PorHerramienta'!$J$2:$J$2848,$AC112,'B-PorHerramienta'!$K$2:$K$2848,$AD112,'B-PorHerramienta'!$L$2:$L$2848,$AE112,'B-PorHerramienta'!$F$2:$F$2848,"<>")=0,"",ROUND(SUMIFS(INDEX('B-PorHerramienta'!$F$2:$I$2848,0,$AH$6),'B-PorHerramienta'!$A$2:$A$2848,F$8,'B-PorHerramienta'!$J$2:$J$2848,$AC112,'B-PorHerramienta'!$K$2:$K$2848,$AD112,'B-PorHerramienta'!$L$2:$L$2848,$AE112)*$AI$6,$AJ$6)) | G112: =IF(COUNTIFS('B-PorHerramienta'!$A$2:$A$2848,G$8,'B-PorHerramienta'!$J$2:$J$2848,$AC112,'B-PorHerramienta'!$K$2:$K$2848,$AD112,'B-PorHerramienta'!$L$2:$L$2848,$AE112,'B-PorHerramienta'!$F$2:$F$2848,"<>")=0,"",ROUND(SUMIFS(INDEX('B-PorHerramienta'!$F$2:$I$2848,0,$AH$6),'B-PorHerramienta'!$A$2:$A$2848,G$8,'B-PorHerramienta'!$J$2:$J$2848,$AC112,'B-PorHerramienta'!$K$2:$K$2848,$AD112,'B-PorHerramienta'!$L$2:$L$2848,$AE112)*$AI$6,$AJ$6)) | H112: =IF(COUNTIFS('B-PorHerramienta'!$A$2:$A$2848,H$8,'B-PorHerramienta'!$J$2:$J$2848,$AC112,'B-PorHerramienta'!$K$2:$K$2848,$AD112,'B-PorHerramienta'!$L$2:$L$2848,$AE112,'B-PorHerramienta'!$F$2:$F$2848,"<>")=0,"",ROUND(SUMIFS(INDEX('B-PorHerramienta'!$F$2:$I$2848,0,$AH$6),'B-PorHerramienta'!$A$2:$A$2848,H$8,'B-PorHerramienta'!$J$2:$J$2848,$AC112,'B-PorHerramienta'!$K$2:$K$2848,$AD112,'B-PorHerramienta'!$L$2:$L$2848,$AE112)*$AI$6,$AJ$6)) | I112: =IF(COUNTIFS('B-PorHerramienta'!$A$2:$A$2848,I$8,'B-PorHerramienta'!$J$2:$J$2848,$AC112,'B-PorHerramienta'!$K$2:$K$2848,$AD112,'B-PorHerramienta'!$L$2:$L$2848,$AE112,'B-PorHerramienta'!$F$2:$F$2848,"<>")=0,"",ROUND(SUMIFS(INDEX('B-PorHerramienta'!$F$2:$I$2848,0,$AH$6),'B-PorHerramienta'!$A$2:$A$2848,I$8,'B-PorHerramienta'!$J$2:$J$2848,$AC112,'B-PorHerramienta'!$K$2:$K$2848,$AD112,'B-PorHerramienta'!$L$2:$L$2848,$AE112)*$AI$6,$AJ$6)) | J112: =IF(COUNTIFS('B-PorHerramienta'!$A$2:$A$2848,J$8,'B-PorHerramienta'!$J$2:$J$2848,$AC112,'B-PorHerramienta'!$K$2:$K$2848,$AD112,'B-PorHerramienta'!$L$2:$L$2848,$AE112,'B-PorHerramienta'!$F$2:$F$2848,"<>")=0,"",ROUND(SUMIFS(INDEX('B-PorHerramienta'!$F$2:$I$2848,0,$AH$6),'B-PorHerramienta'!$A$2:$A$2848,J$8,'B-PorHerramienta'!$J$2:$J$2848,$AC112,'B-PorHerramienta'!$K$2:$K$2848,$AD112,'B-PorHerramienta'!$L$2:$L$2848,$AE112)*$AI$6,$AJ$6)) | ... Z112: =IF(COUNTIFS('B-PorHerramienta'!$A$2:$A$2848,Z$8,'B-PorHerramienta'!$J$2:$J$2848,$AC112,'B-PorHerramienta'!$K$2:$K$2848,$AD112,'B-PorHerramienta'!$L$2:$L$2848,$AE112,'B-PorHerramienta'!$F$2:$F$2848,"<>")=0,"",ROUND(SUMIFS(INDEX('B-PorHerramienta'!$F$2:$I$2848,0,$AH$6),'B-PorHerramienta'!$A$2:$A$2848,Z$8,'B-PorHerramienta'!$J$2:$J$2848,$AC112,'B-PorHerramienta'!$K$2:$K$2848,$AD112,'B-PorHerramienta'!$L$2:$L$2848,$AE112)*$AI$6,$AJ$6)) -> 0.0005 | AB112: 2 | AC112: Estímulos fiscales | AD112: Ley de Ingresos de la Federación o leyes fiscales | AE112: R0522
A113: Acreditamiento en Contra del ISR del Derecho Especial sobre Minería a los Contribuyentes Titulares de Concesiones y Asignaciones Mineras Cuyos Ingresos Brutos Totales Anuales por Venta o Enajenación de Minerales y Sustancias a que se Refiere la Ley Minera, Sean Menores a 50 Mdp | B113: EF.L.12, 80, 75, 86 | C113: =IF(COUNTIFS('B-PorHerramienta'!$A$2:$A$2848,C$8,'B-PorHerramienta'!$J$2:$J$2848,$AC113,'B-PorHerramienta'!$K$2:$K$2848,$AD113,'B-PorHerramienta'!$L$2:$L$2848,$AE113,'B-PorHerramienta'!$F$2:$F$2848,"<>")=0,"",ROUND(SUMIFS(INDEX('B-PorHerramienta'!$F$2:$I$2848,0,$AH$6),'B-PorHerramienta'!$A$2:$A$2848,C$8,'B-PorHerramienta'!$J$2:$J$2848,$AC113,'B-PorHerramienta'!$K$2:$K$2848,$AD113,'B-PorHerramienta'!$L$2:$L$2848,$AE113)*$AI$6,$AJ$6)) | D113: =IF(COUNTIFS('B-PorHerramienta'!$A$2:$A$2848,D$8,'B-PorHerramienta'!$J$2:$J$2848,$AC113,'B-PorHerramienta'!$K$2:$K$2848,$AD113,'B-PorHerramienta'!$L$2:$L$2848,$AE113,'B-PorHerramienta'!$F$2:$F$2848,"<>")=0,"",ROUND(SUMIFS(INDEX('B-PorHerramienta'!$F$2:$I$2848,0,$AH$6),'B-PorHerramienta'!$A$2:$A$2848,D$8,'B-PorHerramienta'!$J$2:$J$2848,$AC113,'B-PorHerramienta'!$K$2:$K$2848,$AD113,'B-PorHerramienta'!$L$2:$L$2848,$AE113)*$AI$6,$AJ$6)) | E113: =IF(COUNTIFS('B-PorHerramienta'!$A$2:$A$2848,E$8,'B-PorHerramienta'!$J$2:$J$2848,$AC113,'B-PorHerramienta'!$K$2:$K$2848,$AD113,'B-PorHerramienta'!$L$2:$L$2848,$AE113,'B-PorHerramienta'!$F$2:$F$2848,"<>")=0,"",ROUND(SUMIFS(INDEX('B-PorHerramienta'!$F$2:$I$2848,0,$AH$6),'B-PorHerramienta'!$A$2:$A$2848,E$8,'B-PorHerramienta'!$J$2:$J$2848,$AC113,'B-PorHerramienta'!$K$2:$K$2848,$AD113,'B-PorHerramienta'!$L$2:$L$2848,$AE113)*$AI$6,$AJ$6)) | F113: =IF(COUNTIFS('B-PorHerramienta'!$A$2:$A$2848,F$8,'B-PorHerramienta'!$J$2:$J$2848,$AC113,'B-PorHerramienta'!$K$2:$K$2848,$AD113,'B-PorHerramienta'!$L$2:$L$2848,$AE113,'B-PorHerramienta'!$F$2:$F$2848,"<>")=0,"",ROUND(SUMIFS(INDEX('B-PorHerramienta'!$F$2:$I$2848,0,$AH$6),'B-PorHerramienta'!$A$2:$A$2848,F$8,'B-PorHerramienta'!$J$2:$J$2848,$AC113,'B-PorHerramienta'!$K$2:$K$2848,$AD113,'B-PorHerramienta'!$L$2:$L$2848,$AE113)*$AI$6,$AJ$6)) | G113: =IF(COUNTIFS('B-PorHerramienta'!$A$2:$A$2848,G$8,'B-PorHerramienta'!$J$2:$J$2848,$AC113,'B-PorHerramienta'!$K$2:$K$2848,$AD113,'B-PorHerramienta'!$L$2:$L$2848,$AE113,'B-PorHerramienta'!$F$2:$F$2848,"<>")=0,"",ROUND(SUMIFS(INDEX('B-PorHerramienta'!$F$2:$I$2848,0,$AH$6),'B-PorHerramienta'!$A$2:$A$2848,G$8,'B-PorHerramienta'!$J$2:$J$2848,$AC113,'B-PorHerramienta'!$K$2:$K$2848,$AD113,'B-PorHerramienta'!$L$2:$L$2848,$AE113)*$AI$6,$AJ$6)) | H113: =IF(COUNTIFS('B-PorHerramienta'!$A$2:$A$2848,H$8,'B-PorHerramienta'!$J$2:$J$2848,$AC113,'B-PorHerramienta'!$K$2:$K$2848,$AD113,'B-PorHerramienta'!$L$2:$L$2848,$AE113,'B-PorHerramienta'!$F$2:$F$2848,"<>")=0,"",ROUND(SUMIFS(INDEX('B-PorHerramienta'!$F$2:$I$2848,0,$AH$6),'B-PorHerramienta'!$A$2:$A$2848,H$8,'B-PorHerramienta'!$J$2:$J$2848,$AC113,'B-PorHerramienta'!$K$2:$K$2848,$AD113,'B-PorHerramienta'!$L$2:$L$2848,$AE113)*$AI$6,$AJ$6)) | I113: =IF(COUNTIFS('B-PorHerramienta'!$A$2:$A$2848,I$8,'B-PorHerramienta'!$J$2:$J$2848,$AC113,'B-PorHerramienta'!$K$2:$K$2848,$AD113,'B-PorHerramienta'!$L$2:$L$2848,$AE113,'B-PorHerramienta'!$F$2:$F$2848,"<>")=0,"",ROUND(SUMIFS(INDEX('B-PorHerramienta'!$F$2:$I$2848,0,$AH$6),'B-PorHerramienta'!$A$2:$A$2848,I$8,'B-PorHerramienta'!$J$2:$J$2848,$AC113,'B-PorHerramienta'!$K$2:$K$2848,$AD113,'B-PorHerramienta'!$L$2:$L$2848,$AE113)*$AI$6,$AJ$6)) | J113: =IF(COUNTIFS('B-PorHerramienta'!$A$2:$A$2848,J$8,'B-PorHerramienta'!$J$2:$J$2848,$AC113,'B-PorHerramienta'!$K$2:$K$2848,$AD113,'B-PorHerramienta'!$L$2:$L$2848,$AE113,'B-PorHerramienta'!$F$2:$F$2848,"<>")=0,"",ROUND(SUMIFS(INDEX('B-PorHerramienta'!$F$2:$I$2848,0,$AH$6),'B-PorHerramienta'!$A$2:$A$2848,J$8,'B-PorHerramienta'!$J$2:$J$2848,$AC113,'B-PorHerramienta'!$K$2:$K$2848,$AD113,'B-PorHerramienta'!$L$2:$L$2848,$AE113)*$AI$6,$AJ$6)) | ... Z113: =IF(COUNTIFS('B-PorHerramienta'!$A$2:$A$2848,Z$8,'B-PorHerramienta'!$J$2:$J$2848,$AC113,'B-PorHerramienta'!$K$2:$K$2848,$AD113,'B-PorHerramienta'!$L$2:$L$2848,$AE113,'B-PorHerramienta'!$F$2:$F$2848,"<>")=0,"",ROUND(SUMIFS(INDEX('B-PorHerramienta'!$F$2:$I$2848,0,$AH$6),'B-PorHerramienta'!$A$2:$A$2848,Z$8,'B-PorHerramienta'!$J$2:$J$2848,$AC113,'B-PorHerramienta'!$K$2:$K$2848,$AD113,'B-PorHerramienta'!$L$2:$L$2848,$AE113)*$AI$6,$AJ$6)) -> 0.0003 | AB113: 2 | AC113: Estímulos fiscales | AD113: Ley de Ingresos de la Federación o leyes fiscales | AE113: R0523
A114: Estímulo Equivalente al Total del Impuesto Causado por la Enajenación o Importación de Automóviles Propulsados por Baterías Eléctricas Recargables | B114: EF.L.13, 106, 88, 83, 78, 90 | C114: =IF(COUNTIFS('B-PorHerramienta'!$A$2:$A$2848,C$8,'B-PorHerramienta'!$J$2:$J$2848,$AC114,'B-PorHerramienta'!$K$2:$K$2848,$AD114,'B-PorHerramienta'!$L$2:$L$2848,$AE114,'B-PorHerramienta'!$F$2:$F$2848,"<>")=0,"",ROUND(SUMIFS(INDEX('B-PorHerramienta'!$F$2:$I$2848,0,$AH$6),'B-PorHerramienta'!$A$2:$A$2848,C$8,'B-PorHerramienta'!$J$2:$J$2848,$AC114,'B-PorHerramienta'!$K$2:$K$2848,$AD114,'B-PorHerramienta'!$L$2:$L$2848,$AE114)*$AI$6,$AJ$6)) | D114: =IF(COUNTIFS('B-PorHerramienta'!$A$2:$A$2848,D$8,'B-PorHerramienta'!$J$2:$J$2848,$AC114,'B-PorHerramienta'!$K$2:$K$2848,$AD114,'B-PorHerramienta'!$L$2:$L$2848,$AE114,'B-PorHerramienta'!$F$2:$F$2848,"<>")=0,"",ROUND(SUMIFS(INDEX('B-PorHerramienta'!$F$2:$I$2848,0,$AH$6),'B-PorHerramienta'!$A$2:$A$2848,D$8,'B-PorHerramienta'!$J$2:$J$2848,$AC114,'B-PorHerramienta'!$K$2:$K$2848,$AD114,'B-PorHerramienta'!$L$2:$L$2848,$AE114)*$AI$6,$AJ$6)) | E114: =IF(COUNTIFS('B-PorHerramienta'!$A$2:$A$2848,E$8,'B-PorHerramienta'!$J$2:$J$2848,$AC114,'B-PorHerramienta'!$K$2:$K$2848,$AD114,'B-PorHerramienta'!$L$2:$L$2848,$AE114,'B-PorHerramienta'!$F$2:$F$2848,"<>")=0,"",ROUND(SUMIFS(INDEX('B-PorHerramienta'!$F$2:$I$2848,0,$AH$6),'B-PorHerramienta'!$A$2:$A$2848,E$8,'B-PorHerramienta'!$J$2:$J$2848,$AC114,'B-PorHerramienta'!$K$2:$K$2848,$AD114,'B-PorHerramienta'!$L$2:$L$2848,$AE114)*$AI$6,$AJ$6)) | F114: =IF(COUNTIFS('B-PorHerramienta'!$A$2:$A$2848,F$8,'B-PorHerramienta'!$J$2:$J$2848,$AC114,'B-PorHerramienta'!$K$2:$K$2848,$AD114,'B-PorHerramienta'!$L$2:$L$2848,$AE114,'B-PorHerramienta'!$F$2:$F$2848,"<>")=0,"",ROUND(SUMIFS(INDEX('B-PorHerramienta'!$F$2:$I$2848,0,$AH$6),'B-PorHerramienta'!$A$2:$A$2848,F$8,'B-PorHerramienta'!$J$2:$J$2848,$AC114,'B-PorHerramienta'!$K$2:$K$2848,$AD114,'B-PorHerramienta'!$L$2:$L$2848,$AE114)*$AI$6,$AJ$6)) | G114: =IF(COUNTIFS('B-PorHerramienta'!$A$2:$A$2848,G$8,'B-PorHerramienta'!$J$2:$J$2848,$AC114,'B-PorHerramienta'!$K$2:$K$2848,$AD114,'B-PorHerramienta'!$L$2:$L$2848,$AE114,'B-PorHerramienta'!$F$2:$F$2848,"<>")=0,"",ROUND(SUMIFS(INDEX('B-PorHerramienta'!$F$2:$I$2848,0,$AH$6),'B-PorHerramienta'!$A$2:$A$2848,G$8,'B-PorHerramienta'!$J$2:$J$2848,$AC114,'B-PorHerramienta'!$K$2:$K$2848,$AD114,'B-PorHerramienta'!$L$2:$L$2848,$AE114)*$AI$6,$AJ$6)) | H114: =IF(COUNTIFS('B-PorHerramienta'!$A$2:$A$2848,H$8,'B-PorHerramienta'!$J$2:$J$2848,$AC114,'B-PorHerramienta'!$K$2:$K$2848,$AD114,'B-PorHerramienta'!$L$2:$L$2848,$AE114,'B-PorHerramienta'!$F$2:$F$2848,"<>")=0,"",ROUND(SUMIFS(INDEX('B-PorHerramienta'!$F$2:$I$2848,0,$AH$6),'B-PorHerramienta'!$A$2:$A$2848,H$8,'B-PorHerramienta'!$J$2:$J$2848,$AC114,'B-PorHerramienta'!$K$2:$K$2848,$AD114,'B-PorHerramienta'!$L$2:$L$2848,$AE114)*$AI$6,$AJ$6)) | I114: =IF(COUNTIFS('B-PorHerramienta'!$A$2:$A$2848,I$8,'B-PorHerramienta'!$J$2:$J$2848,$AC114,'B-PorHerramienta'!$K$2:$K$2848,$AD114,'B-PorHerramienta'!$L$2:$L$2848,$AE114,'B-PorHerramienta'!$F$2:$F$2848,"<>")=0,"",ROUND(SUMIFS(INDEX('B-PorHerramienta'!$F$2:$I$2848,0,$AH$6),'B-PorHerramienta'!$A$2:$A$2848,I$8,'B-PorHerramienta'!$J$2:$J$2848,$AC114,'B-PorHerramienta'!$K$2:$K$2848,$AD114,'B-PorHerramienta'!$L$2:$L$2848,$AE114)*$AI$6,$AJ$6)) | J114: =IF(COUNTIFS('B-PorHerramienta'!$A$2:$A$2848,J$8,'B-PorHerramienta'!$J$2:$J$2848,$AC114,'B-PorHerramienta'!$K$2:$K$2848,$AD114,'B-PorHerramienta'!$L$2:$L$2848,$AE114,'B-PorHerramienta'!$F$2:$F$2848,"<>")=0,"",ROUND(SUMIFS(INDEX('B-PorHerramienta'!$F$2:$I$2848,0,$AH$6),'B-PorHerramienta'!$A$2:$A$2848,J$8,'B-PorHerramienta'!$J$2:$J$2848,$AC114,'B-PorHerramienta'!$K$2:$K$2848,$AD114,'B-PorHerramienta'!$L$2:$L$2848,$AE114)*$AI$6,$AJ$6)) | ... Z114: =IF(COUNTIFS('B-PorHerramienta'!$A$2:$A$2848,Z$8,'B-PorHerramienta'!$J$2:$J$2848,$AC114,'B-PorHerramienta'!$K$2:$K$2848,$AD114,'B-PorHerramienta'!$L$2:$L$2848,$AE114,'B-PorHerramienta'!$F$2:$F$2848,"<>")=0,"",ROUND(SUMIFS(INDEX('B-PorHerramienta'!$F$2:$I$2848,0,$AH$6),'B-PorHerramienta'!$A$2:$A$2848,Z$8,'B-PorHerramienta'!$J$2:$J$2848,$AC114,'B-PorHerramienta'!$K$2:$K$2848,$AD114,'B-PorHerramienta'!$L$2:$L$2848,$AE114)*$AI$6,$AJ$6)) | AB114: 2 | AC114: Estímulos fiscales | AD114: Ley de Ingresos de la Federación o leyes fiscales | AE114: R0524
A115: Deducción Adicional de 5% del Costo de lo Vendido a los Contribuyentes que Donen Bienes Básicos para la Subsistencia Humana en Materia de Alimentación o Salud | B115: EF.L.14 | C115: =IF(COUNTIFS('B-PorHerramienta'!$A$2:$A$2848,C$8,'B-PorHerramienta'!$J$2:$J$2848,$AC115,'B-PorHerramienta'!$K$2:$K$2848,$AD115,'B-PorHerramienta'!$L$2:$L$2848,$AE115,'B-PorHerramienta'!$F$2:$F$2848,"<>")=0,"",ROUND(SUMIFS(INDEX('B-PorHerramienta'!$F$2:$I$2848,0,$AH$6),'B-PorHerramienta'!$A$2:$A$2848,C$8,'B-PorHerramienta'!$J$2:$J$2848,$AC115,'B-PorHerramienta'!$K$2:$K$2848,$AD115,'B-PorHerramienta'!$L$2:$L$2848,$AE115)*$AI$6,$AJ$6)) | D115: =IF(COUNTIFS('B-PorHerramienta'!$A$2:$A$2848,D$8,'B-PorHerramienta'!$J$2:$J$2848,$AC115,'B-PorHerramienta'!$K$2:$K$2848,$AD115,'B-PorHerramienta'!$L$2:$L$2848,$AE115,'B-PorHerramienta'!$F$2:$F$2848,"<>")=0,"",ROUND(SUMIFS(INDEX('B-PorHerramienta'!$F$2:$I$2848,0,$AH$6),'B-PorHerramienta'!$A$2:$A$2848,D$8,'B-PorHerramienta'!$J$2:$J$2848,$AC115,'B-PorHerramienta'!$K$2:$K$2848,$AD115,'B-PorHerramienta'!$L$2:$L$2848,$AE115)*$AI$6,$AJ$6)) | E115: =IF(COUNTIFS('B-PorHerramienta'!$A$2:$A$2848,E$8,'B-PorHerramienta'!$J$2:$J$2848,$AC115,'B-PorHerramienta'!$K$2:$K$2848,$AD115,'B-PorHerramienta'!$L$2:$L$2848,$AE115,'B-PorHerramienta'!$F$2:$F$2848,"<>")=0,"",ROUND(SUMIFS(INDEX('B-PorHerramienta'!$F$2:$I$2848,0,$AH$6),'B-PorHerramienta'!$A$2:$A$2848,E$8,'B-PorHerramienta'!$J$2:$J$2848,$AC115,'B-PorHerramienta'!$K$2:$K$2848,$AD115,'B-PorHerramienta'!$L$2:$L$2848,$AE115)*$AI$6,$AJ$6)) | F115: =IF(COUNTIFS('B-PorHerramienta'!$A$2:$A$2848,F$8,'B-PorHerramienta'!$J$2:$J$2848,$AC115,'B-PorHerramienta'!$K$2:$K$2848,$AD115,'B-PorHerramienta'!$L$2:$L$2848,$AE115,'B-PorHerramienta'!$F$2:$F$2848,"<>")=0,"",ROUND(SUMIFS(INDEX('B-PorHerramienta'!$F$2:$I$2848,0,$AH$6),'B-PorHerramienta'!$A$2:$A$2848,F$8,'B-PorHerramienta'!$J$2:$J$2848,$AC115,'B-PorHerramienta'!$K$2:$K$2848,$AD115,'B-PorHerramienta'!$L$2:$L$2848,$AE115)*$AI$6,$AJ$6)) | G115: =IF(COUNTIFS('B-PorHerramienta'!$A$2:$A$2848,G$8,'B-PorHerramienta'!$J$2:$J$2848,$AC115,'B-PorHerramienta'!$K$2:$K$2848,$AD115,'B-PorHerramienta'!$L$2:$L$2848,$AE115,'B-PorHerramienta'!$F$2:$F$2848,"<>")=0,"",ROUND(SUMIFS(INDEX('B-PorHerramienta'!$F$2:$I$2848,0,$AH$6),'B-PorHerramienta'!$A$2:$A$2848,G$8,'B-PorHerramienta'!$J$2:$J$2848,$AC115,'B-PorHerramienta'!$K$2:$K$2848,$AD115,'B-PorHerramienta'!$L$2:$L$2848,$AE115)*$AI$6,$AJ$6)) | H115: =IF(COUNTIFS('B-PorHerramienta'!$A$2:$A$2848,H$8,'B-PorHerramienta'!$J$2:$J$2848,$AC115,'B-PorHerramienta'!$K$2:$K$2848,$AD115,'B-PorHerramienta'!$L$2:$L$2848,$AE115,'B-PorHerramienta'!$F$2:$F$2848,"<>")=0,"",ROUND(SUMIFS(INDEX('B-PorHerramienta'!$F$2:$I$2848,0,$AH$6),'B-PorHerramienta'!$A$2:$A$2848,H$8,'B-PorHerramienta'!$J$2:$J$2848,$AC115,'B-PorHerramienta'!$K$2:$K$2848,$AD115,'B-PorHerramienta'!$L$2:$L$2848,$AE115)*$AI$6,$AJ$6)) | I115: =IF(COUNTIFS('B-PorHerramienta'!$A$2:$A$2848,I$8,'B-PorHerramienta'!$J$2:$J$2848,$AC115,'B-PorHerramienta'!$K$2:$K$2848,$AD115,'B-PorHerramienta'!$L$2:$L$2848,$AE115,'B-PorHerramienta'!$F$2:$F$2848,"<>")=0,"",ROUND(SUMIFS(INDEX('B-PorHerramienta'!$F$2:$I$2848,0,$AH$6),'B-PorHerramienta'!$A$2:$A$2848,I$8,'B-PorHerramienta'!$J$2:$J$2848,$AC115,'B-PorHerramienta'!$K$2:$K$2848,$AD115,'B-PorHerramienta'!$L$2:$L$2848,$AE115)*$AI$6,$AJ$6)) | J115: =IF(COUNTIFS('B-PorHerramienta'!$A$2:$A$2848,J$8,'B-PorHerramienta'!$J$2:$J$2848,$AC115,'B-PorHerramienta'!$K$2:$K$2848,$AD115,'B-PorHerramienta'!$L$2:$L$2848,$AE115,'B-PorHerramienta'!$F$2:$F$2848,"<>")=0,"",ROUND(SUMIFS(INDEX('B-PorHerramienta'!$F$2:$I$2848,0,$AH$6),'B-PorHerramienta'!$A$2:$A$2848,J$8,'B-PorHerramienta'!$J$2:$J$2848,$AC115,'B-PorHerramienta'!$K$2:$K$2848,$AD115,'B-PorHerramienta'!$L$2:$L$2848,$AE115)*$AI$6,$AJ$6)) | ... Z115: =IF(COUNTIFS('B-PorHerramienta'!$A$2:$A$2848,Z$8,'B-PorHerramienta'!$J$2:$J$2848,$AC115,'B-PorHerramienta'!$K$2:$K$2848,$AD115,'B-PorHerramienta'!$L$2:$L$2848,$AE115,'B-PorHerramienta'!$F$2:$F$2848,"<>")=0,"",ROUND(SUMIFS(INDEX('B-PorHerramienta'!$F$2:$I$2848,0,$AH$6),'B-PorHerramienta'!$A$2:$A$2848,Z$8,'B-PorHerramienta'!$J$2:$J$2848,$AC115,'B-PorHerramienta'!$K$2:$K$2848,$AD115,'B-PorHerramienta'!$L$2:$L$2848,$AE115)*$AI$6,$AJ$6)) | AB115: 2 | AC115: Estímulos fiscales | AD115: Ley de Ingresos de la Federación o leyes fiscales | AE115: R0525
A116: Estímulo Complementario a la Inversión en Energías Renovables o de Sistema de Cogeneración de Electricidad Eficiente | B116: EF.L.15, 88 | C116: =IF(COUNTIFS('B-PorHerramienta'!$A$2:$A$2848,C$8,'B-PorHerramienta'!$J$2:$J$2848,$AC116,'B-PorHerramienta'!$K$2:$K$2848,$AD116,'B-PorHerramienta'!$L$2:$L$2848,$AE116,'B-PorHerramienta'!$F$2:$F$2848,"<>")=0,"",ROUND(SUMIFS(INDEX('B-PorHerramienta'!$F$2:$I$2848,0,$AH$6),'B-PorHerramienta'!$A$2:$A$2848,C$8,'B-PorHerramienta'!$J$2:$J$2848,$AC116,'B-PorHerramienta'!$K$2:$K$2848,$AD116,'B-PorHerramienta'!$L$2:$L$2848,$AE116)*$AI$6,$AJ$6)) | D116: =IF(COUNTIFS('B-PorHerramienta'!$A$2:$A$2848,D$8,'B-PorHerramienta'!$J$2:$J$2848,$AC116,'B-PorHerramienta'!$K$2:$K$2848,$AD116,'B-PorHerramienta'!$L$2:$L$2848,$AE116,'B-PorHerramienta'!$F$2:$F$2848,"<>")=0,"",ROUND(SUMIFS(INDEX('B-PorHerramienta'!$F$2:$I$2848,0,$AH$6),'B-PorHerramienta'!$A$2:$A$2848,D$8,'B-PorHerramienta'!$J$2:$J$2848,$AC116,'B-PorHerramienta'!$K$2:$K$2848,$AD116,'B-PorHerramienta'!$L$2:$L$2848,$AE116)*$AI$6,$AJ$6)) | E116: =IF(COUNTIFS('B-PorHerramienta'!$A$2:$A$2848,E$8,'B-PorHerramienta'!$J$2:$J$2848,$AC116,'B-PorHerramienta'!$K$2:$K$2848,$AD116,'B-PorHerramienta'!$L$2:$L$2848,$AE116,'B-PorHerramienta'!$F$2:$F$2848,"<>")=0,"",ROUND(SUMIFS(INDEX('B-PorHerramienta'!$F$2:$I$2848,0,$AH$6),'B-PorHerramienta'!$A$2:$A$2848,E$8,'B-PorHerramienta'!$J$2:$J$2848,$AC116,'B-PorHerramienta'!$K$2:$K$2848,$AD116,'B-PorHerramienta'!$L$2:$L$2848,$AE116)*$AI$6,$AJ$6)) | F116: =IF(COUNTIFS('B-PorHerramienta'!$A$2:$A$2848,F$8,'B-PorHerramienta'!$J$2:$J$2848,$AC116,'B-PorHerramienta'!$K$2:$K$2848,$AD116,'B-PorHerramienta'!$L$2:$L$2848,$AE116,'B-PorHerramienta'!$F$2:$F$2848,"<>")=0,"",ROUND(SUMIFS(INDEX('B-PorHerramienta'!$F$2:$I$2848,0,$AH$6),'B-PorHerramienta'!$A$2:$A$2848,F$8,'B-PorHerramienta'!$J$2:$J$2848,$AC116,'B-PorHerramienta'!$K$2:$K$2848,$AD116,'B-PorHerramienta'!$L$2:$L$2848,$AE116)*$AI$6,$AJ$6)) | G116: =IF(COUNTIFS('B-PorHerramienta'!$A$2:$A$2848,G$8,'B-PorHerramienta'!$J$2:$J$2848,$AC116,'B-PorHerramienta'!$K$2:$K$2848,$AD116,'B-PorHerramienta'!$L$2:$L$2848,$AE116,'B-PorHerramienta'!$F$2:$F$2848,"<>")=0,"",ROUND(SUMIFS(INDEX('B-PorHerramienta'!$F$2:$I$2848,0,$AH$6),'B-PorHerramienta'!$A$2:$A$2848,G$8,'B-PorHerramienta'!$J$2:$J$2848,$AC116,'B-PorHerramienta'!$K$2:$K$2848,$AD116,'B-PorHerramienta'!$L$2:$L$2848,$AE116)*$AI$6,$AJ$6)) | H116: =IF(COUNTIFS('B-PorHerramienta'!$A$2:$A$2848,H$8,'B-PorHerramienta'!$J$2:$J$2848,$AC116,'B-PorHerramienta'!$K$2:$K$2848,$AD116,'B-PorHerramienta'!$L$2:$L$2848,$AE116,'B-PorHerramienta'!$F$2:$F$2848,"<>")=0,"",ROUND(SUMIFS(INDEX('B-PorHerramienta'!$F$2:$I$2848,0,$AH$6),'B-PorHerramienta'!$A$2:$A$2848,H$8,'B-PorHerramienta'!$J$2:$J$2848,$AC116,'B-PorHerramienta'!$K$2:$K$2848,$AD116,'B-PorHerramienta'!$L$2:$L$2848,$AE116)*$AI$6,$AJ$6)) | I116: =IF(COUNTIFS('B-PorHerramienta'!$A$2:$A$2848,I$8,'B-PorHerramienta'!$J$2:$J$2848,$AC116,'B-PorHerramienta'!$K$2:$K$2848,$AD116,'B-PorHerramienta'!$L$2:$L$2848,$AE116,'B-PorHerramienta'!$F$2:$F$2848,"<>")=0,"",ROUND(SUMIFS(INDEX('B-PorHerramienta'!$F$2:$I$2848,0,$AH$6),'B-PorHerramienta'!$A$2:$A$2848,I$8,'B-PorHerramienta'!$J$2:$J$2848,$AC116,'B-PorHerramienta'!$K$2:$K$2848,$AD116,'B-PorHerramienta'!$L$2:$L$2848,$AE116)*$AI$6,$AJ$6)) | J116: =IF(COUNTIFS('B-PorHerramienta'!$A$2:$A$2848,J$8,'B-PorHerramienta'!$J$2:$J$2848,$AC116,'B-PorHerramienta'!$K$2:$K$2848,$AD116,'B-PorHerramienta'!$L$2:$L$2848,$AE116,'B-PorHerramienta'!$F$2:$F$2848,"<>")=0,"",ROUND(SUMIFS(INDEX('B-PorHerramienta'!$F$2:$I$2848,0,$AH$6),'B-PorHerramienta'!$A$2:$A$2848,J$8,'B-PorHerramienta'!$J$2:$J$2848,$AC116,'B-PorHerramienta'!$K$2:$K$2848,$AD116,'B-PorHerramienta'!$L$2:$L$2848,$AE116)*$AI$6,$AJ$6)) | ... Z116: =IF(COUNTIFS('B-PorHerramienta'!$A$2:$A$2848,Z$8,'B-PorHerramienta'!$J$2:$J$2848,$AC116,'B-PorHerramienta'!$K$2:$K$2848,$AD116,'B-PorHerramienta'!$L$2:$L$2848,$AE116,'B-PorHerramienta'!$F$2:$F$2848,"<>")=0,"",ROUND(SUMIFS(INDEX('B-PorHerramienta'!$F$2:$I$2848,0,$AH$6),'B-PorHerramienta'!$A$2:$A$2848,Z$8,'B-PorHerramienta'!$J$2:$J$2848,$AC116,'B-PorHerramienta'!$K$2:$K$2848,$AD116,'B-PorHerramienta'!$L$2:$L$2848,$AE116)*$AI$6,$AJ$6)) -> 0.0004 | AB116: 2 | AC116: Estímulos fiscales | AD116: Ley de Ingresos de la Federación o leyes fiscales | AE116: R0526
A117: Estímulo Consistente en un Crédito del 30% del Monto de las Inversiones que se Realicen en Equipos de Alimentación para Vehículos Eléctricos, Siempre que Éstos se Encuentren Conectados y Sujetos de Manera Fija en Lugares Públicos | B117: EF.L.16 | C117: =IF(COUNTIFS('B-PorHerramienta'!$A$2:$A$2848,C$8,'B-PorHerramienta'!$J$2:$J$2848,$AC117,'B-PorHerramienta'!$K$2:$K$2848,$AD117,'B-PorHerramienta'!$L$2:$L$2848,$AE117,'B-PorHerramienta'!$F$2:$F$2848,"<>")=0,"",ROUND(SUMIFS(INDEX('B-PorHerramienta'!$F$2:$I$2848,0,$AH$6),'B-PorHerramienta'!$A$2:$A$2848,C$8,'B-PorHerramienta'!$J$2:$J$2848,$AC117,'B-PorHerramienta'!$K$2:$K$2848,$AD117,'B-PorHerramienta'!$L$2:$L$2848,$AE117)*$AI$6,$AJ$6)) | D117: =IF(COUNTIFS('B-PorHerramienta'!$A$2:$A$2848,D$8,'B-PorHerramienta'!$J$2:$J$2848,$AC117,'B-PorHerramienta'!$K$2:$K$2848,$AD117,'B-PorHerramienta'!$L$2:$L$2848,$AE117,'B-PorHerramienta'!$F$2:$F$2848,"<>")=0,"",ROUND(SUMIFS(INDEX('B-PorHerramienta'!$F$2:$I$2848,0,$AH$6),'B-PorHerramienta'!$A$2:$A$2848,D$8,'B-PorHerramienta'!$J$2:$J$2848,$AC117,'B-PorHerramienta'!$K$2:$K$2848,$AD117,'B-PorHerramienta'!$L$2:$L$2848,$AE117)*$AI$6,$AJ$6)) | E117: =IF(COUNTIFS('B-PorHerramienta'!$A$2:$A$2848,E$8,'B-PorHerramienta'!$J$2:$J$2848,$AC117,'B-PorHerramienta'!$K$2:$K$2848,$AD117,'B-PorHerramienta'!$L$2:$L$2848,$AE117,'B-PorHerramienta'!$F$2:$F$2848,"<>")=0,"",ROUND(SUMIFS(INDEX('B-PorHerramienta'!$F$2:$I$2848,0,$AH$6),'B-PorHerramienta'!$A$2:$A$2848,E$8,'B-PorHerramienta'!$J$2:$J$2848,$AC117,'B-PorHerramienta'!$K$2:$K$2848,$AD117,'B-PorHerramienta'!$L$2:$L$2848,$AE117)*$AI$6,$AJ$6)) | F117: =IF(COUNTIFS('B-PorHerramienta'!$A$2:$A$2848,F$8,'B-PorHerramienta'!$J$2:$J$2848,$AC117,'B-PorHerramienta'!$K$2:$K$2848,$AD117,'B-PorHerramienta'!$L$2:$L$2848,$AE117,'B-PorHerramienta'!$F$2:$F$2848,"<>")=0,"",ROUND(SUMIFS(INDEX('B-PorHerramienta'!$F$2:$I$2848,0,$AH$6),'B-PorHerramienta'!$A$2:$A$2848,F$8,'B-PorHerramienta'!$J$2:$J$2848,$AC117,'B-PorHerramienta'!$K$2:$K$2848,$AD117,'B-PorHerramienta'!$L$2:$L$2848,$AE117)*$AI$6,$AJ$6)) | G117: =IF(COUNTIFS('B-PorHerramienta'!$A$2:$A$2848,G$8,'B-PorHerramienta'!$J$2:$J$2848,$AC117,'B-PorHerramienta'!$K$2:$K$2848,$AD117,'B-PorHerramienta'!$L$2:$L$2848,$AE117,'B-PorHerramienta'!$F$2:$F$2848,"<>")=0,"",ROUND(SUMIFS(INDEX('B-PorHerramienta'!$F$2:$I$2848,0,$AH$6),'B-PorHerramienta'!$A$2:$A$2848,G$8,'B-PorHerramienta'!$J$2:$J$2848,$AC117,'B-PorHerramienta'!$K$2:$K$2848,$AD117,'B-PorHerramienta'!$L$2:$L$2848,$AE117)*$AI$6,$AJ$6)) | H117: =IF(COUNTIFS('B-PorHerramienta'!$A$2:$A$2848,H$8,'B-PorHerramienta'!$J$2:$J$2848,$AC117,'B-PorHerramienta'!$K$2:$K$2848,$AD117,'B-PorHerramienta'!$L$2:$L$2848,$AE117,'B-PorHerramienta'!$F$2:$F$2848,"<>")=0,"",ROUND(SUMIFS(INDEX('B-PorHerramienta'!$F$2:$I$2848,0,$AH$6),'B-PorHerramienta'!$A$2:$A$2848,H$8,'B-PorHerramienta'!$J$2:$J$2848,$AC117,'B-PorHerramienta'!$K$2:$K$2848,$AD117,'B-PorHerramienta'!$L$2:$L$2848,$AE117)*$AI$6,$AJ$6)) | I117: =IF(COUNTIFS('B-PorHerramienta'!$A$2:$A$2848,I$8,'B-PorHerramienta'!$J$2:$J$2848,$AC117,'B-PorHerramienta'!$K$2:$K$2848,$AD117,'B-PorHerramienta'!$L$2:$L$2848,$AE117,'B-PorHerramienta'!$F$2:$F$2848,"<>")=0,"",ROUND(SUMIFS(INDEX('B-PorHerramienta'!$F$2:$I$2848,0,$AH$6),'B-PorHerramienta'!$A$2:$A$2848,I$8,'B-PorHerramienta'!$J$2:$J$2848,$AC117,'B-PorHerramienta'!$K$2:$K$2848,$AD117,'B-PorHerramienta'!$L$2:$L$2848,$AE117)*$AI$6,$AJ$6)) | J117: =IF(COUNTIFS('B-PorHerramienta'!$A$2:$A$2848,J$8,'B-PorHerramienta'!$J$2:$J$2848,$AC117,'B-PorHerramienta'!$K$2:$K$2848,$AD117,'B-PorHerramienta'!$L$2:$L$2848,$AE117,'B-PorHerramienta'!$F$2:$F$2848,"<>")=0,"",ROUND(SUMIFS(INDEX('B-PorHerramienta'!$F$2:$I$2848,0,$AH$6),'B-PorHerramienta'!$A$2:$A$2848,J$8,'B-PorHerramienta'!$J$2:$J$2848,$AC117,'B-PorHerramienta'!$K$2:$K$2848,$AD117,'B-PorHerramienta'!$L$2:$L$2848,$AE117)*$AI$6,$AJ$6)) | ... Z117: =IF(COUNTIFS('B-PorHerramienta'!$A$2:$A$2848,Z$8,'B-PorHerramienta'!$J$2:$J$2848,$AC117,'B-PorHerramienta'!$K$2:$K$2848,$AD117,'B-PorHerramienta'!$L$2:$L$2848,$AE117,'B-PorHerramienta'!$F$2:$F$2848,"<>")=0,"",ROUND(SUMIFS(INDEX('B-PorHerramienta'!$F$2:$I$2848,0,$AH$6),'B-PorHerramienta'!$A$2:$A$2848,Z$8,'B-PorHerramienta'!$J$2:$J$2848,$AC117,'B-PorHerramienta'!$K$2:$K$2848,$AD117,'B-PorHerramienta'!$L$2:$L$2848,$AE117)*$AI$6,$AJ$6)) -> 0.0001 | AB117: 2 | AC117: Estímulos fiscales | AD117: Ley de Ingresos de la Federación o leyes fiscales | AE117: R0527
... A150: Deducción Adicional en el ISR de 5% del Costo de lo Vendido a los Contribuyentes que Donen Bienes Básicos para la Subsistencia Humana en Materia de Alimentación o Salud | B150: 85 | C150: =IF(COUNTIFS('B-PorHerramienta'!$A$2:$A$2848,C$8,'B-PorHerramienta'!$J$2:$J$2848,$AC150,'B-PorHerramienta'!$K$2:$K$2848,$AD150,'B-PorHerramienta'!$L$2:$L$2848,$AE150,'B-PorHerramienta'!$F$2:$F$2848,"<>")=0,"",ROUND(SUMIFS(INDEX('B-PorHerramienta'!$F$2:$I$2848,0,$AH$6),'B-PorHerramienta'!$A$2:$A$2848,C$8,'B-PorHerramienta'!$J$2:$J$2848,$AC150,'B-PorHerramienta'!$K$2:$K$2848,$AD150,'B-PorHerramienta'!$L$2:$L$2848,$AE150)*$AI$6,$AJ$6)) | D150: =IF(COUNTIFS('B-PorHerramienta'!$A$2:$A$2848,D$8,'B-PorHerramienta'!$J$2:$J$2848,$AC150,'B-PorHerramienta'!$K$2:$K$2848,$AD150,'B-PorHerramienta'!$L$2:$L$2848,$AE150,'B-PorHerramienta'!$F$2:$F$2848,"<>")=0,"",ROUND(SUMIFS(INDEX('B-PorHerramienta'!$F$2:$I$2848,0,$AH$6),'B-PorHerramienta'!$A$2:$A$2848,D$8,'B-PorHerramienta'!$J$2:$J$2848,$AC150,'B-PorHerramienta'!$K$2:$K$2848,$AD150,'B-PorHerramienta'!$L$2:$L$2848,$AE150)*$AI$6,$AJ$6)) | E150: =IF(COUNTIFS('B-PorHerramienta'!$A$2:$A$2848,E$8,'B-PorHerramienta'!$J$2:$J$2848,$AC150,'B-PorHerramienta'!$K$2:$K$2848,$AD150,'B-PorHerramienta'!$L$2:$L$2848,$AE150,'B-PorHerramienta'!$F$2:$F$2848,"<>")=0,"",ROUND(SUMIFS(INDEX('B-PorHerramienta'!$F$2:$I$2848,0,$AH$6),'B-PorHerramienta'!$A$2:$A$2848,E$8,'B-PorHerramienta'!$J$2:$J$2848,$AC150,'B-PorHerramienta'!$K$2:$K$2848,$AD150,'B-PorHerramienta'!$L$2:$L$2848,$AE150)*$AI$6,$AJ$6)) | F150: =IF(COUNTIFS('B-PorHerramienta'!$A$2:$A$2848,F$8,'B-PorHerramienta'!$J$2:$J$2848,$AC150,'B-PorHerramienta'!$K$2:$K$2848,$AD150,'B-PorHerramienta'!$L$2:$L$2848,$AE150,'B-PorHerramienta'!$F$2:$F$2848,"<>")=0,"",ROUND(SUMIFS(INDEX('B-PorHerramienta'!$F$2:$I$2848,0,$AH$6),'B-PorHerramienta'!$A$2:$A$2848,F$8,'B-PorHerramienta'!$J$2:$J$2848,$AC150,'B-PorHerramienta'!$K$2:$K$2848,$AD150,'B-PorHerramienta'!$L$2:$L$2848,$AE150)*$AI$6,$AJ$6)) | G150: =IF(COUNTIFS('B-PorHerramienta'!$A$2:$A$2848,G$8,'B-PorHerramienta'!$J$2:$J$2848,$AC150,'B-PorHerramienta'!$K$2:$K$2848,$AD150,'B-PorHerramienta'!$L$2:$L$2848,$AE150,'B-PorHerramienta'!$F$2:$F$2848,"<>")=0,"",ROUND(SUMIFS(INDEX('B-PorHerramienta'!$F$2:$I$2848,0,$AH$6),'B-PorHerramienta'!$A$2:$A$2848,G$8,'B-PorHerramienta'!$J$2:$J$2848,$AC150,'B-PorHerramienta'!$K$2:$K$2848,$AD150,'B-PorHerramienta'!$L$2:$L$2848,$AE150)*$AI$6,$AJ$6)) | H150: =IF(COUNTIFS('B-PorHerramienta'!$A$2:$A$2848,H$8,'B-PorHerramienta'!$J$2:$J$2848,$AC150,'B-PorHerramienta'!$K$2:$K$2848,$AD150,'B-PorHerramienta'!$L$2:$L$2848,$AE150,'B-PorHerramienta'!$F$2:$F$2848,"<>")=0,"",ROUND(SUMIFS(INDEX('B-PorHerramienta'!$F$2:$I$2848,0,$AH$6),'B-PorHerramienta'!$A$2:$A$2848,H$8,'B-PorHerramienta'!$J$2:$J$2848,$AC150,'B-PorHerramienta'!$K$2:$K$2848,$AD150,'B-PorHerramienta'!$L$2:$L$2848,$AE150)*$AI$6,$AJ$6)) | I150: =IF(COUNTIFS('B-PorHerramienta'!$A$2:$A$2848,I$8,'B-PorHerramienta'!$J$2:$J$2848,$AC150,'B-PorHerramienta'!$K$2:$K$2848,$AD150,'B-PorHerramienta'!$L$2:$L$2848,$AE150,'B-PorHerramienta'!$F$2:$F$2848,"<>")=0,"",ROUND(SUMIFS(INDEX('B-PorHerramienta'!$F$2:$I$2848,0,$AH$6),'B-PorHerramienta'!$A$2:$A$2848,I$8,'B-PorHerramienta'!$J$2:$J$2848,$AC150,'B-PorHerramienta'!$K$2:$K$2848,$AD150,'B-PorHerramienta'!$L$2:$L$2848,$AE150)*$AI$6,$AJ$6)) | J150: =IF(COUNTIFS('B-PorHerramienta'!$A$2:$A$2848,J$8,'B-PorHerramienta'!$J$2:$J$2848,$AC150,'B-PorHerramienta'!$K$2:$K$2848,$AD150,'B-PorHerramienta'!$L$2:$L$2848,$AE150,'B-PorHerramienta'!$F$2:$F$2848,"<>")=0,"",ROUND(SUMIFS(INDEX('B-PorHerramienta'!$F$2:$I$2848,0,$AH$6),'B-PorHerramienta'!$A$2:$A$2848,J$8,'B-PorHerramienta'!$J$2:$J$2848,$AC150,'B-PorHerramienta'!$K$2:$K$2848,$AD150,'B-PorHerramienta'!$L$2:$L$2848,$AE150)*$AI$6,$AJ$6)) | ... Z150: =IF(COUNTIFS('B-PorHerramienta'!$A$2:$A$2848,Z$8,'B-PorHerramienta'!$J$2:$J$2848,$AC150,'B-PorHerramienta'!$K$2:$K$2848,$AD150,'B-PorHerramienta'!$L$2:$L$2848,$AE150,'B-PorHerramienta'!$F$2:$F$2848,"<>")=0,"",ROUND(SUMIFS(INDEX('B-PorHerramienta'!$F$2:$I$2848,0,$AH$6),'B-PorHerramienta'!$A$2:$A$2848,Z$8,'B-PorHerramienta'!$J$2:$J$2848,$AC150,'B-PorHerramienta'!$K$2:$K$2848,$AD150,'B-PorHerramienta'!$L$2:$L$2848,$AE150)*$AI$6,$AJ$6)) | AB150: 2 | AC150: Estímulos fiscales | AD150: Ley de Ingresos de la Federación o leyes fiscales | AE150: R0560
A151: Ley de Ingresos de la Federación o decretos presidenciales | C151: =IF(COUNTIFS('B-PorHerramienta'!$A$2:$A$2848,C$8,'B-PorHerramienta'!$J$2:$J$2848,$AC151,'B-PorHerramienta'!$K$2:$K$2848,$AD151,'B-PorHerramienta'!$L$2:$L$2848,$AE151,'B-PorHerramienta'!$F$2:$F$2848,"<>")=0,"",ROUND(SUMIFS(INDEX('B-PorHerramienta'!$F$2:$I$2848,0,$AH$6),'B-PorHerramienta'!$A$2:$A$2848,C$8,'B-PorHerramienta'!$J$2:$J$2848,$AC151,'B-PorHerramienta'!$K$2:$K$2848,$AD151,'B-PorHerramienta'!$L$2:$L$2848,$AE151)*$AI$6,$AJ$6)) -> 0.0249 | D151: =IF(COUNTIFS('B-PorHerramienta'!$A$2:$A$2848,D$8,'B-PorHerramienta'!$J$2:$J$2848,$AC151,'B-PorHerramienta'!$K$2:$K$2848,$AD151,'B-PorHerramienta'!$L$2:$L$2848,$AE151,'B-PorHerramienta'!$F$2:$F$2848,"<>")=0,"",ROUND(SUMIFS(INDEX('B-PorHerramienta'!$F$2:$I$2848,0,$AH$6),'B-PorHerramienta'!$A$2:$A$2848,D$8,'B-PorHerramienta'!$J$2:$J$2848,$AC151,'B-PorHerramienta'!$K$2:$K$2848,$AD151,'B-PorHerramienta'!$L$2:$L$2848,$AE151)*$AI$6,$AJ$6)) -> 0.2936 | E151: =IF(COUNTIFS('B-PorHerramienta'!$A$2:$A$2848,E$8,'B-PorHerramienta'!$J$2:$J$2848,$AC151,'B-PorHerramienta'!$K$2:$K$2848,$AD151,'B-PorHerramienta'!$L$2:$L$2848,$AE151,'B-PorHerramienta'!$F$2:$F$2848,"<>")=0,"",ROUND(SUMIFS(INDEX('B-PorHerramienta'!$F$2:$I$2848,0,$AH$6),'B-PorHerramienta'!$A$2:$A$2848,E$8,'B-PorHerramienta'!$J$2:$J$2848,$AC151,'B-PorHerramienta'!$K$2:$K$2848,$AD151,'B-PorHerramienta'!$L$2:$L$2848,$AE151)*$AI$6,$AJ$6)) | F151: =IF(COUNTIFS('B-PorHerramienta'!$A$2:$A$2848,F$8,'B-PorHerramienta'!$J$2:$J$2848,$AC151,'B-PorHerramienta'!$K$2:$K$2848,$AD151,'B-PorHerramienta'!$L$2:$L$2848,$AE151,'B-PorHerramienta'!$F$2:$F$2848,"<>")=0,"",ROUND(SUMIFS(INDEX('B-PorHerramienta'!$F$2:$I$2848,0,$AH$6),'B-PorHerramienta'!$A$2:$A$2848,F$8,'B-PorHerramienta'!$J$2:$J$2848,$AC151,'B-PorHerramienta'!$K$2:$K$2848,$AD151,'B-PorHerramienta'!$L$2:$L$2848,$AE151)*$AI$6,$AJ$6)) | G151: =IF(COUNTIFS('B-PorHerramienta'!$A$2:$A$2848,G$8,'B-PorHerramienta'!$J$2:$J$2848,$AC151,'B-PorHerramienta'!$K$2:$K$2848,$AD151,'B-PorHerramienta'!$L$2:$L$2848,$AE151,'B-PorHerramienta'!$F$2:$F$2848,"<>")=0,"",ROUND(SUMIFS(INDEX('B-PorHerramienta'!$F$2:$I$2848,0,$AH$6),'B-PorHerramienta'!$A$2:$A$2848,G$8,'B-PorHerramienta'!$J$2:$J$2848,$AC151,'B-PorHerramienta'!$K$2:$K$2848,$AD151,'B-PorHerramienta'!$L$2:$L$2848,$AE151)*$AI$6,$AJ$6)) -> 0.1344 | H151: =IF(COUNTIFS('B-PorHerramienta'!$A$2:$A$2848,H$8,'B-PorHerramienta'!$J$2:$J$2848,$AC151,'B-PorHerramienta'!$K$2:$K$2848,$AD151,'B-PorHerramienta'!$L$2:$L$2848,$AE151,'B-PorHerramienta'!$F$2:$F$2848,"<>")=0,"",ROUND(SUMIFS(INDEX('B-PorHerramienta'!$F$2:$I$2848,0,$AH$6),'B-PorHerramienta'!$A$2:$A$2848,H$8,'B-PorHerramienta'!$J$2:$J$2848,$AC151,'B-PorHerramienta'!$K$2:$K$2848,$AD151,'B-PorHerramienta'!$L$2:$L$2848,$AE151)*$AI$6,$AJ$6)) -> 0.2207 | I151: =IF(COUNTIFS('B-PorHerramienta'!$A$2:$A$2848,I$8,'B-PorHerramienta'!$J$2:$J$2848,$AC151,'B-PorHerramienta'!$K$2:$K$2848,$AD151,'B-PorHerramienta'!$L$2:$L$2848,$AE151,'B-PorHerramienta'!$F$2:$F$2848,"<>")=0,"",ROUND(SUMIFS(INDEX('B-PorHerramienta'!$F$2:$I$2848,0,$AH$6),'B-PorHerramienta'!$A$2:$A$2848,I$8,'B-PorHerramienta'!$J$2:$J$2848,$AC151,'B-PorHerramienta'!$K$2:$K$2848,$AD151,'B-PorHerramienta'!$L$2:$L$2848,$AE151)*$AI$6,$AJ$6)) -> 0.1071 | J151: =IF(COUNTIFS('B-PorHerramienta'!$A$2:$A$2848,J$8,'B-PorHerramienta'!$J$2:$J$2848,$AC151,'B-PorHerramienta'!$K$2:$K$2848,$AD151,'B-PorHerramienta'!$L$2:$L$2848,$AE151,'B-PorHerramienta'!$F$2:$F$2848,"<>")=0,"",ROUND(SUMIFS(INDEX('B-PorHerramienta'!$F$2:$I$2848,0,$AH$6),'B-PorHerramienta'!$A$2:$A$2848,J$8,'B-PorHerramienta'!$J$2:$J$2848,$AC151,'B-PorHerramienta'!$K$2:$K$2848,$AD151,'B-PorHerramienta'!$L$2:$L$2848,$AE151)*$AI$6,$AJ$6)) -> 0.0759 | ... Z151: =IF(COUNTIFS('B-PorHerramienta'!$A$2:$A$2848,Z$8,'B-PorHerramienta'!$J$2:$J$2848,$AC151,'B-PorHerramienta'!$K$2:$K$2848,$AD151,'B-PorHerramienta'!$L$2:$L$2848,$AE151,'B-PorHerramienta'!$F$2:$F$2848,"<>")=0,"",ROUND(SUMIFS(INDEX('B-PorHerramienta'!$F$2:$I$2848,0,$AH$6),'B-PorHerramienta'!$A$2:$A$2848,Z$8,'B-PorHerramienta'!$J$2:$J$2848,$AC151,'B-PorHerramienta'!$K$2:$K$2848,$AD151,'B-PorHerramienta'!$L$2:$L$2848,$AE151)*$AI$6,$AJ$6)) | AB151: 1 | AC151: Estímulos fiscales | AD151: Ley de Ingresos de la Federación o decretos presidenciales | AE151: *
A152: Sector Agropecuario y Forestal: Acreditamiento Contra el IMPAC de la Inversión | B152: 75, 104, 85, 88 | C152: =IF(COUNTIFS('B-PorHerramienta'!$A$2:$A$2848,C$8,'B-PorHerramienta'!$J$2:$J$2848,$AC152,'B-PorHerramienta'!$K$2:$K$2848,$AD152,'B-PorHerramienta'!$L$2:$L$2848,$AE152,'B-PorHerramienta'!$F$2:$F$2848,"<>")=0,"",ROUND(SUMIFS(INDEX('B-PorHerramienta'!$F$2:$I$2848,0,$AH$6),'B-PorHerramienta'!$A$2:$A$2848,C$8,'B-PorHerramienta'!$J$2:$J$2848,$AC152,'B-PorHerramienta'!$K$2:$K$2848,$AD152,'B-PorHerramienta'!$L$2:$L$2848,$AE152)*$AI$6,$AJ$6)) | D152: =IF(COUNTIFS('B-PorHerramienta'!$A$2:$A$2848,D$8,'B-PorHerramienta'!$J$2:$J$2848,$AC152,'B-PorHerramienta'!$K$2:$K$2848,$AD152,'B-PorHerramienta'!$L$2:$L$2848,$AE152,'B-PorHerramienta'!$F$2:$F$2848,"<>")=0,"",ROUND(SUMIFS(INDEX('B-PorHerramienta'!$F$2:$I$2848,0,$AH$6),'B-PorHerramienta'!$A$2:$A$2848,D$8,'B-PorHerramienta'!$J$2:$J$2848,$AC152,'B-PorHerramienta'!$K$2:$K$2848,$AD152,'B-PorHerramienta'!$L$2:$L$2848,$AE152)*$AI$6,$AJ$6)) | E152: =IF(COUNTIFS('B-PorHerramienta'!$A$2:$A$2848,E$8,'B-PorHerramienta'!$J$2:$J$2848,$AC152,'B-PorHerramienta'!$K$2:$K$2848,$AD152,'B-PorHerramienta'!$L$2:$L$2848,$AE152,'B-PorHerramienta'!$F$2:$F$2848,"<>")=0,"",ROUND(SUMIFS(INDEX('B-PorHerramienta'!$F$2:$I$2848,0,$AH$6),'B-PorHerramienta'!$A$2:$A$2848,E$8,'B-PorHerramienta'!$J$2:$J$2848,$AC152,'B-PorHerramienta'!$K$2:$K$2848,$AD152,'B-PorHerramienta'!$L$2:$L$2848,$AE152)*$AI$6,$AJ$6)) | F152: =IF(COUNTIFS('B-PorHerramienta'!$A$2:$A$2848,F$8,'B-PorHerramienta'!$J$2:$J$2848,$AC152,'B-PorHerramienta'!$K$2:$K$2848,$AD152,'B-PorHerramienta'!$L$2:$L$2848,$AE152,'B-PorHerramienta'!$F$2:$F$2848,"<>")=0,"",ROUND(SUMIFS(INDEX('B-PorHerramienta'!$F$2:$I$2848,0,$AH$6),'B-PorHerramienta'!$A$2:$A$2848,F$8,'B-PorHerramienta'!$J$2:$J$2848,$AC152,'B-PorHerramienta'!$K$2:$K$2848,$AD152,'B-PorHerramienta'!$L$2:$L$2848,$AE152)*$AI$6,$AJ$6)) | G152: =IF(COUNTIFS('B-PorHerramienta'!$A$2:$A$2848,G$8,'B-PorHerramienta'!$J$2:$J$2848,$AC152,'B-PorHerramienta'!$K$2:$K$2848,$AD152,'B-PorHerramienta'!$L$2:$L$2848,$AE152,'B-PorHerramienta'!$F$2:$F$2848,"<>")=0,"",ROUND(SUMIFS(INDEX('B-PorHerramienta'!$F$2:$I$2848,0,$AH$6),'B-PorHerramienta'!$A$2:$A$2848,G$8,'B-PorHerramienta'!$J$2:$J$2848,$AC152,'B-PorHerramienta'!$K$2:$K$2848,$AD152,'B-PorHerramienta'!$L$2:$L$2848,$AE152)*$AI$6,$AJ$6)) | H152: =IF(COUNTIFS('B-PorHerramienta'!$A$2:$A$2848,H$8,'B-PorHerramienta'!$J$2:$J$2848,$AC152,'B-PorHerramienta'!$K$2:$K$2848,$AD152,'B-PorHerramienta'!$L$2:$L$2848,$AE152,'B-PorHerramienta'!$F$2:$F$2848,"<>")=0,"",ROUND(SUMIFS(INDEX('B-PorHerramienta'!$F$2:$I$2848,0,$AH$6),'B-PorHerramienta'!$A$2:$A$2848,H$8,'B-PorHerramienta'!$J$2:$J$2848,$AC152,'B-PorHerramienta'!$K$2:$K$2848,$AD152,'B-PorHerramienta'!$L$2:$L$2848,$AE152)*$AI$6,$AJ$6)) | I152: =IF(COUNTIFS('B-PorHerramienta'!$A$2:$A$2848,I$8,'B-PorHerramienta'!$J$2:$J$2848,$AC152,'B-PorHerramienta'!$K$2:$K$2848,$AD152,'B-PorHerramienta'!$L$2:$L$2848,$AE152,'B-PorHerramienta'!$F$2:$F$2848,"<>")=0,"",ROUND(SUMIFS(INDEX('B-PorHerramienta'!$F$2:$I$2848,0,$AH$6),'B-PorHerramienta'!$A$2:$A$2848,I$8,'B-PorHerramienta'!$J$2:$J$2848,$AC152,'B-PorHerramienta'!$K$2:$K$2848,$AD152,'B-PorHerramienta'!$L$2:$L$2848,$AE152)*$AI$6,$AJ$6)) | J152: =IF(COUNTIFS('B-PorHerramienta'!$A$2:$A$2848,J$8,'B-PorHerramienta'!$J$2:$J$2848,$AC152,'B-PorHerramienta'!$K$2:$K$2848,$AD152,'B-PorHerramienta'!$L$2:$L$2848,$AE152,'B-PorHerramienta'!$F$2:$F$2848,"<>")=0,"",ROUND(SUMIFS(INDEX('B-PorHerramienta'!$F$2:$I$2848,0,$AH$6),'B-PorHerramienta'!$A$2:$A$2848,J$8,'B-PorHerramienta'!$J$2:$J$2848,$AC152,'B-PorHerramienta'!$K$2:$K$2848,$AD152,'B-PorHerramienta'!$L$2:$L$2848,$AE152)*$AI$6,$AJ$6)) | ... Z152: =IF(COUNTIFS('B-PorHerramienta'!$A$2:$A$2848,Z$8,'B-PorHerramienta'!$J$2:$J$2848,$AC152,'B-PorHerramienta'!$K$2:$K$2848,$AD152,'B-PorHerramienta'!$L$2:$L$2848,$AE152,'B-PorHerramienta'!$F$2:$F$2848,"<>")=0,"",ROUND(SUMIFS(INDEX('B-PorHerramienta'!$F$2:$I$2848,0,$AH$6),'B-PorHerramienta'!$A$2:$A$2848,Z$8,'B-PorHerramienta'!$J$2:$J$2848,$AC152,'B-PorHerramienta'!$K$2:$K$2848,$AD152,'B-PorHerramienta'!$L$2:$L$2848,$AE152)*$AI$6,$AJ$6)) | AB152: 2 | AC152: Estímulos fiscales | AD152: Ley de Ingresos de la Federación o decretos presidenciales | AE152: R0561
A153: Transporte Aéreo: Acreditamiento Contra el IMPAC del ISR Retenido por Arrendamiento | B153: 76, 105 | C153: =IF(COUNTIFS('B-PorHerramienta'!$A$2:$A$2848,C$8,'B-PorHerramienta'!$J$2:$J$2848,$AC153,'B-PorHerramienta'!$K$2:$K$2848,$AD153,'B-PorHerramienta'!$L$2:$L$2848,$AE153,'B-PorHerramienta'!$F$2:$F$2848,"<>")=0,"",ROUND(SUMIFS(INDEX('B-PorHerramienta'!$F$2:$I$2848,0,$AH$6),'B-PorHerramienta'!$A$2:$A$2848,C$8,'B-PorHerramienta'!$J$2:$J$2848,$AC153,'B-PorHerramienta'!$K$2:$K$2848,$AD153,'B-PorHerramienta'!$L$2:$L$2848,$AE153)*$AI$6,$AJ$6)) | D153: =IF(COUNTIFS('B-PorHerramienta'!$A$2:$A$2848,D$8,'B-PorHerramienta'!$J$2:$J$2848,$AC153,'B-PorHerramienta'!$K$2:$K$2848,$AD153,'B-PorHerramienta'!$L$2:$L$2848,$AE153,'B-PorHerramienta'!$F$2:$F$2848,"<>")=0,"",ROUND(SUMIFS(INDEX('B-PorHerramienta'!$F$2:$I$2848,0,$AH$6),'B-PorHerramienta'!$A$2:$A$2848,D$8,'B-PorHerramienta'!$J$2:$J$2848,$AC153,'B-PorHerramienta'!$K$2:$K$2848,$AD153,'B-PorHerramienta'!$L$2:$L$2848,$AE153)*$AI$6,$AJ$6)) | E153: =IF(COUNTIFS('B-PorHerramienta'!$A$2:$A$2848,E$8,'B-PorHerramienta'!$J$2:$J$2848,$AC153,'B-PorHerramienta'!$K$2:$K$2848,$AD153,'B-PorHerramienta'!$L$2:$L$2848,$AE153,'B-PorHerramienta'!$F$2:$F$2848,"<>")=0,"",ROUND(SUMIFS(INDEX('B-PorHerramienta'!$F$2:$I$2848,0,$AH$6),'B-PorHerramienta'!$A$2:$A$2848,E$8,'B-PorHerramienta'!$J$2:$J$2848,$AC153,'B-PorHerramienta'!$K$2:$K$2848,$AD153,'B-PorHerramienta'!$L$2:$L$2848,$AE153)*$AI$6,$AJ$6)) | F153: =IF(COUNTIFS('B-PorHerramienta'!$A$2:$A$2848,F$8,'B-PorHerramienta'!$J$2:$J$2848,$AC153,'B-PorHerramienta'!$K$2:$K$2848,$AD153,'B-PorHerramienta'!$L$2:$L$2848,$AE153,'B-PorHerramienta'!$F$2:$F$2848,"<>")=0,"",ROUND(SUMIFS(INDEX('B-PorHerramienta'!$F$2:$I$2848,0,$AH$6),'B-PorHerramienta'!$A$2:$A$2848,F$8,'B-PorHerramienta'!$J$2:$J$2848,$AC153,'B-PorHerramienta'!$K$2:$K$2848,$AD153,'B-PorHerramienta'!$L$2:$L$2848,$AE153)*$AI$6,$AJ$6)) | G153: =IF(COUNTIFS('B-PorHerramienta'!$A$2:$A$2848,G$8,'B-PorHerramienta'!$J$2:$J$2848,$AC153,'B-PorHerramienta'!$K$2:$K$2848,$AD153,'B-PorHerramienta'!$L$2:$L$2848,$AE153,'B-PorHerramienta'!$F$2:$F$2848,"<>")=0,"",ROUND(SUMIFS(INDEX('B-PorHerramienta'!$F$2:$I$2848,0,$AH$6),'B-PorHerramienta'!$A$2:$A$2848,G$8,'B-PorHerramienta'!$J$2:$J$2848,$AC153,'B-PorHerramienta'!$K$2:$K$2848,$AD153,'B-PorHerramienta'!$L$2:$L$2848,$AE153)*$AI$6,$AJ$6)) | H153: =IF(COUNTIFS('B-PorHerramienta'!$A$2:$A$2848,H$8,'B-PorHerramienta'!$J$2:$J$2848,$AC153,'B-PorHerramienta'!$K$2:$K$2848,$AD153,'B-PorHerramienta'!$L$2:$L$2848,$AE153,'B-PorHerramienta'!$F$2:$F$2848,"<>")=0,"",ROUND(SUMIFS(INDEX('B-PorHerramienta'!$F$2:$I$2848,0,$AH$6),'B-PorHerramienta'!$A$2:$A$2848,H$8,'B-PorHerramienta'!$J$2:$J$2848,$AC153,'B-PorHerramienta'!$K$2:$K$2848,$AD153,'B-PorHerramienta'!$L$2:$L$2848,$AE153)*$AI$6,$AJ$6)) | I153: =IF(COUNTIFS('B-PorHerramienta'!$A$2:$A$2848,I$8,'B-PorHerramienta'!$J$2:$J$2848,$AC153,'B-PorHerramienta'!$K$2:$K$2848,$AD153,'B-PorHerramienta'!$L$2:$L$2848,$AE153,'B-PorHerramienta'!$F$2:$F$2848,"<>")=0,"",ROUND(SUMIFS(INDEX('B-PorHerramienta'!$F$2:$I$2848,0,$AH$6),'B-PorHerramienta'!$A$2:$A$2848,I$8,'B-PorHerramienta'!$J$2:$J$2848,$AC153,'B-PorHerramienta'!$K$2:$K$2848,$AD153,'B-PorHerramienta'!$L$2:$L$2848,$AE153)*$AI$6,$AJ$6)) | J153: =IF(COUNTIFS('B-PorHerramienta'!$A$2:$A$2848,J$8,'B-PorHerramienta'!$J$2:$J$2848,$AC153,'B-PorHerramienta'!$K$2:$K$2848,$AD153,'B-PorHerramienta'!$L$2:$L$2848,$AE153,'B-PorHerramienta'!$F$2:$F$2848,"<>")=0,"",ROUND(SUMIFS(INDEX('B-PorHerramienta'!$F$2:$I$2848,0,$AH$6),'B-PorHerramienta'!$A$2:$A$2848,J$8,'B-PorHerramienta'!$J$2:$J$2848,$AC153,'B-PorHerramienta'!$K$2:$K$2848,$AD153,'B-PorHerramienta'!$L$2:$L$2848,$AE153)*$AI$6,$AJ$6)) | ... Z153: =IF(COUNTIFS('B-PorHerramienta'!$A$2:$A$2848,Z$8,'B-PorHerramienta'!$J$2:$J$2848,$AC153,'B-PorHerramienta'!$K$2:$K$2848,$AD153,'B-PorHerramienta'!$L$2:$L$2848,$AE153,'B-PorHerramienta'!$F$2:$F$2848,"<>")=0,"",ROUND(SUMIFS(INDEX('B-PorHerramienta'!$F$2:$I$2848,0,$AH$6),'B-PorHerramienta'!$A$2:$A$2848,Z$8,'B-PorHerramienta'!$J$2:$J$2848,$AC153,'B-PorHerramienta'!$K$2:$K$2848,$AD153,'B-PorHerramienta'!$L$2:$L$2848,$AE153)*$AI$6,$AJ$6)) | AB153: 2 | AC153: Estímulos fiscales | AD153: Ley de Ingresos de la Federación o decretos presidenciales | AE153: R0562
A154: Transporte Aéreo: Reducción de la Base del IMPAC | B154: 77, 106 | C154: =IF(COUNTIFS('B-PorHerramienta'!$A$2:$A$2848,C$8,'B-PorHerramienta'!$J$2:$J$2848,$AC154,'B-PorHerramienta'!$K$2:$K$2848,$AD154,'B-PorHerramienta'!$L$2:$L$2848,$AE154,'B-PorHerramienta'!$F$2:$F$2848,"<>")=0,"",ROUND(SUMIFS(INDEX('B-PorHerramienta'!$F$2:$I$2848,0,$AH$6),'B-PorHerramienta'!$A$2:$A$2848,C$8,'B-PorHerramienta'!$J$2:$J$2848,$AC154,'B-PorHerramienta'!$K$2:$K$2848,$AD154,'B-PorHerramienta'!$L$2:$L$2848,$AE154)*$AI$6,$AJ$6)) -> 0.0012 | D154: =IF(COUNTIFS('B-PorHerramienta'!$A$2:$A$2848,D$8,'B-PorHerramienta'!$J$2:$J$2848,$AC154,'B-PorHerramienta'!$K$2:$K$2848,$AD154,'B-PorHerramienta'!$L$2:$L$2848,$AE154,'B-PorHerramienta'!$F$2:$F$2848,"<>")=0,"",ROUND(SUMIFS(INDEX('B-PorHerramienta'!$F$2:$I$2848,0,$AH$6),'B-PorHerramienta'!$A$2:$A$2848,D$8,'B-PorHerramienta'!$J$2:$J$2848,$AC154,'B-PorHerramienta'!$K$2:$K$2848,$AD154,'B-PorHerramienta'!$L$2:$L$2848,$AE154)*$AI$6,$AJ$6)) -> 0.0012 | E154: =IF(COUNTIFS('B-PorHerramienta'!$A$2:$A$2848,E$8,'B-PorHerramienta'!$J$2:$J$2848,$AC154,'B-PorHerramienta'!$K$2:$K$2848,$AD154,'B-PorHerramienta'!$L$2:$L$2848,$AE154,'B-PorHerramienta'!$F$2:$F$2848,"<>")=0,"",ROUND(SUMIFS(INDEX('B-PorHerramienta'!$F$2:$I$2848,0,$AH$6),'B-PorHerramienta'!$A$2:$A$2848,E$8,'B-PorHerramienta'!$J$2:$J$2848,$AC154,'B-PorHerramienta'!$K$2:$K$2848,$AD154,'B-PorHerramienta'!$L$2:$L$2848,$AE154)*$AI$6,$AJ$6)) | F154: =IF(COUNTIFS('B-PorHerramienta'!$A$2:$A$2848,F$8,'B-PorHerramienta'!$J$2:$J$2848,$AC154,'B-PorHerramienta'!$K$2:$K$2848,$AD154,'B-PorHerramienta'!$L$2:$L$2848,$AE154,'B-PorHerramienta'!$F$2:$F$2848,"<>")=0,"",ROUND(SUMIFS(INDEX('B-PorHerramienta'!$F$2:$I$2848,0,$AH$6),'B-PorHerramienta'!$A$2:$A$2848,F$8,'B-PorHerramienta'!$J$2:$J$2848,$AC154,'B-PorHerramienta'!$K$2:$K$2848,$AD154,'B-PorHerramienta'!$L$2:$L$2848,$AE154)*$AI$6,$AJ$6)) | G154: =IF(COUNTIFS('B-PorHerramienta'!$A$2:$A$2848,G$8,'B-PorHerramienta'!$J$2:$J$2848,$AC154,'B-PorHerramienta'!$K$2:$K$2848,$AD154,'B-PorHerramienta'!$L$2:$L$2848,$AE154,'B-PorHerramienta'!$F$2:$F$2848,"<>")=0,"",ROUND(SUMIFS(INDEX('B-PorHerramienta'!$F$2:$I$2848,0,$AH$6),'B-PorHerramienta'!$A$2:$A$2848,G$8,'B-PorHerramienta'!$J$2:$J$2848,$AC154,'B-PorHerramienta'!$K$2:$K$2848,$AD154,'B-PorHerramienta'!$L$2:$L$2848,$AE154)*$AI$6,$AJ$6)) | H154: =IF(COUNTIFS('B-PorHerramienta'!$A$2:$A$2848,H$8,'B-PorHerramienta'!$J$2:$J$2848,$AC154,'B-PorHerramienta'!$K$2:$K$2848,$AD154,'B-PorHerramienta'!$L$2:$L$2848,$AE154,'B-PorHerramienta'!$F$2:$F$2848,"<>")=0,"",ROUND(SUMIFS(INDEX('B-PorHerramienta'!$F$2:$I$2848,0,$AH$6),'B-PorHerramienta'!$A$2:$A$2848,H$8,'B-PorHerramienta'!$J$2:$J$2848,$AC154,'B-PorHerramienta'!$K$2:$K$2848,$AD154,'B-PorHerramienta'!$L$2:$L$2848,$AE154)*$AI$6,$AJ$6)) | I154: =IF(COUNTIFS('B-PorHerramienta'!$A$2:$A$2848,I$8,'B-PorHerramienta'!$J$2:$J$2848,$AC154,'B-PorHerramienta'!$K$2:$K$2848,$AD154,'B-PorHerramienta'!$L$2:$L$2848,$AE154,'B-PorHerramienta'!$F$2:$F$2848,"<>")=0,"",ROUND(SUMIFS(INDEX('B-PorHerramienta'!$F$2:$I$2848,0,$AH$6),'B-PorHerramienta'!$A$2:$A$2848,I$8,'B-PorHerramienta'!$J$2:$J$2848,$AC154,'B-PorHerramienta'!$K$2:$K$2848,$AD154,'B-PorHerramienta'!$L$2:$L$2848,$AE154)*$AI$6,$AJ$6)) | J154: =IF(COUNTIFS('B-PorHerramienta'!$A$2:$A$2848,J$8,'B-PorHerramienta'!$J$2:$J$2848,$AC154,'B-PorHerramienta'!$K$2:$K$2848,$AD154,'B-PorHerramienta'!$L$2:$L$2848,$AE154,'B-PorHerramienta'!$F$2:$F$2848,"<>")=0,"",ROUND(SUMIFS(INDEX('B-PorHerramienta'!$F$2:$I$2848,0,$AH$6),'B-PorHerramienta'!$A$2:$A$2848,J$8,'B-PorHerramienta'!$J$2:$J$2848,$AC154,'B-PorHerramienta'!$K$2:$K$2848,$AD154,'B-PorHerramienta'!$L$2:$L$2848,$AE154)*$AI$6,$AJ$6)) | ... Z154: =IF(COUNTIFS('B-PorHerramienta'!$A$2:$A$2848,Z$8,'B-PorHerramienta'!$J$2:$J$2848,$AC154,'B-PorHerramienta'!$K$2:$K$2848,$AD154,'B-PorHerramienta'!$L$2:$L$2848,$AE154,'B-PorHerramienta'!$F$2:$F$2848,"<>")=0,"",ROUND(SUMIFS(INDEX('B-PorHerramienta'!$F$2:$I$2848,0,$AH$6),'B-PorHerramienta'!$A$2:$A$2848,Z$8,'B-PorHerramienta'!$J$2:$J$2848,$AC154,'B-PorHerramienta'!$K$2:$K$2848,$AD154,'B-PorHerramienta'!$L$2:$L$2848,$AE154)*$AI$6,$AJ$6)) | AB154: 2 | AC154: Estímulos fiscales | AD154: Ley de Ingresos de la Federación o decretos presidenciales | AE154: R0563
A155: Transporte Marítimo: Acreditamiento Contra el IMPAC del ISR Retenido por Arrendamiento | B155: 78, 107 | C155: =IF(COUNTIFS('B-PorHerramienta'!$A$2:$A$2848,C$8,'B-PorHerramienta'!$J$2:$J$2848,$AC155,'B-PorHerramienta'!$K$2:$K$2848,$AD155,'B-PorHerramienta'!$L$2:$L$2848,$AE155,'B-PorHerramienta'!$F$2:$F$2848,"<>")=0,"",ROUND(SUMIFS(INDEX('B-PorHerramienta'!$F$2:$I$2848,0,$AH$6),'B-PorHerramienta'!$A$2:$A$2848,C$8,'B-PorHerramienta'!$J$2:$J$2848,$AC155,'B-PorHerramienta'!$K$2:$K$2848,$AD155,'B-PorHerramienta'!$L$2:$L$2848,$AE155)*$AI$6,$AJ$6)) | D155: =IF(COUNTIFS('B-PorHerramienta'!$A$2:$A$2848,D$8,'B-PorHerramienta'!$J$2:$J$2848,$AC155,'B-PorHerramienta'!$K$2:$K$2848,$AD155,'B-PorHerramienta'!$L$2:$L$2848,$AE155,'B-PorHerramienta'!$F$2:$F$2848,"<>")=0,"",ROUND(SUMIFS(INDEX('B-PorHerramienta'!$F$2:$I$2848,0,$AH$6),'B-PorHerramienta'!$A$2:$A$2848,D$8,'B-PorHerramienta'!$J$2:$J$2848,$AC155,'B-PorHerramienta'!$K$2:$K$2848,$AD155,'B-PorHerramienta'!$L$2:$L$2848,$AE155)*$AI$6,$AJ$6)) | E155: =IF(COUNTIFS('B-PorHerramienta'!$A$2:$A$2848,E$8,'B-PorHerramienta'!$J$2:$J$2848,$AC155,'B-PorHerramienta'!$K$2:$K$2848,$AD155,'B-PorHerramienta'!$L$2:$L$2848,$AE155,'B-PorHerramienta'!$F$2:$F$2848,"<>")=0,"",ROUND(SUMIFS(INDEX('B-PorHerramienta'!$F$2:$I$2848,0,$AH$6),'B-PorHerramienta'!$A$2:$A$2848,E$8,'B-PorHerramienta'!$J$2:$J$2848,$AC155,'B-PorHerramienta'!$K$2:$K$2848,$AD155,'B-PorHerramienta'!$L$2:$L$2848,$AE155)*$AI$6,$AJ$6)) | F155: =IF(COUNTIFS('B-PorHerramienta'!$A$2:$A$2848,F$8,'B-PorHerramienta'!$J$2:$J$2848,$AC155,'B-PorHerramienta'!$K$2:$K$2848,$AD155,'B-PorHerramienta'!$L$2:$L$2848,$AE155,'B-PorHerramienta'!$F$2:$F$2848,"<>")=0,"",ROUND(SUMIFS(INDEX('B-PorHerramienta'!$F$2:$I$2848,0,$AH$6),'B-PorHerramienta'!$A$2:$A$2848,F$8,'B-PorHerramienta'!$J$2:$J$2848,$AC155,'B-PorHerramienta'!$K$2:$K$2848,$AD155,'B-PorHerramienta'!$L$2:$L$2848,$AE155)*$AI$6,$AJ$6)) | G155: =IF(COUNTIFS('B-PorHerramienta'!$A$2:$A$2848,G$8,'B-PorHerramienta'!$J$2:$J$2848,$AC155,'B-PorHerramienta'!$K$2:$K$2848,$AD155,'B-PorHerramienta'!$L$2:$L$2848,$AE155,'B-PorHerramienta'!$F$2:$F$2848,"<>")=0,"",ROUND(SUMIFS(INDEX('B-PorHerramienta'!$F$2:$I$2848,0,$AH$6),'B-PorHerramienta'!$A$2:$A$2848,G$8,'B-PorHerramienta'!$J$2:$J$2848,$AC155,'B-PorHerramienta'!$K$2:$K$2848,$AD155,'B-PorHerramienta'!$L$2:$L$2848,$AE155)*$AI$6,$AJ$6)) | H155: =IF(COUNTIFS('B-PorHerramienta'!$A$2:$A$2848,H$8,'B-PorHerramienta'!$J$2:$J$2848,$AC155,'B-PorHerramienta'!$K$2:$K$2848,$AD155,'B-PorHerramienta'!$L$2:$L$2848,$AE155,'B-PorHerramienta'!$F$2:$F$2848,"<>")=0,"",ROUND(SUMIFS(INDEX('B-PorHerramienta'!$F$2:$I$2848,0,$AH$6),'B-PorHerramienta'!$A$2:$A$2848,H$8,'B-PorHerramienta'!$J$2:$J$2848,$AC155,'B-PorHerramienta'!$K$2:$K$2848,$AD155,'B-PorHerramienta'!$L$2:$L$2848,$AE155)*$AI$6,$AJ$6)) | I155: =IF(COUNTIFS('B-PorHerramienta'!$A$2:$A$2848,I$8,'B-PorHerramienta'!$J$2:$J$2848,$AC155,'B-PorHerramienta'!$K$2:$K$2848,$AD155,'B-PorHerramienta'!$L$2:$L$2848,$AE155,'B-PorHerramienta'!$F$2:$F$2848,"<>")=0,"",ROUND(SUMIFS(INDEX('B-PorHerramienta'!$F$2:$I$2848,0,$AH$6),'B-PorHerramienta'!$A$2:$A$2848,I$8,'B-PorHerramienta'!$J$2:$J$2848,$AC155,'B-PorHerramienta'!$K$2:$K$2848,$AD155,'B-PorHerramienta'!$L$2:$L$2848,$AE155)*$AI$6,$AJ$6)) | J155: =IF(COUNTIFS('B-PorHerramienta'!$A$2:$A$2848,J$8,'B-PorHerramienta'!$J$2:$J$2848,$AC155,'B-PorHerramienta'!$K$2:$K$2848,$AD155,'B-PorHerramienta'!$L$2:$L$2848,$AE155,'B-PorHerramienta'!$F$2:$F$2848,"<>")=0,"",ROUND(SUMIFS(INDEX('B-PorHerramienta'!$F$2:$I$2848,0,$AH$6),'B-PorHerramienta'!$A$2:$A$2848,J$8,'B-PorHerramienta'!$J$2:$J$2848,$AC155,'B-PorHerramienta'!$K$2:$K$2848,$AD155,'B-PorHerramienta'!$L$2:$L$2848,$AE155)*$AI$6,$AJ$6)) | ... Z155: =IF(COUNTIFS('B-PorHerramienta'!$A$2:$A$2848,Z$8,'B-PorHerramienta'!$J$2:$J$2848,$AC155,'B-PorHerramienta'!$K$2:$K$2848,$AD155,'B-PorHerramienta'!$L$2:$L$2848,$AE155,'B-PorHerramienta'!$F$2:$F$2848,"<>")=0,"",ROUND(SUMIFS(INDEX('B-PorHerramienta'!$F$2:$I$2848,0,$AH$6),'B-PorHerramienta'!$A$2:$A$2848,Z$8,'B-PorHerramienta'!$J$2:$J$2848,$AC155,'B-PorHerramienta'!$K$2:$K$2848,$AD155,'B-PorHerramienta'!$L$2:$L$2848,$AE155)*$AI$6,$AJ$6)) | AB155: 2 | AC155: Estímulos fiscales | AD155: Ley de Ingresos de la Federación o decretos presidenciales | AE155: R0564
A156: Transporte Marítimo: Reducción de la Base del IMPAC | B156: 79, 108 | C156: =IF(COUNTIFS('B-PorHerramienta'!$A$2:$A$2848,C$8,'B-PorHerramienta'!$J$2:$J$2848,$AC156,'B-PorHerramienta'!$K$2:$K$2848,$AD156,'B-PorHerramienta'!$L$2:$L$2848,$AE156,'B-PorHerramienta'!$F$2:$F$2848,"<>")=0,"",ROUND(SUMIFS(INDEX('B-PorHerramienta'!$F$2:$I$2848,0,$AH$6),'B-PorHerramienta'!$A$2:$A$2848,C$8,'B-PorHerramienta'!$J$2:$J$2848,$AC156,'B-PorHerramienta'!$K$2:$K$2848,$AD156,'B-PorHerramienta'!$L$2:$L$2848,$AE156)*$AI$6,$AJ$6)) -> 0.0003 | D156: =IF(COUNTIFS('B-PorHerramienta'!$A$2:$A$2848,D$8,'B-PorHerramienta'!$J$2:$J$2848,$AC156,'B-PorHerramienta'!$K$2:$K$2848,$AD156,'B-PorHerramienta'!$L$2:$L$2848,$AE156,'B-PorHerramienta'!$F$2:$F$2848,"<>")=0,"",ROUND(SUMIFS(INDEX('B-PorHerramienta'!$F$2:$I$2848,0,$AH$6),'B-PorHerramienta'!$A$2:$A$2848,D$8,'B-PorHerramienta'!$J$2:$J$2848,$AC156,'B-PorHerramienta'!$K$2:$K$2848,$AD156,'B-PorHerramienta'!$L$2:$L$2848,$AE156)*$AI$6,$AJ$6)) -> 0.0002 | E156: =IF(COUNTIFS('B-PorHerramienta'!$A$2:$A$2848,E$8,'B-PorHerramienta'!$J$2:$J$2848,$AC156,'B-PorHerramienta'!$K$2:$K$2848,$AD156,'B-PorHerramienta'!$L$2:$L$2848,$AE156,'B-PorHerramienta'!$F$2:$F$2848,"<>")=0,"",ROUND(SUMIFS(INDEX('B-PorHerramienta'!$F$2:$I$2848,0,$AH$6),'B-PorHerramienta'!$A$2:$A$2848,E$8,'B-PorHerramienta'!$J$2:$J$2848,$AC156,'B-PorHerramienta'!$K$2:$K$2848,$AD156,'B-PorHerramienta'!$L$2:$L$2848,$AE156)*$AI$6,$AJ$6)) | F156: =IF(COUNTIFS('B-PorHerramienta'!$A$2:$A$2848,F$8,'B-PorHerramienta'!$J$2:$J$2848,$AC156,'B-PorHerramienta'!$K$2:$K$2848,$AD156,'B-PorHerramienta'!$L$2:$L$2848,$AE156,'B-PorHerramienta'!$F$2:$F$2848,"<>")=0,"",ROUND(SUMIFS(INDEX('B-PorHerramienta'!$F$2:$I$2848,0,$AH$6),'B-PorHerramienta'!$A$2:$A$2848,F$8,'B-PorHerramienta'!$J$2:$J$2848,$AC156,'B-PorHerramienta'!$K$2:$K$2848,$AD156,'B-PorHerramienta'!$L$2:$L$2848,$AE156)*$AI$6,$AJ$6)) | G156: =IF(COUNTIFS('B-PorHerramienta'!$A$2:$A$2848,G$8,'B-PorHerramienta'!$J$2:$J$2848,$AC156,'B-PorHerramienta'!$K$2:$K$2848,$AD156,'B-PorHerramienta'!$L$2:$L$2848,$AE156,'B-PorHerramienta'!$F$2:$F$2848,"<>")=0,"",ROUND(SUMIFS(INDEX('B-PorHerramienta'!$F$2:$I$2848,0,$AH$6),'B-PorHerramienta'!$A$2:$A$2848,G$8,'B-PorHerramienta'!$J$2:$J$2848,$AC156,'B-PorHerramienta'!$K$2:$K$2848,$AD156,'B-PorHerramienta'!$L$2:$L$2848,$AE156)*$AI$6,$AJ$6)) | H156: =IF(COUNTIFS('B-PorHerramienta'!$A$2:$A$2848,H$8,'B-PorHerramienta'!$J$2:$J$2848,$AC156,'B-PorHerramienta'!$K$2:$K$2848,$AD156,'B-PorHerramienta'!$L$2:$L$2848,$AE156,'B-PorHerramienta'!$F$2:$F$2848,"<>")=0,"",ROUND(SUMIFS(INDEX('B-PorHerramienta'!$F$2:$I$2848,0,$AH$6),'B-PorHerramienta'!$A$2:$A$2848,H$8,'B-PorHerramienta'!$J$2:$J$2848,$AC156,'B-PorHerramienta'!$K$2:$K$2848,$AD156,'B-PorHerramienta'!$L$2:$L$2848,$AE156)*$AI$6,$AJ$6)) | I156: =IF(COUNTIFS('B-PorHerramienta'!$A$2:$A$2848,I$8,'B-PorHerramienta'!$J$2:$J$2848,$AC156,'B-PorHerramienta'!$K$2:$K$2848,$AD156,'B-PorHerramienta'!$L$2:$L$2848,$AE156,'B-PorHerramienta'!$F$2:$F$2848,"<>")=0,"",ROUND(SUMIFS(INDEX('B-PorHerramienta'!$F$2:$I$2848,0,$AH$6),'B-PorHerramienta'!$A$2:$A$2848,I$8,'B-PorHerramienta'!$J$2:$J$2848,$AC156,'B-PorHerramienta'!$K$2:$K$2848,$AD156,'B-PorHerramienta'!$L$2:$L$2848,$AE156)*$AI$6,$AJ$6)) | J156: =IF(COUNTIFS('B-PorHerramienta'!$A$2:$A$2848,J$8,'B-PorHerramienta'!$J$2:$J$2848,$AC156,'B-PorHerramienta'!$K$2:$K$2848,$AD156,'B-PorHerramienta'!$L$2:$L$2848,$AE156,'B-PorHerramienta'!$F$2:$F$2848,"<>")=0,"",ROUND(SUMIFS(INDEX('B-PorHerramienta'!$F$2:$I$2848,0,$AH$6),'B-PorHerramienta'!$A$2:$A$2848,J$8,'B-PorHerramienta'!$J$2:$J$2848,$AC156,'B-PorHerramienta'!$K$2:$K$2848,$AD156,'B-PorHerramienta'!$L$2:$L$2848,$AE156)*$AI$6,$AJ$6)) | ... Z156: =IF(COUNTIFS('B-PorHerramienta'!$A$2:$A$2848,Z$8,'B-PorHerramienta'!$J$2:$J$2848,$AC156,'B-PorHerramienta'!$K$2:$K$2848,$AD156,'B-PorHerramienta'!$L$2:$L$2848,$AE156,'B-PorHerramienta'!$F$2:$F$2848,"<>")=0,"",ROUND(SUMIFS(INDEX('B-PorHerramienta'!$F$2:$I$2848,0,$AH$6),'B-PorHerramienta'!$A$2:$A$2848,Z$8,'B-PorHerramienta'!$J$2:$J$2848,$AC156,'B-PorHerramienta'!$K$2:$K$2848,$AD156,'B-PorHerramienta'!$L$2:$L$2848,$AE156)*$AI$6,$AJ$6)) | AB156: 2 | AC156: Estímulos fiscales | AD156: Ley de Ingresos de la Federación o decretos presidenciales | AE156: R0565
A157: Almacenes Generales de Depósito: Reducción de la Base del IMPAC | B157: 80, 109, 86 | C157: =IF(COUNTIFS('B-PorHerramienta'!$A$2:$A$2848,C$8,'B-PorHerramienta'!$J$2:$J$2848,$AC157,'B-PorHerramienta'!$K$2:$K$2848,$AD157,'B-PorHerramienta'!$L$2:$L$2848,$AE157,'B-PorHerramienta'!$F$2:$F$2848,"<>")=0,"",ROUND(SUMIFS(INDEX('B-PorHerramienta'!$F$2:$I$2848,0,$AH$6),'B-PorHerramienta'!$A$2:$A$2848,C$8,'B-PorHerramienta'!$J$2:$J$2848,$AC157,'B-PorHerramienta'!$K$2:$K$2848,$AD157,'B-PorHerramienta'!$L$2:$L$2848,$AE157)*$AI$6,$AJ$6)) -> 0.0001 | D157: =IF(COUNTIFS('B-PorHerramienta'!$A$2:$A$2848,D$8,'B-PorHerramienta'!$J$2:$J$2848,$AC157,'B-PorHerramienta'!$K$2:$K$2848,$AD157,'B-PorHerramienta'!$L$2:$L$2848,$AE157,'B-PorHerramienta'!$F$2:$F$2848,"<>")=0,"",ROUND(SUMIFS(INDEX('B-PorHerramienta'!$F$2:$I$2848,0,$AH$6),'B-PorHerramienta'!$A$2:$A$2848,D$8,'B-PorHerramienta'!$J$2:$J$2848,$AC157,'B-PorHerramienta'!$K$2:$K$2848,$AD157,'B-PorHerramienta'!$L$2:$L$2848,$AE157)*$AI$6,$AJ$6)) -> 0.0001 | E157: =IF(COUNTIFS('B-PorHerramienta'!$A$2:$A$2848,E$8,'B-PorHerramienta'!$J$2:$J$2848,$AC157,'B-PorHerramienta'!$K$2:$K$2848,$AD157,'B-PorHerramienta'!$L$2:$L$2848,$AE157,'B-PorHerramienta'!$F$2:$F$2848,"<>")=0,"",ROUND(SUMIFS(INDEX('B-PorHerramienta'!$F$2:$I$2848,0,$AH$6),'B-PorHerramienta'!$A$2:$A$2848,E$8,'B-PorHerramienta'!$J$2:$J$2848,$AC157,'B-PorHerramienta'!$K$2:$K$2848,$AD157,'B-PorHerramienta'!$L$2:$L$2848,$AE157)*$AI$6,$AJ$6)) | F157: =IF(COUNTIFS('B-PorHerramienta'!$A$2:$A$2848,F$8,'B-PorHerramienta'!$J$2:$J$2848,$AC157,'B-PorHerramienta'!$K$2:$K$2848,$AD157,'B-PorHerramienta'!$L$2:$L$2848,$AE157,'B-PorHerramienta'!$F$2:$F$2848,"<>")=0,"",ROUND(SUMIFS(INDEX('B-PorHerramienta'!$F$2:$I$2848,0,$AH$6),'B-PorHerramienta'!$A$2:$A$2848,F$8,'B-PorHerramienta'!$J$2:$J$2848,$AC157,'B-PorHerramienta'!$K$2:$K$2848,$AD157,'B-PorHerramienta'!$L$2:$L$2848,$AE157)*$AI$6,$AJ$6)) | G157: =IF(COUNTIFS('B-PorHerramienta'!$A$2:$A$2848,G$8,'B-PorHerramienta'!$J$2:$J$2848,$AC157,'B-PorHerramienta'!$K$2:$K$2848,$AD157,'B-PorHerramienta'!$L$2:$L$2848,$AE157,'B-PorHerramienta'!$F$2:$F$2848,"<>")=0,"",ROUND(SUMIFS(INDEX('B-PorHerramienta'!$F$2:$I$2848,0,$AH$6),'B-PorHerramienta'!$A$2:$A$2848,G$8,'B-PorHerramienta'!$J$2:$J$2848,$AC157,'B-PorHerramienta'!$K$2:$K$2848,$AD157,'B-PorHerramienta'!$L$2:$L$2848,$AE157)*$AI$6,$AJ$6)) -> 0.0002 | H157: =IF(COUNTIFS('B-PorHerramienta'!$A$2:$A$2848,H$8,'B-PorHerramienta'!$J$2:$J$2848,$AC157,'B-PorHerramienta'!$K$2:$K$2848,$AD157,'B-PorHerramienta'!$L$2:$L$2848,$AE157,'B-PorHerramienta'!$F$2:$F$2848,"<>")=0,"",ROUND(SUMIFS(INDEX('B-PorHerramienta'!$F$2:$I$2848,0,$AH$6),'B-PorHerramienta'!$A$2:$A$2848,H$8,'B-PorHerramienta'!$J$2:$J$2848,$AC157,'B-PorHerramienta'!$K$2:$K$2848,$AD157,'B-PorHerramienta'!$L$2:$L$2848,$AE157)*$AI$6,$AJ$6)) | I157: =IF(COUNTIFS('B-PorHerramienta'!$A$2:$A$2848,I$8,'B-PorHerramienta'!$J$2:$J$2848,$AC157,'B-PorHerramienta'!$K$2:$K$2848,$AD157,'B-PorHerramienta'!$L$2:$L$2848,$AE157,'B-PorHerramienta'!$F$2:$F$2848,"<>")=0,"",ROUND(SUMIFS(INDEX('B-PorHerramienta'!$F$2:$I$2848,0,$AH$6),'B-PorHerramienta'!$A$2:$A$2848,I$8,'B-PorHerramienta'!$J$2:$J$2848,$AC157,'B-PorHerramienta'!$K$2:$K$2848,$AD157,'B-PorHerramienta'!$L$2:$L$2848,$AE157)*$AI$6,$AJ$6)) | J157: =IF(COUNTIFS('B-PorHerramienta'!$A$2:$A$2848,J$8,'B-PorHerramienta'!$J$2:$J$2848,$AC157,'B-PorHerramienta'!$K$2:$K$2848,$AD157,'B-PorHerramienta'!$L$2:$L$2848,$AE157,'B-PorHerramienta'!$F$2:$F$2848,"<>")=0,"",ROUND(SUMIFS(INDEX('B-PorHerramienta'!$F$2:$I$2848,0,$AH$6),'B-PorHerramienta'!$A$2:$A$2848,J$8,'B-PorHerramienta'!$J$2:$J$2848,$AC157,'B-PorHerramienta'!$K$2:$K$2848,$AD157,'B-PorHerramienta'!$L$2:$L$2848,$AE157)*$AI$6,$AJ$6)) | ... Z157: =IF(COUNTIFS('B-PorHerramienta'!$A$2:$A$2848,Z$8,'B-PorHerramienta'!$J$2:$J$2848,$AC157,'B-PorHerramienta'!$K$2:$K$2848,$AD157,'B-PorHerramienta'!$L$2:$L$2848,$AE157,'B-PorHerramienta'!$F$2:$F$2848,"<>")=0,"",ROUND(SUMIFS(INDEX('B-PorHerramienta'!$F$2:$I$2848,0,$AH$6),'B-PorHerramienta'!$A$2:$A$2848,Z$8,'B-PorHerramienta'!$J$2:$J$2848,$AC157,'B-PorHerramienta'!$K$2:$K$2848,$AD157,'B-PorHerramienta'!$L$2:$L$2848,$AE157)*$AI$6,$AJ$6)) | AB157: 2 | AC157: Estímulos fiscales | AD157: Ley de Ingresos de la Federación o decretos presidenciales | AE157: R0566
A158: Pequeños Contribuyentes: Exención del IMPAC que Causen | B158: 81, 110 | C158: =IF(COUNTIFS('B-PorHerramienta'!$A$2:$A$2848,C$8,'B-PorHerramienta'!$J$2:$J$2848,$AC158,'B-PorHerramienta'!$K$2:$K$2848,$AD158,'B-PorHerramienta'!$L$2:$L$2848,$AE158,'B-PorHerramienta'!$F$2:$F$2848,"<>")=0,"",ROUND(SUMIFS(INDEX('B-PorHerramienta'!$F$2:$I$2848,0,$AH$6),'B-PorHerramienta'!$A$2:$A$2848,C$8,'B-PorHerramienta'!$J$2:$J$2848,$AC158,'B-PorHerramienta'!$K$2:$K$2848,$AD158,'B-PorHerramienta'!$L$2:$L$2848,$AE158)*$AI$6,$AJ$6)) | D158: =IF(COUNTIFS('B-PorHerramienta'!$A$2:$A$2848,D$8,'B-PorHerramienta'!$J$2:$J$2848,$AC158,'B-PorHerramienta'!$K$2:$K$2848,$AD158,'B-PorHerramienta'!$L$2:$L$2848,$AE158,'B-PorHerramienta'!$F$2:$F$2848,"<>")=0,"",ROUND(SUMIFS(INDEX('B-PorHerramienta'!$F$2:$I$2848,0,$AH$6),'B-PorHerramienta'!$A$2:$A$2848,D$8,'B-PorHerramienta'!$J$2:$J$2848,$AC158,'B-PorHerramienta'!$K$2:$K$2848,$AD158,'B-PorHerramienta'!$L$2:$L$2848,$AE158)*$AI$6,$AJ$6)) | E158: =IF(COUNTIFS('B-PorHerramienta'!$A$2:$A$2848,E$8,'B-PorHerramienta'!$J$2:$J$2848,$AC158,'B-PorHerramienta'!$K$2:$K$2848,$AD158,'B-PorHerramienta'!$L$2:$L$2848,$AE158,'B-PorHerramienta'!$F$2:$F$2848,"<>")=0,"",ROUND(SUMIFS(INDEX('B-PorHerramienta'!$F$2:$I$2848,0,$AH$6),'B-PorHerramienta'!$A$2:$A$2848,E$8,'B-PorHerramienta'!$J$2:$J$2848,$AC158,'B-PorHerramienta'!$K$2:$K$2848,$AD158,'B-PorHerramienta'!$L$2:$L$2848,$AE158)*$AI$6,$AJ$6)) | F158: =IF(COUNTIFS('B-PorHerramienta'!$A$2:$A$2848,F$8,'B-PorHerramienta'!$J$2:$J$2848,$AC158,'B-PorHerramienta'!$K$2:$K$2848,$AD158,'B-PorHerramienta'!$L$2:$L$2848,$AE158,'B-PorHerramienta'!$F$2:$F$2848,"<>")=0,"",ROUND(SUMIFS(INDEX('B-PorHerramienta'!$F$2:$I$2848,0,$AH$6),'B-PorHerramienta'!$A$2:$A$2848,F$8,'B-PorHerramienta'!$J$2:$J$2848,$AC158,'B-PorHerramienta'!$K$2:$K$2848,$AD158,'B-PorHerramienta'!$L$2:$L$2848,$AE158)*$AI$6,$AJ$6)) | G158: =IF(COUNTIFS('B-PorHerramienta'!$A$2:$A$2848,G$8,'B-PorHerramienta'!$J$2:$J$2848,$AC158,'B-PorHerramienta'!$K$2:$K$2848,$AD158,'B-PorHerramienta'!$L$2:$L$2848,$AE158,'B-PorHerramienta'!$F$2:$F$2848,"<>")=0,"",ROUND(SUMIFS(INDEX('B-PorHerramienta'!$F$2:$I$2848,0,$AH$6),'B-PorHerramienta'!$A$2:$A$2848,G$8,'B-PorHerramienta'!$J$2:$J$2848,$AC158,'B-PorHerramienta'!$K$2:$K$2848,$AD158,'B-PorHerramienta'!$L$2:$L$2848,$AE158)*$AI$6,$AJ$6)) | H158: =IF(COUNTIFS('B-PorHerramienta'!$A$2:$A$2848,H$8,'B-PorHerramienta'!$J$2:$J$2848,$AC158,'B-PorHerramienta'!$K$2:$K$2848,$AD158,'B-PorHerramienta'!$L$2:$L$2848,$AE158,'B-PorHerramienta'!$F$2:$F$2848,"<>")=0,"",ROUND(SUMIFS(INDEX('B-PorHerramienta'!$F$2:$I$2848,0,$AH$6),'B-PorHerramienta'!$A$2:$A$2848,H$8,'B-PorHerramienta'!$J$2:$J$2848,$AC158,'B-PorHerramienta'!$K$2:$K$2848,$AD158,'B-PorHerramienta'!$L$2:$L$2848,$AE158)*$AI$6,$AJ$6)) | I158: =IF(COUNTIFS('B-PorHerramienta'!$A$2:$A$2848,I$8,'B-PorHerramienta'!$J$2:$J$2848,$AC158,'B-PorHerramienta'!$K$2:$K$2848,$AD158,'B-PorHerramienta'!$L$2:$L$2848,$AE158,'B-PorHerramienta'!$F$2:$F$2848,"<>")=0,"",ROUND(SUMIFS(INDEX('B-PorHerramienta'!$F$2:$I$2848,0,$AH$6),'B-PorHerramienta'!$A$2:$A$2848,I$8,'B-PorHerramienta'!$J$2:$J$2848,$AC158,'B-PorHerramienta'!$K$2:$K$2848,$AD158,'B-PorHerramienta'!$L$2:$L$2848,$AE158)*$AI$6,$AJ$6)) | J158: =IF(COUNTIFS('B-PorHerramienta'!$A$2:$A$2848,J$8,'B-PorHerramienta'!$J$2:$J$2848,$AC158,'B-PorHerramienta'!$K$2:$K$2848,$AD158,'B-PorHerramienta'!$L$2:$L$2848,$AE158,'B-PorHerramienta'!$F$2:$F$2848,"<>")=0,"",ROUND(SUMIFS(INDEX('B-PorHerramienta'!$F$2:$I$2848,0,$AH$6),'B-PorHerramienta'!$A$2:$A$2848,J$8,'B-PorHerramienta'!$J$2:$J$2848,$AC158,'B-PorHerramienta'!$K$2:$K$2848,$AD158,'B-PorHerramienta'!$L$2:$L$2848,$AE158)*$AI$6,$AJ$6)) | ... Z158: =IF(COUNTIFS('B-PorHerramienta'!$A$2:$A$2848,Z$8,'B-PorHerramienta'!$J$2:$J$2848,$AC158,'B-PorHerramienta'!$K$2:$K$2848,$AD158,'B-PorHerramienta'!$L$2:$L$2848,$AE158,'B-PorHerramienta'!$F$2:$F$2848,"<>")=0,"",ROUND(SUMIFS(INDEX('B-PorHerramienta'!$F$2:$I$2848,0,$AH$6),'B-PorHerramienta'!$A$2:$A$2848,Z$8,'B-PorHerramienta'!$J$2:$J$2848,$AC158,'B-PorHerramienta'!$K$2:$K$2848,$AD158,'B-PorHerramienta'!$L$2:$L$2848,$AE158)*$AI$6,$AJ$6)) | AB158: 2 | AC158: Estímulos fiscales | AD158: Ley de Ingresos de la Federación o decretos presidenciales | AE158: R0567
A159: Exención en el IMPAC para Contribuyentes con Ingresos y Activos de hasta 14.7 Mdp | B159: 82 | C159: =IF(COUNTIFS('B-PorHerramienta'!$A$2:$A$2848,C$8,'B-PorHerramienta'!$J$2:$J$2848,$AC159,'B-PorHerramienta'!$K$2:$K$2848,$AD159,'B-PorHerramienta'!$L$2:$L$2848,$AE159,'B-PorHerramienta'!$F$2:$F$2848,"<>")=0,"",ROUND(SUMIFS(INDEX('B-PorHerramienta'!$F$2:$I$2848,0,$AH$6),'B-PorHerramienta'!$A$2:$A$2848,C$8,'B-PorHerramienta'!$J$2:$J$2848,$AC159,'B-PorHerramienta'!$K$2:$K$2848,$AD159,'B-PorHerramienta'!$L$2:$L$2848,$AE159)*$AI$6,$AJ$6)) | D159: =IF(COUNTIFS('B-PorHerramienta'!$A$2:$A$2848,D$8,'B-PorHerramienta'!$J$2:$J$2848,$AC159,'B-PorHerramienta'!$K$2:$K$2848,$AD159,'B-PorHerramienta'!$L$2:$L$2848,$AE159,'B-PorHerramienta'!$F$2:$F$2848,"<>")=0,"",ROUND(SUMIFS(INDEX('B-PorHerramienta'!$F$2:$I$2848,0,$AH$6),'B-PorHerramienta'!$A$2:$A$2848,D$8,'B-PorHerramienta'!$J$2:$J$2848,$AC159,'B-PorHerramienta'!$K$2:$K$2848,$AD159,'B-PorHerramienta'!$L$2:$L$2848,$AE159)*$AI$6,$AJ$6)) | E159: =IF(COUNTIFS('B-PorHerramienta'!$A$2:$A$2848,E$8,'B-PorHerramienta'!$J$2:$J$2848,$AC159,'B-PorHerramienta'!$K$2:$K$2848,$AD159,'B-PorHerramienta'!$L$2:$L$2848,$AE159,'B-PorHerramienta'!$F$2:$F$2848,"<>")=0,"",ROUND(SUMIFS(INDEX('B-PorHerramienta'!$F$2:$I$2848,0,$AH$6),'B-PorHerramienta'!$A$2:$A$2848,E$8,'B-PorHerramienta'!$J$2:$J$2848,$AC159,'B-PorHerramienta'!$K$2:$K$2848,$AD159,'B-PorHerramienta'!$L$2:$L$2848,$AE159)*$AI$6,$AJ$6)) | F159: =IF(COUNTIFS('B-PorHerramienta'!$A$2:$A$2848,F$8,'B-PorHerramienta'!$J$2:$J$2848,$AC159,'B-PorHerramienta'!$K$2:$K$2848,$AD159,'B-PorHerramienta'!$L$2:$L$2848,$AE159,'B-PorHerramienta'!$F$2:$F$2848,"<>")=0,"",ROUND(SUMIFS(INDEX('B-PorHerramienta'!$F$2:$I$2848,0,$AH$6),'B-PorHerramienta'!$A$2:$A$2848,F$8,'B-PorHerramienta'!$J$2:$J$2848,$AC159,'B-PorHerramienta'!$K$2:$K$2848,$AD159,'B-PorHerramienta'!$L$2:$L$2848,$AE159)*$AI$6,$AJ$6)) | G159: =IF(COUNTIFS('B-PorHerramienta'!$A$2:$A$2848,G$8,'B-PorHerramienta'!$J$2:$J$2848,$AC159,'B-PorHerramienta'!$K$2:$K$2848,$AD159,'B-PorHerramienta'!$L$2:$L$2848,$AE159,'B-PorHerramienta'!$F$2:$F$2848,"<>")=0,"",ROUND(SUMIFS(INDEX('B-PorHerramienta'!$F$2:$I$2848,0,$AH$6),'B-PorHerramienta'!$A$2:$A$2848,G$8,'B-PorHerramienta'!$J$2:$J$2848,$AC159,'B-PorHerramienta'!$K$2:$K$2848,$AD159,'B-PorHerramienta'!$L$2:$L$2848,$AE159)*$AI$6,$AJ$6)) | H159: =IF(COUNTIFS('B-PorHerramienta'!$A$2:$A$2848,H$8,'B-PorHerramienta'!$J$2:$J$2848,$AC159,'B-PorHerramienta'!$K$2:$K$2848,$AD159,'B-PorHerramienta'!$L$2:$L$2848,$AE159,'B-PorHerramienta'!$F$2:$F$2848,"<>")=0,"",ROUND(SUMIFS(INDEX('B-PorHerramienta'!$F$2:$I$2848,0,$AH$6),'B-PorHerramienta'!$A$2:$A$2848,H$8,'B-PorHerramienta'!$J$2:$J$2848,$AC159,'B-PorHerramienta'!$K$2:$K$2848,$AD159,'B-PorHerramienta'!$L$2:$L$2848,$AE159)*$AI$6,$AJ$6)) | I159: =IF(COUNTIFS('B-PorHerramienta'!$A$2:$A$2848,I$8,'B-PorHerramienta'!$J$2:$J$2848,$AC159,'B-PorHerramienta'!$K$2:$K$2848,$AD159,'B-PorHerramienta'!$L$2:$L$2848,$AE159,'B-PorHerramienta'!$F$2:$F$2848,"<>")=0,"",ROUND(SUMIFS(INDEX('B-PorHerramienta'!$F$2:$I$2848,0,$AH$6),'B-PorHerramienta'!$A$2:$A$2848,I$8,'B-PorHerramienta'!$J$2:$J$2848,$AC159,'B-PorHerramienta'!$K$2:$K$2848,$AD159,'B-PorHerramienta'!$L$2:$L$2848,$AE159)*$AI$6,$AJ$6)) | J159: =IF(COUNTIFS('B-PorHerramienta'!$A$2:$A$2848,J$8,'B-PorHerramienta'!$J$2:$J$2848,$AC159,'B-PorHerramienta'!$K$2:$K$2848,$AD159,'B-PorHerramienta'!$L$2:$L$2848,$AE159,'B-PorHerramienta'!$F$2:$F$2848,"<>")=0,"",ROUND(SUMIFS(INDEX('B-PorHerramienta'!$F$2:$I$2848,0,$AH$6),'B-PorHerramienta'!$A$2:$A$2848,J$8,'B-PorHerramienta'!$J$2:$J$2848,$AC159,'B-PorHerramienta'!$K$2:$K$2848,$AD159,'B-PorHerramienta'!$L$2:$L$2848,$AE159)*$AI$6,$AJ$6)) | ... Z159: =IF(COUNTIFS('B-PorHerramienta'!$A$2:$A$2848,Z$8,'B-PorHerramienta'!$J$2:$J$2848,$AC159,'B-PorHerramienta'!$K$2:$K$2848,$AD159,'B-PorHerramienta'!$L$2:$L$2848,$AE159,'B-PorHerramienta'!$F$2:$F$2848,"<>")=0,"",ROUND(SUMIFS(INDEX('B-PorHerramienta'!$F$2:$I$2848,0,$AH$6),'B-PorHerramienta'!$A$2:$A$2848,Z$8,'B-PorHerramienta'!$J$2:$J$2848,$AC159,'B-PorHerramienta'!$K$2:$K$2848,$AD159,'B-PorHerramienta'!$L$2:$L$2848,$AE159)*$AI$6,$AJ$6)) | AB159: 2 | AC159: Estímulos fiscales | AD159: Ley de Ingresos de la Federación o decretos presidenciales | AE159: R0568
A160: Condonación de Recargos y Multas en el Pago Extemporáneo por un Mes del ISTUV de 2002 | B160: 83 | C160: =IF(COUNTIFS('B-PorHerramienta'!$A$2:$A$2848,C$8,'B-PorHerramienta'!$J$2:$J$2848,$AC160,'B-PorHerramienta'!$K$2:$K$2848,$AD160,'B-PorHerramienta'!$L$2:$L$2848,$AE160,'B-PorHerramienta'!$F$2:$F$2848,"<>")=0,"",ROUND(SUMIFS(INDEX('B-PorHerramienta'!$F$2:$I$2848,0,$AH$6),'B-PorHerramienta'!$A$2:$A$2848,C$8,'B-PorHerramienta'!$J$2:$J$2848,$AC160,'B-PorHerramienta'!$K$2:$K$2848,$AD160,'B-PorHerramienta'!$L$2:$L$2848,$AE160)*$AI$6,$AJ$6)) -> 0.0004 | D160: =IF(COUNTIFS('B-PorHerramienta'!$A$2:$A$2848,D$8,'B-PorHerramienta'!$J$2:$J$2848,$AC160,'B-PorHerramienta'!$K$2:$K$2848,$AD160,'B-PorHerramienta'!$L$2:$L$2848,$AE160,'B-PorHerramienta'!$F$2:$F$2848,"<>")=0,"",ROUND(SUMIFS(INDEX('B-PorHerramienta'!$F$2:$I$2848,0,$AH$6),'B-PorHerramienta'!$A$2:$A$2848,D$8,'B-PorHerramienta'!$J$2:$J$2848,$AC160,'B-PorHerramienta'!$K$2:$K$2848,$AD160,'B-PorHerramienta'!$L$2:$L$2848,$AE160)*$AI$6,$AJ$6)) | E160: =IF(COUNTIFS('B-PorHerramienta'!$A$2:$A$2848,E$8,'B-PorHerramienta'!$J$2:$J$2848,$AC160,'B-PorHerramienta'!$K$2:$K$2848,$AD160,'B-PorHerramienta'!$L$2:$L$2848,$AE160,'B-PorHerramienta'!$F$2:$F$2848,"<>")=0,"",ROUND(SUMIFS(INDEX('B-PorHerramienta'!$F$2:$I$2848,0,$AH$6),'B-PorHerramienta'!$A$2:$A$2848,E$8,'B-PorHerramienta'!$J$2:$J$2848,$AC160,'B-PorHerramienta'!$K$2:$K$2848,$AD160,'B-PorHerramienta'!$L$2:$L$2848,$AE160)*$AI$6,$AJ$6)) | F160: =IF(COUNTIFS('B-PorHerramienta'!$A$2:$A$2848,F$8,'B-PorHerramienta'!$J$2:$J$2848,$AC160,'B-PorHerramienta'!$K$2:$K$2848,$AD160,'B-PorHerramienta'!$L$2:$L$2848,$AE160,'B-PorHerramienta'!$F$2:$F$2848,"<>")=0,"",ROUND(SUMIFS(INDEX('B-PorHerramienta'!$F$2:$I$2848,0,$AH$6),'B-PorHerramienta'!$A$2:$A$2848,F$8,'B-PorHerramienta'!$J$2:$J$2848,$AC160,'B-PorHerramienta'!$K$2:$K$2848,$AD160,'B-PorHerramienta'!$L$2:$L$2848,$AE160)*$AI$6,$AJ$6)) | G160: =IF(COUNTIFS('B-PorHerramienta'!$A$2:$A$2848,G$8,'B-PorHerramienta'!$J$2:$J$2848,$AC160,'B-PorHerramienta'!$K$2:$K$2848,$AD160,'B-PorHerramienta'!$L$2:$L$2848,$AE160,'B-PorHerramienta'!$F$2:$F$2848,"<>")=0,"",ROUND(SUMIFS(INDEX('B-PorHerramienta'!$F$2:$I$2848,0,$AH$6),'B-PorHerramienta'!$A$2:$A$2848,G$8,'B-PorHerramienta'!$J$2:$J$2848,$AC160,'B-PorHerramienta'!$K$2:$K$2848,$AD160,'B-PorHerramienta'!$L$2:$L$2848,$AE160)*$AI$6,$AJ$6)) | H160: =IF(COUNTIFS('B-PorHerramienta'!$A$2:$A$2848,H$8,'B-PorHerramienta'!$J$2:$J$2848,$AC160,'B-PorHerramienta'!$K$2:$K$2848,$AD160,'B-PorHerramienta'!$L$2:$L$2848,$AE160,'B-PorHerramienta'!$F$2:$F$2848,"<>")=0,"",ROUND(SUMIFS(INDEX('B-PorHerramienta'!$F$2:$I$2848,0,$AH$6),'B-PorHerramienta'!$A$2:$A$2848,H$8,'B-PorHerramienta'!$J$2:$J$2848,$AC160,'B-PorHerramienta'!$K$2:$K$2848,$AD160,'B-PorHerramienta'!$L$2:$L$2848,$AE160)*$AI$6,$AJ$6)) | I160: =IF(COUNTIFS('B-PorHerramienta'!$A$2:$A$2848,I$8,'B-PorHerramienta'!$J$2:$J$2848,$AC160,'B-PorHerramienta'!$K$2:$K$2848,$AD160,'B-PorHerramienta'!$L$2:$L$2848,$AE160,'B-PorHerramienta'!$F$2:$F$2848,"<>")=0,"",ROUND(SUMIFS(INDEX('B-PorHerramienta'!$F$2:$I$2848,0,$AH$6),'B-PorHerramienta'!$A$2:$A$2848,I$8,'B-PorHerramienta'!$J$2:$J$2848,$AC160,'B-PorHerramienta'!$K$2:$K$2848,$AD160,'B-PorHerramienta'!$L$2:$L$2848,$AE160)*$AI$6,$AJ$6)) | J160: =IF(COUNTIFS('B-PorHerramienta'!$A$2:$A$2848,J$8,'B-PorHerramienta'!$J$2:$J$2848,$AC160,'B-PorHerramienta'!$K$2:$K$2848,$AD160,'B-PorHerramienta'!$L$2:$L$2848,$AE160,'B-PorHerramienta'!$F$2:$F$2848,"<>")=0,"",ROUND(SUMIFS(INDEX('B-PorHerramienta'!$F$2:$I$2848,0,$AH$6),'B-PorHerramienta'!$A$2:$A$2848,J$8,'B-PorHerramienta'!$J$2:$J$2848,$AC160,'B-PorHerramienta'!$K$2:$K$2848,$AD160,'B-PorHerramienta'!$L$2:$L$2848,$AE160)*$AI$6,$AJ$6)) | ... Z160: =IF(COUNTIFS('B-PorHerramienta'!$A$2:$A$2848,Z$8,'B-PorHerramienta'!$J$2:$J$2848,$AC160,'B-PorHerramienta'!$K$2:$K$2848,$AD160,'B-PorHerramienta'!$L$2:$L$2848,$AE160,'B-PorHerramienta'!$F$2:$F$2848,"<>")=0,"",ROUND(SUMIFS(INDEX('B-PorHerramienta'!$F$2:$I$2848,0,$AH$6),'B-PorHerramienta'!$A$2:$A$2848,Z$8,'B-PorHerramienta'!$J$2:$J$2848,$AC160,'B-PorHerramienta'!$K$2:$K$2848,$AD160,'B-PorHerramienta'!$L$2:$L$2848,$AE160)*$AI$6,$AJ$6)) | AB160: 2 | AC160: Estímulos fiscales | AD160: Ley de Ingresos de la Federación o decretos presidenciales | AE160: R0569
A161: Estímulos para Inversiones en el Centro Histórico de la Ciudad de México: Deducción Inmediata al 100% en Inversiones en Bienes Inmuebles; Costo de al menos 40% del Precio del Inmueble Enajenado para su Restauración o Rehabilitación; y Reducción por 5 Años de 90% en la Base del IMPAC de los Inmuebles Restaurados o Rehabilitados | B161: 84 | C161: =IF(COUNTIFS('B-PorHerramienta'!$A$2:$A$2848,C$8,'B-PorHerramienta'!$J$2:$J$2848,$AC161,'B-PorHerramienta'!$K$2:$K$2848,$AD161,'B-PorHerramienta'!$L$2:$L$2848,$AE161,'B-PorHerramienta'!$F$2:$F$2848,"<>")=0,"",ROUND(SUMIFS(INDEX('B-PorHerramienta'!$F$2:$I$2848,0,$AH$6),'B-PorHerramienta'!$A$2:$A$2848,C$8,'B-PorHerramienta'!$J$2:$J$2848,$AC161,'B-PorHerramienta'!$K$2:$K$2848,$AD161,'B-PorHerramienta'!$L$2:$L$2848,$AE161)*$AI$6,$AJ$6)) | D161: =IF(COUNTIFS('B-PorHerramienta'!$A$2:$A$2848,D$8,'B-PorHerramienta'!$J$2:$J$2848,$AC161,'B-PorHerramienta'!$K$2:$K$2848,$AD161,'B-PorHerramienta'!$L$2:$L$2848,$AE161,'B-PorHerramienta'!$F$2:$F$2848,"<>")=0,"",ROUND(SUMIFS(INDEX('B-PorHerramienta'!$F$2:$I$2848,0,$AH$6),'B-PorHerramienta'!$A$2:$A$2848,D$8,'B-PorHerramienta'!$J$2:$J$2848,$AC161,'B-PorHerramienta'!$K$2:$K$2848,$AD161,'B-PorHerramienta'!$L$2:$L$2848,$AE161)*$AI$6,$AJ$6)) | E161: =IF(COUNTIFS('B-PorHerramienta'!$A$2:$A$2848,E$8,'B-PorHerramienta'!$J$2:$J$2848,$AC161,'B-PorHerramienta'!$K$2:$K$2848,$AD161,'B-PorHerramienta'!$L$2:$L$2848,$AE161,'B-PorHerramienta'!$F$2:$F$2848,"<>")=0,"",ROUND(SUMIFS(INDEX('B-PorHerramienta'!$F$2:$I$2848,0,$AH$6),'B-PorHerramienta'!$A$2:$A$2848,E$8,'B-PorHerramienta'!$J$2:$J$2848,$AC161,'B-PorHerramienta'!$K$2:$K$2848,$AD161,'B-PorHerramienta'!$L$2:$L$2848,$AE161)*$AI$6,$AJ$6)) | F161: =IF(COUNTIFS('B-PorHerramienta'!$A$2:$A$2848,F$8,'B-PorHerramienta'!$J$2:$J$2848,$AC161,'B-PorHerramienta'!$K$2:$K$2848,$AD161,'B-PorHerramienta'!$L$2:$L$2848,$AE161,'B-PorHerramienta'!$F$2:$F$2848,"<>")=0,"",ROUND(SUMIFS(INDEX('B-PorHerramienta'!$F$2:$I$2848,0,$AH$6),'B-PorHerramienta'!$A$2:$A$2848,F$8,'B-PorHerramienta'!$J$2:$J$2848,$AC161,'B-PorHerramienta'!$K$2:$K$2848,$AD161,'B-PorHerramienta'!$L$2:$L$2848,$AE161)*$AI$6,$AJ$6)) | G161: =IF(COUNTIFS('B-PorHerramienta'!$A$2:$A$2848,G$8,'B-PorHerramienta'!$J$2:$J$2848,$AC161,'B-PorHerramienta'!$K$2:$K$2848,$AD161,'B-PorHerramienta'!$L$2:$L$2848,$AE161,'B-PorHerramienta'!$F$2:$F$2848,"<>")=0,"",ROUND(SUMIFS(INDEX('B-PorHerramienta'!$F$2:$I$2848,0,$AH$6),'B-PorHerramienta'!$A$2:$A$2848,G$8,'B-PorHerramienta'!$J$2:$J$2848,$AC161,'B-PorHerramienta'!$K$2:$K$2848,$AD161,'B-PorHerramienta'!$L$2:$L$2848,$AE161)*$AI$6,$AJ$6)) | H161: =IF(COUNTIFS('B-PorHerramienta'!$A$2:$A$2848,H$8,'B-PorHerramienta'!$J$2:$J$2848,$AC161,'B-PorHerramienta'!$K$2:$K$2848,$AD161,'B-PorHerramienta'!$L$2:$L$2848,$AE161,'B-PorHerramienta'!$F$2:$F$2848,"<>")=0,"",ROUND(SUMIFS(INDEX('B-PorHerramienta'!$F$2:$I$2848,0,$AH$6),'B-PorHerramienta'!$A$2:$A$2848,H$8,'B-PorHerramienta'!$J$2:$J$2848,$AC161,'B-PorHerramienta'!$K$2:$K$2848,$AD161,'B-PorHerramienta'!$L$2:$L$2848,$AE161)*$AI$6,$AJ$6)) | I161: =IF(COUNTIFS('B-PorHerramienta'!$A$2:$A$2848,I$8,'B-PorHerramienta'!$J$2:$J$2848,$AC161,'B-PorHerramienta'!$K$2:$K$2848,$AD161,'B-PorHerramienta'!$L$2:$L$2848,$AE161,'B-PorHerramienta'!$F$2:$F$2848,"<>")=0,"",ROUND(SUMIFS(INDEX('B-PorHerramienta'!$F$2:$I$2848,0,$AH$6),'B-PorHerramienta'!$A$2:$A$2848,I$8,'B-PorHerramienta'!$J$2:$J$2848,$AC161,'B-PorHerramienta'!$K$2:$K$2848,$AD161,'B-PorHerramienta'!$L$2:$L$2848,$AE161)*$AI$6,$AJ$6)) | J161: =IF(COUNTIFS('B-PorHerramienta'!$A$2:$A$2848,J$8,'B-PorHerramienta'!$J$2:$J$2848,$AC161,'B-PorHerramienta'!$K$2:$K$2848,$AD161,'B-PorHerramienta'!$L$2:$L$2848,$AE161,'B-PorHerramienta'!$F$2:$F$2848,"<>")=0,"",ROUND(SUMIFS(INDEX('B-PorHerramienta'!$F$2:$I$2848,0,$AH$6),'B-PorHerramienta'!$A$2:$A$2848,J$8,'B-PorHerramienta'!$J$2:$J$2848,$AC161,'B-PorHerramienta'!$K$2:$K$2848,$AD161,'B-PorHerramienta'!$L$2:$L$2848,$AE161)*$AI$6,$AJ$6)) | ... Z161: =IF(COUNTIFS('B-PorHerramienta'!$A$2:$A$2848,Z$8,'B-PorHerramienta'!$J$2:$J$2848,$AC161,'B-PorHerramienta'!$K$2:$K$2848,$AD161,'B-PorHerramienta'!$L$2:$L$2848,$AE161,'B-PorHerramienta'!$F$2:$F$2848,"<>")=0,"",ROUND(SUMIFS(INDEX('B-PorHerramienta'!$F$2:$I$2848,0,$AH$6),'B-PorHerramienta'!$A$2:$A$2848,Z$8,'B-PorHerramienta'!$J$2:$J$2848,$AC161,'B-PorHerramienta'!$K$2:$K$2848,$AD161,'B-PorHerramienta'!$L$2:$L$2848,$AE161)*$AI$6,$AJ$6)) | AB161: 2 | AC161: Estímulos fiscales | AD161: Ley de Ingresos de la Federación o decretos presidenciales | AE161: R0570
A162: Acreditamiento del IEPS de Diésel al Sector Agrícola, Ganadero y Pesquero; Sector Silvícola; y Otros Sectores | B162: 85 | C162: =IF(COUNTIFS('B-PorHerramienta'!$A$2:$A$2848,C$8,'B-PorHerramienta'!$J$2:$J$2848,$AC162,'B-PorHerramienta'!$K$2:$K$2848,$AD162,'B-PorHerramienta'!$L$2:$L$2848,$AE162,'B-PorHerramienta'!$F$2:$F$2848,"<>")=0,"",ROUND(SUMIFS(INDEX('B-PorHerramienta'!$F$2:$I$2848,0,$AH$6),'B-PorHerramienta'!$A$2:$A$2848,C$8,'B-PorHerramienta'!$J$2:$J$2848,$AC162,'B-PorHerramienta'!$K$2:$K$2848,$AD162,'B-PorHerramienta'!$L$2:$L$2848,$AE162)*$AI$6,$AJ$6)) | D162: =IF(COUNTIFS('B-PorHerramienta'!$A$2:$A$2848,D$8,'B-PorHerramienta'!$J$2:$J$2848,$AC162,'B-PorHerramienta'!$K$2:$K$2848,$AD162,'B-PorHerramienta'!$L$2:$L$2848,$AE162,'B-PorHerramienta'!$F$2:$F$2848,"<>")=0,"",ROUND(SUMIFS(INDEX('B-PorHerramienta'!$F$2:$I$2848,0,$AH$6),'B-PorHerramienta'!$A$2:$A$2848,D$8,'B-PorHerramienta'!$J$2:$J$2848,$AC162,'B-PorHerramienta'!$K$2:$K$2848,$AD162,'B-PorHerramienta'!$L$2:$L$2848,$AE162)*$AI$6,$AJ$6)) | E162: =IF(COUNTIFS('B-PorHerramienta'!$A$2:$A$2848,E$8,'B-PorHerramienta'!$J$2:$J$2848,$AC162,'B-PorHerramienta'!$K$2:$K$2848,$AD162,'B-PorHerramienta'!$L$2:$L$2848,$AE162,'B-PorHerramienta'!$F$2:$F$2848,"<>")=0,"",ROUND(SUMIFS(INDEX('B-PorHerramienta'!$F$2:$I$2848,0,$AH$6),'B-PorHerramienta'!$A$2:$A$2848,E$8,'B-PorHerramienta'!$J$2:$J$2848,$AC162,'B-PorHerramienta'!$K$2:$K$2848,$AD162,'B-PorHerramienta'!$L$2:$L$2848,$AE162)*$AI$6,$AJ$6)) | F162: =IF(COUNTIFS('B-PorHerramienta'!$A$2:$A$2848,F$8,'B-PorHerramienta'!$J$2:$J$2848,$AC162,'B-PorHerramienta'!$K$2:$K$2848,$AD162,'B-PorHerramienta'!$L$2:$L$2848,$AE162,'B-PorHerramienta'!$F$2:$F$2848,"<>")=0,"",ROUND(SUMIFS(INDEX('B-PorHerramienta'!$F$2:$I$2848,0,$AH$6),'B-PorHerramienta'!$A$2:$A$2848,F$8,'B-PorHerramienta'!$J$2:$J$2848,$AC162,'B-PorHerramienta'!$K$2:$K$2848,$AD162,'B-PorHerramienta'!$L$2:$L$2848,$AE162)*$AI$6,$AJ$6)) | G162: =IF(COUNTIFS('B-PorHerramienta'!$A$2:$A$2848,G$8,'B-PorHerramienta'!$J$2:$J$2848,$AC162,'B-PorHerramienta'!$K$2:$K$2848,$AD162,'B-PorHerramienta'!$L$2:$L$2848,$AE162,'B-PorHerramienta'!$F$2:$F$2848,"<>")=0,"",ROUND(SUMIFS(INDEX('B-PorHerramienta'!$F$2:$I$2848,0,$AH$6),'B-PorHerramienta'!$A$2:$A$2848,G$8,'B-PorHerramienta'!$J$2:$J$2848,$AC162,'B-PorHerramienta'!$K$2:$K$2848,$AD162,'B-PorHerramienta'!$L$2:$L$2848,$AE162)*$AI$6,$AJ$6)) | H162: =IF(COUNTIFS('B-PorHerramienta'!$A$2:$A$2848,H$8,'B-PorHerramienta'!$J$2:$J$2848,$AC162,'B-PorHerramienta'!$K$2:$K$2848,$AD162,'B-PorHerramienta'!$L$2:$L$2848,$AE162,'B-PorHerramienta'!$F$2:$F$2848,"<>")=0,"",ROUND(SUMIFS(INDEX('B-PorHerramienta'!$F$2:$I$2848,0,$AH$6),'B-PorHerramienta'!$A$2:$A$2848,H$8,'B-PorHerramienta'!$J$2:$J$2848,$AC162,'B-PorHerramienta'!$K$2:$K$2848,$AD162,'B-PorHerramienta'!$L$2:$L$2848,$AE162)*$AI$6,$AJ$6)) | I162: =IF(COUNTIFS('B-PorHerramienta'!$A$2:$A$2848,I$8,'B-PorHerramienta'!$J$2:$J$2848,$AC162,'B-PorHerramienta'!$K$2:$K$2848,$AD162,'B-PorHerramienta'!$L$2:$L$2848,$AE162,'B-PorHerramienta'!$F$2:$F$2848,"<>")=0,"",ROUND(SUMIFS(INDEX('B-PorHerramienta'!$F$2:$I$2848,0,$AH$6),'B-PorHerramienta'!$A$2:$A$2848,I$8,'B-PorHerramienta'!$J$2:$J$2848,$AC162,'B-PorHerramienta'!$K$2:$K$2848,$AD162,'B-PorHerramienta'!$L$2:$L$2848,$AE162)*$AI$6,$AJ$6)) | J162: =IF(COUNTIFS('B-PorHerramienta'!$A$2:$A$2848,J$8,'B-PorHerramienta'!$J$2:$J$2848,$AC162,'B-PorHerramienta'!$K$2:$K$2848,$AD162,'B-PorHerramienta'!$L$2:$L$2848,$AE162,'B-PorHerramienta'!$F$2:$F$2848,"<>")=0,"",ROUND(SUMIFS(INDEX('B-PorHerramienta'!$F$2:$I$2848,0,$AH$6),'B-PorHerramienta'!$A$2:$A$2848,J$8,'B-PorHerramienta'!$J$2:$J$2848,$AC162,'B-PorHerramienta'!$K$2:$K$2848,$AD162,'B-PorHerramienta'!$L$2:$L$2848,$AE162)*$AI$6,$AJ$6)) | ... Z162: =IF(COUNTIFS('B-PorHerramienta'!$A$2:$A$2848,Z$8,'B-PorHerramienta'!$J$2:$J$2848,$AC162,'B-PorHerramienta'!$K$2:$K$2848,$AD162,'B-PorHerramienta'!$L$2:$L$2848,$AE162,'B-PorHerramienta'!$F$2:$F$2848,"<>")=0,"",ROUND(SUMIFS(INDEX('B-PorHerramienta'!$F$2:$I$2848,0,$AH$6),'B-PorHerramienta'!$A$2:$A$2848,Z$8,'B-PorHerramienta'!$J$2:$J$2848,$AC162,'B-PorHerramienta'!$K$2:$K$2848,$AD162,'B-PorHerramienta'!$L$2:$L$2848,$AE162)*$AI$6,$AJ$6)) | AB162: 2 | AC162: Estímulos fiscales | AD162: Ley de Ingresos de la Federación o decretos presidenciales | AE162: R0571
A163: Acreditamiento de 25% del IEPS del Diésel para los Autotransportistas | B163: 86 | C163: =IF(COUNTIFS('B-PorHerramienta'!$A$2:$A$2848,C$8,'B-PorHerramienta'!$J$2:$J$2848,$AC163,'B-PorHerramienta'!$K$2:$K$2848,$AD163,'B-PorHerramienta'!$L$2:$L$2848,$AE163,'B-PorHerramienta'!$F$2:$F$2848,"<>")=0,"",ROUND(SUMIFS(INDEX('B-PorHerramienta'!$F$2:$I$2848,0,$AH$6),'B-PorHerramienta'!$A$2:$A$2848,C$8,'B-PorHerramienta'!$J$2:$J$2848,$AC163,'B-PorHerramienta'!$K$2:$K$2848,$AD163,'B-PorHerramienta'!$L$2:$L$2848,$AE163)*$AI$6,$AJ$6)) | D163: =IF(COUNTIFS('B-PorHerramienta'!$A$2:$A$2848,D$8,'B-PorHerramienta'!$J$2:$J$2848,$AC163,'B-PorHerramienta'!$K$2:$K$2848,$AD163,'B-PorHerramienta'!$L$2:$L$2848,$AE163,'B-PorHerramienta'!$F$2:$F$2848,"<>")=0,"",ROUND(SUMIFS(INDEX('B-PorHerramienta'!$F$2:$I$2848,0,$AH$6),'B-PorHerramienta'!$A$2:$A$2848,D$8,'B-PorHerramienta'!$J$2:$J$2848,$AC163,'B-PorHerramienta'!$K$2:$K$2848,$AD163,'B-PorHerramienta'!$L$2:$L$2848,$AE163)*$AI$6,$AJ$6)) | E163: =IF(COUNTIFS('B-PorHerramienta'!$A$2:$A$2848,E$8,'B-PorHerramienta'!$J$2:$J$2848,$AC163,'B-PorHerramienta'!$K$2:$K$2848,$AD163,'B-PorHerramienta'!$L$2:$L$2848,$AE163,'B-PorHerramienta'!$F$2:$F$2848,"<>")=0,"",ROUND(SUMIFS(INDEX('B-PorHerramienta'!$F$2:$I$2848,0,$AH$6),'B-PorHerramienta'!$A$2:$A$2848,E$8,'B-PorHerramienta'!$J$2:$J$2848,$AC163,'B-PorHerramienta'!$K$2:$K$2848,$AD163,'B-PorHerramienta'!$L$2:$L$2848,$AE163)*$AI$6,$AJ$6)) | F163: =IF(COUNTIFS('B-PorHerramienta'!$A$2:$A$2848,F$8,'B-PorHerramienta'!$J$2:$J$2848,$AC163,'B-PorHerramienta'!$K$2:$K$2848,$AD163,'B-PorHerramienta'!$L$2:$L$2848,$AE163,'B-PorHerramienta'!$F$2:$F$2848,"<>")=0,"",ROUND(SUMIFS(INDEX('B-PorHerramienta'!$F$2:$I$2848,0,$AH$6),'B-PorHerramienta'!$A$2:$A$2848,F$8,'B-PorHerramienta'!$J$2:$J$2848,$AC163,'B-PorHerramienta'!$K$2:$K$2848,$AD163,'B-PorHerramienta'!$L$2:$L$2848,$AE163)*$AI$6,$AJ$6)) | G163: =IF(COUNTIFS('B-PorHerramienta'!$A$2:$A$2848,G$8,'B-PorHerramienta'!$J$2:$J$2848,$AC163,'B-PorHerramienta'!$K$2:$K$2848,$AD163,'B-PorHerramienta'!$L$2:$L$2848,$AE163,'B-PorHerramienta'!$F$2:$F$2848,"<>")=0,"",ROUND(SUMIFS(INDEX('B-PorHerramienta'!$F$2:$I$2848,0,$AH$6),'B-PorHerramienta'!$A$2:$A$2848,G$8,'B-PorHerramienta'!$J$2:$J$2848,$AC163,'B-PorHerramienta'!$K$2:$K$2848,$AD163,'B-PorHerramienta'!$L$2:$L$2848,$AE163)*$AI$6,$AJ$6)) | H163: =IF(COUNTIFS('B-PorHerramienta'!$A$2:$A$2848,H$8,'B-PorHerramienta'!$J$2:$J$2848,$AC163,'B-PorHerramienta'!$K$2:$K$2848,$AD163,'B-PorHerramienta'!$L$2:$L$2848,$AE163,'B-PorHerramienta'!$F$2:$F$2848,"<>")=0,"",ROUND(SUMIFS(INDEX('B-PorHerramienta'!$F$2:$I$2848,0,$AH$6),'B-PorHerramienta'!$A$2:$A$2848,H$8,'B-PorHerramienta'!$J$2:$J$2848,$AC163,'B-PorHerramienta'!$K$2:$K$2848,$AD163,'B-PorHerramienta'!$L$2:$L$2848,$AE163)*$AI$6,$AJ$6)) | I163: =IF(COUNTIFS('B-PorHerramienta'!$A$2:$A$2848,I$8,'B-PorHerramienta'!$J$2:$J$2848,$AC163,'B-PorHerramienta'!$K$2:$K$2848,$AD163,'B-PorHerramienta'!$L$2:$L$2848,$AE163,'B-PorHerramienta'!$F$2:$F$2848,"<>")=0,"",ROUND(SUMIFS(INDEX('B-PorHerramienta'!$F$2:$I$2848,0,$AH$6),'B-PorHerramienta'!$A$2:$A$2848,I$8,'B-PorHerramienta'!$J$2:$J$2848,$AC163,'B-PorHerramienta'!$K$2:$K$2848,$AD163,'B-PorHerramienta'!$L$2:$L$2848,$AE163)*$AI$6,$AJ$6)) | J163: =IF(COUNTIFS('B-PorHerramienta'!$A$2:$A$2848,J$8,'B-PorHerramienta'!$J$2:$J$2848,$AC163,'B-PorHerramienta'!$K$2:$K$2848,$AD163,'B-PorHerramienta'!$L$2:$L$2848,$AE163,'B-PorHerramienta'!$F$2:$F$2848,"<>")=0,"",ROUND(SUMIFS(INDEX('B-PorHerramienta'!$F$2:$I$2848,0,$AH$6),'B-PorHerramienta'!$A$2:$A$2848,J$8,'B-PorHerramienta'!$J$2:$J$2848,$AC163,'B-PorHerramienta'!$K$2:$K$2848,$AD163,'B-PorHerramienta'!$L$2:$L$2848,$AE163)*$AI$6,$AJ$6)) | ... Z163: =IF(COUNTIFS('B-PorHerramienta'!$A$2:$A$2848,Z$8,'B-PorHerramienta'!$J$2:$J$2848,$AC163,'B-PorHerramienta'!$K$2:$K$2848,$AD163,'B-PorHerramienta'!$L$2:$L$2848,$AE163,'B-PorHerramienta'!$F$2:$F$2848,"<>")=0,"",ROUND(SUMIFS(INDEX('B-PorHerramienta'!$F$2:$I$2848,0,$AH$6),'B-PorHerramienta'!$A$2:$A$2848,Z$8,'B-PorHerramienta'!$J$2:$J$2848,$AC163,'B-PorHerramienta'!$K$2:$K$2848,$AD163,'B-PorHerramienta'!$L$2:$L$2848,$AE163)*$AI$6,$AJ$6)) | AB163: 2 | AC163: Estímulos fiscales | AD163: Ley de Ingresos de la Federación o decretos presidenciales | AE163: R0572
... A263: Estímulo Fiscal a las Entidades Federativas, los Municipios y las Demarcaciones Territoriales del Distrito Federal, Incluyendo a sus Organismos Descentralizados, Consistente en un Acreditamiento del 60% para el Ejercicio Fiscal de 2010 del Excedente de Comparar el Promedio Mensual del ISR Enterado de sus Trabajadores del Ejercicio Fiscal 2007 y el ISR a Enterar en el Mes que se Trate, Cuando Este Último Monto Sea Mayor | B263: 109 | C263: =IF(COUNTIFS('B-PorHerramienta'!$A$2:$A$2848,C$8,'B-PorHerramienta'!$J$2:$J$2848,$AC263,'B-PorHerramienta'!$K$2:$K$2848,$AD263,'B-PorHerramienta'!$L$2:$L$2848,$AE263,'B-PorHerramienta'!$F$2:$F$2848,"<>")=0,"",ROUND(SUMIFS(INDEX('B-PorHerramienta'!$F$2:$I$2848,0,$AH$6),'B-PorHerramienta'!$A$2:$A$2848,C$8,'B-PorHerramienta'!$J$2:$J$2848,$AC263,'B-PorHerramienta'!$K$2:$K$2848,$AD263,'B-PorHerramienta'!$L$2:$L$2848,$AE263)*$AI$6,$AJ$6)) | D263: =IF(COUNTIFS('B-PorHerramienta'!$A$2:$A$2848,D$8,'B-PorHerramienta'!$J$2:$J$2848,$AC263,'B-PorHerramienta'!$K$2:$K$2848,$AD263,'B-PorHerramienta'!$L$2:$L$2848,$AE263,'B-PorHerramienta'!$F$2:$F$2848,"<>")=0,"",ROUND(SUMIFS(INDEX('B-PorHerramienta'!$F$2:$I$2848,0,$AH$6),'B-PorHerramienta'!$A$2:$A$2848,D$8,'B-PorHerramienta'!$J$2:$J$2848,$AC263,'B-PorHerramienta'!$K$2:$K$2848,$AD263,'B-PorHerramienta'!$L$2:$L$2848,$AE263)*$AI$6,$AJ$6)) | E263: =IF(COUNTIFS('B-PorHerramienta'!$A$2:$A$2848,E$8,'B-PorHerramienta'!$J$2:$J$2848,$AC263,'B-PorHerramienta'!$K$2:$K$2848,$AD263,'B-PorHerramienta'!$L$2:$L$2848,$AE263,'B-PorHerramienta'!$F$2:$F$2848,"<>")=0,"",ROUND(SUMIFS(INDEX('B-PorHerramienta'!$F$2:$I$2848,0,$AH$6),'B-PorHerramienta'!$A$2:$A$2848,E$8,'B-PorHerramienta'!$J$2:$J$2848,$AC263,'B-PorHerramienta'!$K$2:$K$2848,$AD263,'B-PorHerramienta'!$L$2:$L$2848,$AE263)*$AI$6,$AJ$6)) | F263: =IF(COUNTIFS('B-PorHerramienta'!$A$2:$A$2848,F$8,'B-PorHerramienta'!$J$2:$J$2848,$AC263,'B-PorHerramienta'!$K$2:$K$2848,$AD263,'B-PorHerramienta'!$L$2:$L$2848,$AE263,'B-PorHerramienta'!$F$2:$F$2848,"<>")=0,"",ROUND(SUMIFS(INDEX('B-PorHerramienta'!$F$2:$I$2848,0,$AH$6),'B-PorHerramienta'!$A$2:$A$2848,F$8,'B-PorHerramienta'!$J$2:$J$2848,$AC263,'B-PorHerramienta'!$K$2:$K$2848,$AD263,'B-PorHerramienta'!$L$2:$L$2848,$AE263)*$AI$6,$AJ$6)) | G263: =IF(COUNTIFS('B-PorHerramienta'!$A$2:$A$2848,G$8,'B-PorHerramienta'!$J$2:$J$2848,$AC263,'B-PorHerramienta'!$K$2:$K$2848,$AD263,'B-PorHerramienta'!$L$2:$L$2848,$AE263,'B-PorHerramienta'!$F$2:$F$2848,"<>")=0,"",ROUND(SUMIFS(INDEX('B-PorHerramienta'!$F$2:$I$2848,0,$AH$6),'B-PorHerramienta'!$A$2:$A$2848,G$8,'B-PorHerramienta'!$J$2:$J$2848,$AC263,'B-PorHerramienta'!$K$2:$K$2848,$AD263,'B-PorHerramienta'!$L$2:$L$2848,$AE263)*$AI$6,$AJ$6)) | H263: =IF(COUNTIFS('B-PorHerramienta'!$A$2:$A$2848,H$8,'B-PorHerramienta'!$J$2:$J$2848,$AC263,'B-PorHerramienta'!$K$2:$K$2848,$AD263,'B-PorHerramienta'!$L$2:$L$2848,$AE263,'B-PorHerramienta'!$F$2:$F$2848,"<>")=0,"",ROUND(SUMIFS(INDEX('B-PorHerramienta'!$F$2:$I$2848,0,$AH$6),'B-PorHerramienta'!$A$2:$A$2848,H$8,'B-PorHerramienta'!$J$2:$J$2848,$AC263,'B-PorHerramienta'!$K$2:$K$2848,$AD263,'B-PorHerramienta'!$L$2:$L$2848,$AE263)*$AI$6,$AJ$6)) | I263: =IF(COUNTIFS('B-PorHerramienta'!$A$2:$A$2848,I$8,'B-PorHerramienta'!$J$2:$J$2848,$AC263,'B-PorHerramienta'!$K$2:$K$2848,$AD263,'B-PorHerramienta'!$L$2:$L$2848,$AE263,'B-PorHerramienta'!$F$2:$F$2848,"<>")=0,"",ROUND(SUMIFS(INDEX('B-PorHerramienta'!$F$2:$I$2848,0,$AH$6),'B-PorHerramienta'!$A$2:$A$2848,I$8,'B-PorHerramienta'!$J$2:$J$2848,$AC263,'B-PorHerramienta'!$K$2:$K$2848,$AD263,'B-PorHerramienta'!$L$2:$L$2848,$AE263)*$AI$6,$AJ$6)) | J263: =IF(COUNTIFS('B-PorHerramienta'!$A$2:$A$2848,J$8,'B-PorHerramienta'!$J$2:$J$2848,$AC263,'B-PorHerramienta'!$K$2:$K$2848,$AD263,'B-PorHerramienta'!$L$2:$L$2848,$AE263,'B-PorHerramienta'!$F$2:$F$2848,"<>")=0,"",ROUND(SUMIFS(INDEX('B-PorHerramienta'!$F$2:$I$2848,0,$AH$6),'B-PorHerramienta'!$A$2:$A$2848,J$8,'B-PorHerramienta'!$J$2:$J$2848,$AC263,'B-PorHerramienta'!$K$2:$K$2848,$AD263,'B-PorHerramienta'!$L$2:$L$2848,$AE263)*$AI$6,$AJ$6)) | ... Z263: =IF(COUNTIFS('B-PorHerramienta'!$A$2:$A$2848,Z$8,'B-PorHerramienta'!$J$2:$J$2848,$AC263,'B-PorHerramienta'!$K$2:$K$2848,$AD263,'B-PorHerramienta'!$L$2:$L$2848,$AE263,'B-PorHerramienta'!$F$2:$F$2848,"<>")=0,"",ROUND(SUMIFS(INDEX('B-PorHerramienta'!$F$2:$I$2848,0,$AH$6),'B-PorHerramienta'!$A$2:$A$2848,Z$8,'B-PorHerramienta'!$J$2:$J$2848,$AC263,'B-PorHerramienta'!$K$2:$K$2848,$AD263,'B-PorHerramienta'!$L$2:$L$2848,$AE263)*$AI$6,$AJ$6)) | AB263: 2 | AC263: Estímulos fiscales | AD263: Ley de Ingresos de la Federación o decretos presidenciales | AE263: R0672
A264: Otros estímulos fiscales | C264: =IF(COUNTIFS('B-PorHerramienta'!$A$2:$A$2848,C$8,'B-PorHerramienta'!$J$2:$J$2848,$AC264,'B-PorHerramienta'!$K$2:$K$2848,$AD264,'B-PorHerramienta'!$L$2:$L$2848,$AE264,'B-PorHerramienta'!$F$2:$F$2848,"<>")=0,"",ROUND(SUMIFS(INDEX('B-PorHerramienta'!$F$2:$I$2848,0,$AH$6),'B-PorHerramienta'!$A$2:$A$2848,C$8,'B-PorHerramienta'!$J$2:$J$2848,$AC264,'B-PorHerramienta'!$K$2:$K$2848,$AD264,'B-PorHerramienta'!$L$2:$L$2848,$AE264)*$AI$6,$AJ$6)) | D264: =IF(COUNTIFS('B-PorHerramienta'!$A$2:$A$2848,D$8,'B-PorHerramienta'!$J$2:$J$2848,$AC264,'B-PorHerramienta'!$K$2:$K$2848,$AD264,'B-PorHerramienta'!$L$2:$L$2848,$AE264,'B-PorHerramienta'!$F$2:$F$2848,"<>")=0,"",ROUND(SUMIFS(INDEX('B-PorHerramienta'!$F$2:$I$2848,0,$AH$6),'B-PorHerramienta'!$A$2:$A$2848,D$8,'B-PorHerramienta'!$J$2:$J$2848,$AC264,'B-PorHerramienta'!$K$2:$K$2848,$AD264,'B-PorHerramienta'!$L$2:$L$2848,$AE264)*$AI$6,$AJ$6)) | E264: =IF(COUNTIFS('B-PorHerramienta'!$A$2:$A$2848,E$8,'B-PorHerramienta'!$J$2:$J$2848,$AC264,'B-PorHerramienta'!$K$2:$K$2848,$AD264,'B-PorHerramienta'!$L$2:$L$2848,$AE264,'B-PorHerramienta'!$F$2:$F$2848,"<>")=0,"",ROUND(SUMIFS(INDEX('B-PorHerramienta'!$F$2:$I$2848,0,$AH$6),'B-PorHerramienta'!$A$2:$A$2848,E$8,'B-PorHerramienta'!$J$2:$J$2848,$AC264,'B-PorHerramienta'!$K$2:$K$2848,$AD264,'B-PorHerramienta'!$L$2:$L$2848,$AE264)*$AI$6,$AJ$6)) -> 0.154 | F264: =IF(COUNTIFS('B-PorHerramienta'!$A$2:$A$2848,F$8,'B-PorHerramienta'!$J$2:$J$2848,$AC264,'B-PorHerramienta'!$K$2:$K$2848,$AD264,'B-PorHerramienta'!$L$2:$L$2848,$AE264,'B-PorHerramienta'!$F$2:$F$2848,"<>")=0,"",ROUND(SUMIFS(INDEX('B-PorHerramienta'!$F$2:$I$2848,0,$AH$6),'B-PorHerramienta'!$A$2:$A$2848,F$8,'B-PorHerramienta'!$J$2:$J$2848,$AC264,'B-PorHerramienta'!$K$2:$K$2848,$AD264,'B-PorHerramienta'!$L$2:$L$2848,$AE264)*$AI$6,$AJ$6)) -> 0.1896 | G264: =IF(COUNTIFS('B-PorHerramienta'!$A$2:$A$2848,G$8,'B-PorHerramienta'!$J$2:$J$2848,$AC264,'B-PorHerramienta'!$K$2:$K$2848,$AD264,'B-PorHerramienta'!$L$2:$L$2848,$AE264,'B-PorHerramienta'!$F$2:$F$2848,"<>")=0,"",ROUND(SUMIFS(INDEX('B-PorHerramienta'!$F$2:$I$2848,0,$AH$6),'B-PorHerramienta'!$A$2:$A$2848,G$8,'B-PorHerramienta'!$J$2:$J$2848,$AC264,'B-PorHerramienta'!$K$2:$K$2848,$AD264,'B-PorHerramienta'!$L$2:$L$2848,$AE264)*$AI$6,$AJ$6)) | H264: =IF(COUNTIFS('B-PorHerramienta'!$A$2:$A$2848,H$8,'B-PorHerramienta'!$J$2:$J$2848,$AC264,'B-PorHerramienta'!$K$2:$K$2848,$AD264,'B-PorHerramienta'!$L$2:$L$2848,$AE264,'B-PorHerramienta'!$F$2:$F$2848,"<>")=0,"",ROUND(SUMIFS(INDEX('B-PorHerramienta'!$F$2:$I$2848,0,$AH$6),'B-PorHerramienta'!$A$2:$A$2848,H$8,'B-PorHerramienta'!$J$2:$J$2848,$AC264,'B-PorHerramienta'!$K$2:$K$2848,$AD264,'B-PorHerramienta'!$L$2:$L$2848,$AE264)*$AI$6,$AJ$6)) | I264: =IF(COUNTIFS('B-PorHerramienta'!$A$2:$A$2848,I$8,'B-PorHerramienta'!$J$2:$J$2848,$AC264,'B-PorHerramienta'!$K$2:$K$2848,$AD264,'B-PorHerramienta'!$L$2:$L$2848,$AE264,'B-PorHerramienta'!$F$2:$F$2848,"<>")=0,"",ROUND(SUMIFS(INDEX('B-PorHerramienta'!$F$2:$I$2848,0,$AH$6),'B-PorHerramienta'!$A$2:$A$2848,I$8,'B-PorHerramienta'!$J$2:$J$2848,$AC264,'B-PorHerramienta'!$K$2:$K$2848,$AD264,'B-PorHerramienta'!$L$2:$L$2848,$AE264)*$AI$6,$AJ$6)) | J264: =IF(COUNTIFS('B-PorHerramienta'!$A$2:$A$2848,J$8,'B-PorHerramienta'!$J$2:$J$2848,$AC264,'B-PorHerramienta'!$K$2:$K$2848,$AD264,'B-PorHerramienta'!$L$2:$L$2848,$AE264,'B-PorHerramienta'!$F$2:$F$2848,"<>")=0,"",ROUND(SUMIFS(INDEX('B-PorHerramienta'!$F$2:$I$2848,0,$AH$6),'B-PorHerramienta'!$A$2:$A$2848,J$8,'B-PorHerramienta'!$J$2:$J$2848,$AC264,'B-PorHerramienta'!$K$2:$K$2848,$AD264,'B-PorHerramienta'!$L$2:$L$2848,$AE264)*$AI$6,$AJ$6)) | ... Z264: =IF(COUNTIFS('B-PorHerramienta'!$A$2:$A$2848,Z$8,'B-PorHerramienta'!$J$2:$J$2848,$AC264,'B-PorHerramienta'!$K$2:$K$2848,$AD264,'B-PorHerramienta'!$L$2:$L$2848,$AE264,'B-PorHerramienta'!$F$2:$F$2848,"<>")=0,"",ROUND(SUMIFS(INDEX('B-PorHerramienta'!$F$2:$I$2848,0,$AH$6),'B-PorHerramienta'!$A$2:$A$2848,Z$8,'B-PorHerramienta'!$J$2:$J$2848,$AC264,'B-PorHerramienta'!$K$2:$K$2848,$AD264,'B-PorHerramienta'!$L$2:$L$2848,$AE264)*$AI$6,$AJ$6)) | AB264: 1 | AC264: Estímulos fiscales | AD264: Otros estímulos fiscales | AE264: *
